Workbook
Name Slicer_indicator_name: #N/A
Name Slicer_indicator_name1: #N/A
Name Slicer_total_points: #N/A
Name Slicer_total_points1: #N/A

Sheet Raw data
A1: id | B1: organisation_name | C1: organisation_code | D1: indicator_total_weighted_points | E1: indicator_id | F1: indicator_name | G1: indicator_category_name | H1: indicator_subcategory_name | I1: indicator_category_subcategory | J1: indicator_order | K1: indicator_weight | L1: iati_manual | M1: publication_format | N1: publication_format_points | O1: total_points | P1: iati_data_quality_passed | Q1: iati_data_quality_points | R1: iati_data_quality_frequency | S1: iati_data_quality_frequency_value | T1: iati_data_quality_frequency_multiplier | U1: iati_data_quality_total_points | V1: survey_publication_status | W1: survey_publication_status_value | X1: survey_ordinal_value | Y1: survey_publication_format | Z1: survey_publication_format_value | AA1: survey_total_points
A2: AT-8-dates-actual | B2: Austria, ADA | C2: AT-8 | D2: 0 | E2: dates-actual | F2: Actual dates | G2: activity | H2: basic | I2: activity-basic | J2: 17 | K2: 0.0163 | L2: manual | N2: 0 | O2: 0 | P2: 0 | Q2: 0 | S2: 1 | T2: 1 | U2: 0 | V2: not published | W2: 0 | Z2: 0 | AA2: 0
A3: AT-8-contact-details | B3: Austria, ADA | C3: AT-8 | D3: 0.543279 | E3: contact-details | F3: Contact details | G3: activity | H3: basic | I3: activity-basic | J3: 19 | K3: 0.0163 | L3: manual | M3: website | N3: 33.33 | O3: 33.33 | P3: 0 | Q3: 0 | S3: 1 | T3: 1 | U3: 0 | V3: always | W3: 1 | Y3: website | Z3: 33.33 | AA3: 33.33
A4: AT-8-current-status | B4: Austria, ADA | C4: AT-8 | D4: 0 | E4: current-status | F4: Current Status | G4: activity | H4: basic | I4: activity-basic | J4: 18 | K4: 0.0163 | L4: manual | N4: 0 | O4: 0 | P4: 0 | Q4: 0 | S4: 1 | T4: 1 | U4: 0 | V4: not published | W4: 0 | Z4: 0 | AA4: 0
A5: AT-8-description | B5: Austria, ADA | C5: AT-8 | D5: 0.543279 | E5: description | F5: Description | G5: activity | H5: basic | I5: activity-basic | J5: 15 | K5: 0.0163 | L5: manual | M5: website | N5: 33.33 | O5: 33.33 | P5: 0 | Q5: 0 | S5: 1 | T5: 1 | U5: 0 | V5: always | W5: 1 | Y5: website | Z5: 33.33 | AA5: 33.33
A6: AT-8-implementer | B6: Austria, ADA | C6: AT-8 | D6: 0.543279 | E6: implementer | F6: Implementer | G6: activity | H6: basic | I6: activity-basic | J6: 12 | K6: 0.0163 | L6: manual | M6: website | N6: 33.33 | O6: 33.33 | P6: 0 | Q6: 0 | S6: 1 | T6: 1 | U6: 0 | V6: always | W6: 1 | Y6: website | Z6: 33.33 | AA6: 33.33
A7: AT-8-dates-planned | B7: Austria, ADA | C7: AT-8 | D7: 0 | E7: dates-planned | F7: Planned dates | G7: activity | H7: basic | I7: activity-basic | J7: 16 | K7: 0.0163 | L7: manual | N7: 0 | O7: 0 | P7: 0 | Q7: 0 | S7: 1 | T7: 1 | U7: 0 | V7: not published | W7: 0 | Z7: 0 | AA7: 0
A8: AT-8-title | B8: Austria, ADA | C8: AT-8 | D8: 0.543279 | E8: title | F8: Title | G8: activity | H8: basic | I8: activity-basic | J8: 14 | K8: 0.0163 | L8: manual | M8: website | N8: 33.33 | O8: 33.33 | P8: 0 | Q8: 0 | S8: 1 | T8: 1 | U8: 0 | V8: always | W8: 1 | Y8: website | Z8: 33.33 | AA8: 33.33
A9: AT-8-unique-id | B9: Austria, ADA | C9: AT-8 | D9: 0.543279 | E9: unique-id | F9: Unique ID | G9: activity | H9: basic | I9: activity-basic | J9: 13 | K9: 0.0163 | L9: manual | M9: website | N9: 33.33 | O9: 33.33 | P9: 0 | Q9: 0 | S9: 1 | T9: 1 | U9: 0 | V9: always | W9: 1 | Y9: website | Z9: 33.33 | AA9: 33.33
A10: AT-8-aid-type | B10: Austria, ADA | C10: AT-8 | D10: 0 | E10: aid-type | F10: Aid Type | G10: activity | H10: classifications | I10: activity-classifications | J10: 22 | K10: 0.0186 | L10: manual | N10: 0 | O10: 0 | P10: 0 | Q10: 0 | S10: 1 | T10: 1 | U10: 0 | V10: not published | W10: 0 | Z10: 0 | AA10: 0
A11: AT-8-collaboration-type | B11: Austria, ADA | C11: AT-8 | D11: 0 | E11: collaboration-type | F11: Collaboration Type | G11: activity | H11: classifications | I11: activity-classifications | J11: 20 | K11: 0.0186 | L11: manual | N11: 0 | O11: 0 | P11: 0 | Q11: 0 | S11: 1 | T11: 1 | U11: 0 | V11: not published | W11: 0 | Z11: 0 | AA11: 0
A12: AT-8-finance-type | B12: Austria, ADA | C12: AT-8 | D12: 0 | E12: finance-type | F12: Finance Type | G12: activity | H12: classifications | I12: activity-classifications | J12: 23 | K12: 0.0186 | L12: manual | N12: 0 | O12: 0 | P12: 0 | Q12: 0 | S12: 1 | T12: 1 | U12: 0 | V12: not published | W12: 0 | Z12: 0 | AA12: 0
A13: AT-8-flow-type | B13: Austria, ADA | C13: AT-8 | D13: 0 | E13: flow-type | F13: Flow Type | G13: activity | H13: classifications | I13: activity-classifications | J13: 21 | K13: 0.0186 | L13: manual | N13: 0 | O13: 0 | P13: 0 | Q13: 0 | S13: 1 | T13: 1 | U13: 0 | V13: not published | W13: 0 | Z13: 0 | AA13: 0
A14: AT-8-sector | B14: Austria, ADA | C14: AT-8 | D14: 0 | E14: sector | F14: Sector | G14: activity | H14: classifications | I14: activity-classifications | J14: 24 | K14: 0.0186 | L14: manual | N14: 0 | O14: 0 | P14: 0 | Q14: 0 | S14: 1 | T14: 1 | U14: 0 | V14: not published | W14: 0 | Z14: 0 | AA14: 0
A15: AT-8-location | B15: Austria, ADA | C15: AT-8 | D15: 0 | E15: location | F15: Sub-national location | G15: activity | H15: classifications | I15: activity-classifications | J15: 25 | K15: 0.0186 | L15: manual | M15: website | N15: 0 | O15: 0 | P15: 0 | Q15: 0 | S15: 1 | T15: 1 | U15: 0 | V15: sometimes | W15: 0 | Y15: website | Z15: 33.33 | AA15: 0
A16: AT-8-tied-aid-status | B16: Austria, ADA | C16: AT-8 | D16: 0 | E16: tied-aid-status | F16: Tied Aid Status | G16: activity | H16: classifications | I16: activity-classifications | J16: 26 | K16: 0.0186 | L16: manual | N16: 0 | O16: 0 | P16: 0 | Q16: 0 | S16: 1 | T16: 1 | U16: 0 | V16: not published | W16: 0 | Z16: 0 | AA16: 0
A17: AT-8-expenditure-actual | B17: Austria, ADA | C17: AT-8 | D17: 0 | E17: expenditure-actual | F17: Disbursements and expenditure | G17: activity | H17: financial | I17: activity-financial | J17: 35 | K17: 0.0325 | L17: manual | N17: 0 | O17: 0 | P17: 0 | Q17: 0 | S17: 1 | T17: 1 | U17: 0 | V17: not published | W17: 0 | Z17: 0 | AA17: 0
A18: AT-8-cost-overall | B18: Austria, ADA | C18: AT-8 | D18: 0 | E18: cost-overall | F18: Budget | G18: activity | H18: financial | I18: activity-financial | J18: 33 | K18: 0.0325 | L18: manual | N18: 0 | O18: 0 | P18: 0 | Q18: 0 | S18: 1 | T18: 1 | U18: 0 | V18: not published | W18: 0 | Z18: 0 | AA18: 0
A19: AT-8-expenditure-planned | B19: Austria, ADA | C19: AT-8 | D19: 1.083225 | E19: expenditure-planned | F19: Commitments | G19: activity | H19: financial | I19: activity-financial | J19: 34 | K19: 0.0325 | L19: manual | M19: website | N19: 33.33 | O19: 33.33 | P19: 0 | Q19: 0 | S19: 1 | T19: 1 | U19: 0 | V19: always | W19: 1 | Y19: website | Z19: 33.33 | AA19: 33.33
A20: AT-8-budget-identifier | B20: Austria, ADA | C20: AT-8 | D20: 0 | E20: budget-identifier | F20: Budget Identifier | G20: activity | H20: financial | I20: activity-financial | J20: 36 | K20: 0.0325 | L20: manual | N20: 0 | O20: 0 | P20: 0 | Q20: 0 | S20: 1 | T20: 1 | U20: 0 | V20: not published | W20: 0 | Z20: 0 | AA20: 0
A21: AT-8-conditions | B21: Austria, ADA | C21: AT-8 | D21: 0 | E21: conditions | F21: Conditions | G21: activity | H21: performance | I21: activity-performance | J21: 39 | K21: 0.0433 | L21: manual | M21: document | N21: 0 | O21: 0 | P21: 0 | Q21: 0 | S21: 1 | T21: 1 | U21: 0 | V21: not published | W21: 0 | Y21: document | Z21: 50 | AA21: 0
A22: AT-8-impact-appraisals | B22: Austria, ADA | C22: AT-8 | D22: 0 | E22: impact-appraisals | F22: Impact Appraisals | G22: activity | H22: performance | I22: activity-performance | J22: 38 | K22: 0.0433 | L22: manual | M22: document | N22: 0 | O22: 0 | P22: 0 | Q22: 0 | S22: 1 | T22: 1 | U22: 0 | V22: not published | W22: 0 | Y22: document | Z22: 50 | AA22: 0
A23: AT-8-results | B23: Austria, ADA | C23: AT-8 | D23: 0 | E23: results | F23: Results | G23: activity | H23: performance | I23: activity-performance | J23: 37 | K23: 0.0433 | L23: manual | M23: pdf | N23: 0 | O23: 0 | P23: 0 | Q23: 0 | S23: 1 | T23: 1 | U23: 0 | V23: sometimes | W23: 0 | Y23: pdf | Z23: 16.665 | AA23: 0
A24: AT-8-budget | B24: Austria, ADA | C24: AT-8 | D24: 0 | E24: budget | F24: Budget Docs | G24: activity | H24: related-documents | I24: activity-related-documents | J24: 30 | K24: 0.0217 | L24: manual | M24: document | N24: 0 | O24: 0 | P24: 0 | Q24: 0 | S24: 1 | T24: 1 | U24: 0 | V24: not published | W24: 0 | Y24: document | Z24: 50 | AA24: 0
A25: AT-8-contracts | B25: Austria, ADA | C25: AT-8 | D25: 0 | E25: contracts | F25: Contracts | G25: activity | H25: related-documents | I25: activity-related-documents | J25: 31 | K25: 0.0217 | L25: manual | M25: document | N25: 0 | O25: 0 | P25: 0 | Q25: 0 | S25: 1 | T25: 1 | U25: 0 | V25: sometimes | W25: 0 | Y25: document | Z25: 50 | AA25: 0
A26: AT-8-evaluations | B26: Austria, ADA | C26: AT-8 | D26: 1.085 | E26: evaluations | F26: Evaluations | G26: activity | H26: related-documents | I26: activity-related-documents | J26: 28 | K26: 0.0217 | L26: manual | M26: document | N26: 50 | O26: 50 | P26: 0 | Q26: 0 | S26: 1 | T26: 1 | U26: 0 | V26: always | W26: 1 | Y26: document | Z26: 50 | AA26: 50
A27: AT-8-mou | B27: Austria, ADA | C27: AT-8 | D27: 0 | E27: mou | F27: MoU | G27: activity | H27: related-documents | I27: activity-related-documents | J27: 27 | K27: 0.0217 | L27: manual | M27: document | N27: 0 | O27: 0 | P27: 0 | Q27: 0 | S27: 1 | T27: 1 | U27: 0 | V27: not published | W27: 0 | Y27: document | Z27: 50 | AA27: 0
A28: AT-8-objectives | B28: Austria, ADA | C28: AT-8 | D28: 0 | E28: objectives | F28: Objectives | G28: activity | H28: related-documents | I28: activity-related-documents | J28: 29 | K28: 0.0217 | L28: manual | M28: document | N28: 0 | O28: 0 | P28: 0 | Q28: 0 | S28: 1 | T28: 1 | U28: 0 | V28: sometimes | W28: 0 | Y28: document | Z28: 50 | AA28: 0
A29: AT-8-tenders | B29: Austria, ADA | C29: AT-8 | D29: 1.085 | E29: tenders | F29: Tenders | G29: activity | H29: related-documents | I29: activity-related-documents | J29: 32 | K29: 0.0217 | L29: manual | M29: document | N29: 50 | O29: 50 | P29: 0 | Q29: 0 | S29: 1 | T29: 1 | U29: 0 | V29: always | W29: 1 | Y29: document | Z29: 50 | AA29: 50
A30: AT-8-audit | B30: Austria, ADA | C30: AT-8 | D30: 2.085 | E30: audit | F30: Audit | G30: organisation | H30: financial | I30: organisation-financial | J30: 11 | K30: 0.0417 | L30: manual | M30: document | N30: 50 | O30: 50 | P30: 0 | Q30: 0 | S30: 1 | T30: 1 | U30: 0 | V30: always | W30: 1 | Y30: document | Z30: 50 | AA30: 50
A31: AT-8-total-budget | B31: Austria, ADA | C31: AT-8 | D31: 0.463287 | E31: total-budget | F31: Total budget | G31: organisation | H31: financial | I31: organisation-financial | J31: 9 | K31: 0.0417 | L31: manual | M31: pdf | N31: 11.11 | O31: 11.11 | P31: 0 | Q31: 0 | S31: 1 | T31: 1 | U31: 0 | W31: 0 | X31: 2 | Y31: pdf | Z31: 16.665 | AA31: 11.11
A32: AT-8-disaggregated-budgets | B32: Austria, ADA | C32: AT-8 | D32: 2.085 | E32: disaggregated-budgets | F32: Disaggregated budgets | G32: organisation | H32: financial | I32: organisation-financial | J32: 10 | K32: 0.0417 | L32: manual | M32: machine-readable | N32: 50 | O32: 50 | P32: 0 | Q32: 0 | S32: 1 | T32: 1 | U32: 0 | W32: 0 | X32: 3 | Y32: machine-readable | Z32: 50 | AA32: 50
A33: AT-8-strategy | B33: Austria, ADA | C33: AT-8 | D33: 1.25 | E33: strategy | F33: Organisation strategy | G33: organisation | H33: planning | I33: organisation-planning | J33: 4 | K33: 0.025 | L33: manual | M33: document | N33: 50 | O33: 50 | P33: 0 | Q33: 0 | S33: 1 | T33: 1 | U33: 0 | V33: always | W33: 1 | Y33: document | Z33: 50 | AA33: 50
A34: AT-8-annual-report | B34: Austria, ADA | C34: AT-8 | D34: 1.25 | E34: annual-report | F34: Annual report | G34: organisation | H34: planning | I34: organisation-planning | J34: 5 | K34: 0.025 | L34: manual | M34: document | N34: 50 | O34: 50 | P34: 0 | Q34: 0 | S34: 1 | T34: 1 | U34: 0 | V34: always | W34: 1 | Y34: document | Z34: 50 | AA34: 50
A35: AT-8-allocation | B35: Austria, ADA | C35: AT-8 | D35: 1.25 | E35: allocation | F35: Allocation policy | G35: organisation | H35: planning | I35: organisation-planning | J35: 6 | K35: 0.025 | L35: manual | M35: document | N35: 50 | O35: 50 | P35: 0 | Q35: 0 | S35: 1 | T35: 1 | U35: 0 | V35: always | W35: 1 | Y35: document | Z35: 50 | AA35: 50
A36: AT-8-procurement-policy | B36: Austria, ADA | C36: AT-8 | D36: 1.25 | E36: procurement-policy | F36: Procurement policy | G36: organisation | H36: planning | I36: organisation-planning | J36: 7 | K36: 0.025 | L36: manual | M36: document | N36: 50 | O36: 50 | P36: 0 | Q36: 0 | S36: 1 | T36: 1 | U36: 0 | V36: always | W36: 1 | Y36: document | Z36: 50 | AA36: 50
A37: AT-8-country-strategy | B37: Austria, ADA | C37: AT-8 | D37: 1.25 | E37: country-strategy | F37: Country strategy | G37: organisation | H37: planning | I37: organisation-planning | J37: 8 | K37: 0.025 | L37: manual | M37: document | N37: 50 | O37: 50 | P37: 0 | Q37: 0 | S37: 1 | T37: 1 | U37: 0 | V37: always | W37: 1 | Y37: document | Z37: 50 | AA37: 50
A38: AT-8-foia | B38: Austria, ADA | C38: AT-8 | D38: 1.109889 | E38: foia | F38: FOIA | G38: commitment | I38: commitment- | J38: 1 | K38: 0.0333 | L38: manual | M38: not-applicable | N38: 33.33 | O38: 33.33 | P38: 0 | Q38: 0 | S38: 1 | T38: 1 | U38: 0 | W38: 0 | X38: 33.33 | Z38: 0 | AA38: 33.33
A39: AT-8-accessibility | B39: Austria, ADA | C39: AT-8 | D39: 1.109889 | E39: accessibility | F39: Accessibility | G39: commitment | I39: commitment- | J39: 3 | K39: 0.0333 | L39: manual | M39: not-applicable | N39: 33.33 | O39: 33.33 | P39: 0 | Q39: 0 | S39: 1 | T39: 1 | U39: 0 | W39: 0 | X39: 33.33 | Z39: 0 | AA39: 33.33
A40: AT-8-implementation-schedules | B40: Austria, ADA | C40: AT-8 | D40: 0 | E40: implementation-schedules | F40: Implementation schedules | G40: commitment | I40: commitment- | J40: 2 | K40: 0.0333 | L40: manual | M40: not-applicable | N40: 0 | O40: 0 | P40: 0 | Q40: 0 | S40: 1 | T40: 1 | U40: 0 | W40: 0 | X40: 0 | Z40: 0 | AA40: 0
A41: HR-1-dates-actual | B41: Croatia, MFA | C41: HR-1 | D41: 0 | E41: dates-actual | F41: Actual dates | G41: activity | H41: basic | I41: activity-basic | J41: 17 | K41: 0.0163 | L41: manual | N41: 0 | O41: 0 | P41: 0 | Q41: 0 | S41: 1 | T41: 1 | U41: 0 | V41: not published | W41: 0 | Z41: 0 | AA41: 0
A42: HR-1-contact-details | B42: Croatia, MFA | C42: HR-1 | D42: 0 | E42: contact-details | F42: Contact details | G42: activity | H42: basic | I42: activity-basic | J42: 19 | K42: 0.0163 | L42: manual | N42: 0 | O42: 0 | P42: 0 | Q42: 0 | S42: 1 | T42: 1 | U42: 0 | V42: not published | W42: 0 | Z42: 0 | AA42: 0
A43: HR-1-current-status | B43: Croatia, MFA | C43: HR-1 | D43: 0 | E43: current-status | F43: Current Status | G43: activity | H43: basic | I43: activity-basic | J43: 18 | K43: 0.0163 | L43: manual | N43: 0 | O43: 0 | P43: 0 | Q43: 0 | S43: 1 | T43: 1 | U43: 0 | V43: not published | W43: 0 | Z43: 0 | AA43: 0
A44: HR-1-description | B44: Croatia, MFA | C44: HR-1 | D44: 0 | E44: description | F44: Description | G44: activity | H44: basic | I44: activity-basic | J44: 15 | K44: 0.0163 | L44: manual | M44: pdf | N44: 0 | O44: 0 | P44: 0 | Q44: 0 | S44: 1 | T44: 1 | U44: 0 | V44: sometimes | W44: 0 | Y44: pdf | Z44: 16.665 | AA44: 0
A45: HR-1-implementer | B45: Croatia, MFA | C45: HR-1 | D45: 0 | E45: implementer | F45: Implementer | G45: activity | H45: basic | I45: activity-basic | J45: 12 | K45: 0.0163 | L45: manual | N45: 0 | O45: 0 | P45: 0 | Q45: 0 | S45: 1 | T45: 1 | U45: 0 | V45: not published | W45: 0 | Z45: 0 | AA45: 0
A46: HR-1-dates-planned | B46: Croatia, MFA | C46: HR-1 | D46: 0 | E46: dates-planned | F46: Planned dates | G46: activity | H46: basic | I46: activity-basic | J46: 16 | K46: 0.0163 | L46: manual | N46: 0 | O46: 0 | P46: 0 | Q46: 0 | S46: 1 | T46: 1 | U46: 0 | V46: not published | W46: 0 | Z46: 0 | AA46: 0
A47: HR-1-title | B47: Croatia, MFA | C47: HR-1 | D47: 0 | E47: title | F47: Title | G47: activity | H47: basic | I47: activity-basic | J47: 14 | K47: 0.0163 | L47: manual | M47: pdf | N47: 0 | O47: 0 | P47: 0 | Q47: 0 | S47: 1 | T47: 1 | U47: 0 | V47: sometimes | W47: 0 | Y47: pdf | Z47: 16.665 | AA47: 0
A48: HR-1-unique-id | B48: Croatia, MFA | C48: HR-1 | D48: 0 | E48: unique-id | F48: Unique ID | G48: activity | H48: basic | I48: activity-basic | J48: 13 | K48: 0.0163 | L48: manual | N48: 0 | O48: 0 | P48: 0 | Q48: 0 | S48: 1 | T48: 1 | U48: 0 | V48: not published | W48: 0 | Z48: 0 | AA48: 0
A49: HR-1-aid-type | B49: Croatia, MFA | C49: HR-1 | D49: 0 | E49: aid-type | F49: Aid Type | G49: activity | H49: classifications | I49: activity-classifications | J49: 22 | K49: 0.0186 | L49: manual | M49: pdf | N49: 0 | O49: 0 | P49: 0 | Q49: 0 | S49: 1 | T49: 1 | U49: 0 | V49: not published | W49: 0 | Y49: pdf | Z49: 16.665 | AA49: 0
A50: HR-1-collaboration-type | B50: Croatia, MFA | C50: HR-1 | D50: 0 | E50: collaboration-type | F50: Collaboration Type | G50: activity | H50: classifications | I50: activity-classifications | J50: 20 | K50: 0.0186 | L50: manual | N50: 0 | O50: 0 | P50: 0 | Q50: 0 | S50: 1 | T50: 1 | U50: 0 | V50: not published | W50: 0 | Z50: 0 | AA50: 0
A51: HR-1-finance-type | B51: Croatia, MFA | C51: HR-1 | D51: 0 | E51: finance-type | F51: Finance Type | G51: activity | H51: classifications | I51: activity-classifications | J51: 23 | K51: 0.0186 | L51: manual | N51: 0 | O51: 0 | P51: 0 | Q51: 0 | S51: 1 | T51: 1 | U51: 0 | V51: not published | W51: 0 | Z51: 0 | AA51: 0
A52: HR-1-flow-type | B52: Croatia, MFA | C52: HR-1 | D52: 0.619938 | E52: flow-type | F52: Flow Type | G52: activity | H52: classifications | I52: activity-classifications | J52: 21 | K52: 0.0186 | L52: manual | M52: website | N52: 33.33 | O52: 33.33 | P52: 0 | Q52: 0 | S52: 1 | T52: 1 | U52: 0 | V52: always | W52: 1 | Y52: website | Z52: 33.33 | AA52: 33.33
A53: HR-1-sector | B53: Croatia, MFA | C53: HR-1 | D53: 0 | E53: sector | F53: Sector | G53: activity | H53: classifications | I53: activity-classifications | J53: 24 | K53: 0.0186 | L53: manual | M53: pdf | N53: 0 | O53: 0 | P53: 0 | Q53: 0 | S53: 1 | T53: 1 | U53: 0 | V53: sometimes | W53: 0 | Y53: pdf | Z53: 16.665 | AA53: 0
A54: HR-1-location | B54: Croatia, MFA | C54: HR-1 | D54: 0 | E54: location | F54: Sub-national location | G54: activity | H54: classifications | I54: activity-classifications | J54: 25 | K54: 0.0186 | L54: manual | M54: pdf | N54: 0 | O54: 0 | P54: 0 | Q54: 0 | S54: 1 | T54: 1 | U54: 0 | V54: sometimes | W54: 0 | Y54: pdf | Z54: 16.665 | AA54: 0
A55: HR-1-tied-aid-status | B55: Croatia, MFA | C55: HR-1 | D55: 0 | E55: tied-aid-status | F55: Tied Aid Status | G55: activity | H55: classifications | I55: activity-classifications | J55: 26 | K55: 0.0186 | L55: manual | N55: 0 | O55: 0 | P55: 0 | Q55: 0 | S55: 1 | T55: 1 | U55: 0 | V55: not published | W55: 0 | Z55: 0 | AA55: 0
A56: HR-1-expenditure-actual | B56: Croatia, MFA | C56: HR-1 | D56: 0 | E56: expenditure-actual | F56: Disbursements and expenditure | G56: activity | H56: financial | I56: activity-financial | J56: 35 | K56: 0.0325 | L56: manual | N56: 0 | O56: 0 | P56: 0 | Q56: 0 | S56: 1 | T56: 1 | U56: 0 | V56: not published | W56: 0 | Z56: 0 | AA56: 0
A57: HR-1-cost-overall | B57: Croatia, MFA | C57: HR-1 | D57: 0 | E57: cost-overall | F57: Budget | G57: activity | H57: financial | I57: activity-financial | J57: 33 | K57: 0.0325 | L57: manual | N57: 0 | O57: 0 | P57: 0 | Q57: 0 | S57: 1 | T57: 1 | U57: 0 | V57: not published | W57: 0 | Z57: 0 | AA57: 0
A58: HR-1-expenditure-planned | B58: Croatia, MFA | C58: HR-1 | D58: 0 | E58: expenditure-planned | F58: Commitments | G58: activity | H58: financial | I58: activity-financial | J58: 34 | K58: 0.0325 | L58: manual | M58: pdf | N58: 0 | O58: 0 | P58: 0 | Q58: 0 | S58: 1 | T58: 1 | U58: 0 | V58: sometimes | W58: 0 | Y58: pdf | Z58: 16.665 | AA58: 0
A59: HR-1-budget-identifier | B59: Croatia, MFA | C59: HR-1 | D59: 0 | E59: budget-identifier | F59: Budget Identifier | G59: activity | H59: financial | I59: activity-financial | J59: 36 | K59: 0.0325 | L59: manual | N59: 0 | O59: 0 | P59: 0 | Q59: 0 | S59: 1 | T59: 1 | U59: 0 | V59: not published | W59: 0 | Z59: 0 | AA59: 0
A60: HR-1-conditions | B60: Croatia, MFA | C60: HR-1 | D60: 0 | E60: conditions | F60: Conditions | G60: activity | H60: performance | I60: activity-performance | J60: 39 | K60: 0.0433 | L60: manual | M60: document | N60: 0 | O60: 0 | P60: 0 | Q60: 0 | S60: 1 | T60: 1 | U60: 0 | V60: not published | W60: 0 | Y60: document | Z60: 50 | AA60: 0
A61: HR-1-impact-appraisals | B61: Croatia, MFA | C61: HR-1 | D61: 0 | E61: impact-appraisals | F61: Impact Appraisals | G61: activity | H61: performance | I61: activity-performance | J61: 38 | K61: 0.0433 | L61: manual | M61: document | N61: 0 | O61: 0 | P61: 0 | Q61: 0 | S61: 1 | T61: 1 | U61: 0 | V61: not published | W61: 0 | Y61: document | Z61: 50 | AA61: 0
A62: HR-1-results | B62: Croatia, MFA | C62: HR-1 | D62: 0 | E62: results | F62: Results | G62: activity | H62: performance | I62: activity-performance | J62: 37 | K62: 0.0433 | L62: manual | M62: pdf | N62: 0 | O62: 0 | P62: 0 | Q62: 0 | S62: 1 | T62: 1 | U62: 0 | V62: sometimes | W62: 0 | Y62: pdf | Z62: 16.665 | AA62: 0
A63: HR-1-budget | B63: Croatia, MFA | C63: HR-1 | D63: 0 | E63: budget | F63: Budget Docs | G63: activity | H63: related-documents | I63: activity-related-documents | J63: 30 | K63: 0.0217 | L63: manual | M63: document | N63: 0 | O63: 0 | P63: 0 | Q63: 0 | S63: 1 | T63: 1 | U63: 0 | V63: not published | W63: 0 | Y63: document | Z63: 50 | AA63: 0
A64: HR-1-contracts | B64: Croatia, MFA | C64: HR-1 | D64: 1.085 | E64: contracts | F64: Contracts | G64: activity | H64: related-documents | I64: activity-related-documents | J64: 31 | K64: 0.0217 | L64: manual | M64: document | N64: 50 | O64: 50 | P64: 0 | Q64: 0 | S64: 1 | T64: 1 | U64: 0 | V64: always | W64: 1 | Y64: document | Z64: 50 | AA64: 50
A65: HR-1-evaluations | B65: Croatia, MFA | C65: HR-1 | D65: 0 | E65: evaluations | F65: Evaluations | G65: activity | H65: related-documents | I65: activity-related-documents | J65: 28 | K65: 0.0217 | L65: manual | M65: document | N65: 0 | O65: 0 | P65: 0 | Q65: 0 | S65: 1 | T65: 1 | U65: 0 | V65: not published | W65: 0 | Y65: document | Z65: 50 | AA65: 0
A66: HR-1-mou | B66: Croatia, MFA | C66: HR-1 | D66: 0 | E66: mou | F66: MoU | G66: activity | H66: related-documents | I66: activity-related-documents | J66: 27 | K66: 0.0217 | L66: manual | M66: document | N66: 0 | O66: 0 | P66: 0 | Q66: 0 | S66: 1 | T66: 1 | U66: 0 | V66: not published | W66: 0 | Y66: document | Z66: 50 | AA66: 0
A67: HR-1-objectives | B67: Croatia, MFA | C67: HR-1 | D67: 0 | E67: objectives | F67: Objectives | G67: activity | H67: related-documents | I67: activity-related-documents | J67: 29 | K67: 0.0217 | L67: manual | M67: document | N67: 0 | O67: 0 | P67: 0 | Q67: 0 | S67: 1 | T67: 1 | U67: 0 | V67: not published | W67: 0 | Y67: document | Z67: 50 | AA67: 0
A68: HR-1-tenders | B68: Croatia, MFA | C68: HR-1 | D68: 1.085 | E68: tenders | F68: Tenders | G68: activity | H68: related-documents | I68: activity-related-documents | J68: 32 | K68: 0.0217 | L68: manual | M68: document | N68: 50 | O68: 50 | P68: 0 | Q68: 0 | S68: 1 | T68: 1 | U68: 0 | V68: always | W68: 1 | Y68: document | Z68: 50 | AA68: 50
A69: HR-1-audit | B69: Croatia, MFA | C69: HR-1 | D69: 0 | E69: audit | F69: Audit | G69: organisation | H69: financial | I69: organisation-financial | J69: 11 | K69: 0.0417 | L69: manual | M69: document | N69: 0 | O69: 0 | P69: 0 | Q69: 0 | S69: 1 | T69: 1 | U69: 0 | V69: sometimes | W69: 0 | Y69: document | Z69: 50 | AA69: 0
A70: HR-1-total-budget | B70: Croatia, MFA | C70: HR-1 | D70: 0.6949305 | E70: total-budget | F70: Total budget | G70: organisation | H70: financial | I70: organisation-financial | J70: 9 | K70: 0.0417 | L70: manual | M70: pdf | N70: 16.665 | O70: 16.665 | P70: 0 | Q70: 0 | S70: 1 | T70: 1 | U70: 0 | W70: 0 | X70: 3 | Y70: pdf | Z70: 16.665 | AA70: 16.665
A71: HR-1-disaggregated-budgets | B71: Croatia, MFA | C71: HR-1 | D71: 0 | E71: disaggregated-budgets | F71: Disaggregated budgets | G71: organisation | H71: financial | I71: organisation-financial | J71: 10 | K71: 0.0417 | L71: manual | N71: 0 | O71: 0 | P71: 0 | Q71: 0 | S71: 1 | T71: 1 | U71: 0 | W71: 0 | X71: 0 | Z71: 0 | AA71: 0
A72: HR-1-strategy | B72: Croatia, MFA | C72: HR-1 | D72: 1.25 | E72: strategy | F72: Organisation strategy | G72: organisation | H72: planning | I72: organisation-planning | J72: 4 | K72: 0.025 | L72: manual | M72: document | N72: 50 | O72: 50 | P72: 0 | Q72: 0 | S72: 1 | T72: 1 | U72: 0 | V72: always | W72: 1 | Y72: document | Z72: 50 | AA72: 50
A73: HR-1-annual-report | B73: Croatia, MFA | C73: HR-1 | D73: 1.25 | E73: annual-report | F73: Annual report | G73: organisation | H73: planning | I73: organisation-planning | J73: 5 | K73: 0.025 | L73: manual | M73: document | N73: 50 | O73: 50 | P73: 0 | Q73: 0 | S73: 1 | T73: 1 | U73: 0 | V73: always | W73: 1 | Y73: document | Z73: 50 | AA73: 50
A74: HR-1-allocation | B74: Croatia, MFA | C74: HR-1 | D74: 1.25 | E74: allocation | F74: Allocation policy | G74: organisation | H74: planning | I74: organisation-planning | J74: 6 | K74: 0.025 | L74: manual | M74: document | N74: 50 | O74: 50 | P74: 0 | Q74: 0 | S74: 1 | T74: 1 | U74: 0 | V74: always | W74: 1 | Y74: document | Z74: 50 | AA74: 50
A75: HR-1-procurement-policy | B75: Croatia, MFA | C75: HR-1 | D75: 1.25 | E75: procurement-policy | F75: Procurement policy | G75: organisation | H75: planning | I75: organisation-planning | J75: 7 | K75: 0.025 | L75: manual | M75: document | N75: 50 | O75: 50 | P75: 0 | Q75: 0 | S75: 1 | T75: 1 | U75: 0 | V75: always | W75: 1 | Y75: document | Z75: 50 | AA75: 50
A76: HR-1-country-strategy | B76: Croatia, MFA | C76: HR-1 | D76: 0 | E76: country-strategy | F76: Country strategy | G76: organisation | H76: planning | I76: organisation-planning | J76: 8 | K76: 0.025 | L76: manual | M76: document | N76: 0 | O76: 0 | P76: 0 | Q76: 0 | S76: 1 | T76: 1 | U76: 0 | V76: not published | W76: 0 | Y76: document | Z76: 50 | AA76: 0
A77: HR-1-foia | B77: Croatia, MFA | C77: HR-1 | D77: 3.33 | E77: foia | F77: FOIA | G77: commitment | I77: commitment- | J77: 1 | K77: 0.0333 | L77: manual | M77: not-applicable | N77: 100 | O77: 100 | P77: 0 | Q77: 0 | S77: 1 | T77: 1 | U77: 0 | W77: 0 | X77: 100 | Z77: 0 | AA77: 100
A78: HR-1-accessibility | B78: Croatia, MFA | C78: HR-1 | D78: 0 | E78: accessibility | F78: Accessibility | G78: commitment | I78: commitment- | J78: 3 | K78: 0.0333 | L78: manual | M78: not-applicable | N78: 0 | O78: 0 | P78: 0 | Q78: 0 | S78: 1 | T78: 1 | U78: 0 | W78: 0 | X78: 0 | Z78: 0 | AA78: 0
A79: HR-1-implementation-schedules | B79: Croatia, MFA | C79: HR-1 | D79: 0 | E79: implementation-schedules | F79: Implementation schedules | G79: commitment | I79: commitment- | J79: 2 | K79: 0.0333 | L79: manual | M79: not-applicable | N79: 0 | O79: 0 | P79: 0 | Q79: 0 | S79: 1 | T79: 1 | U79: 0 | W79: 0 | X79: 0 | Z79: 0 | AA79: 0
A80: CZ-1-dates-actual | B80: Czech Republic, CzDA | C80: CZ-1 | D80: 0 | E80: dates-actual | F80: Actual dates | G80: activity | H80: basic | I80: activity-basic | J80: 17 | K80: 0.0163 | L80: manual | N80: 0 | O80: 0 | P80: 0 | Q80: 0 | S80: 1 | T80: 1 | U80: 0 | V80: not published | W80: 0 | Z80: 0 | AA80: 0
A81: CZ-1-contact-details | B81: Czech Republic, CzDA | C81: CZ-1 | D81: 0.543279 | E81: contact-details | F81: Contact details | G81: activity | H81: basic | I81: activity-basic | J81: 19 | K81: 0.0163 | L81: manual | M81: website | N81: 33.33 | O81: 33.33 | P81: 0 | Q81: 0 | S81: 1 | T81: 1 | U81: 0 | V81: always | W81: 1 | Y81: website | Z81: 33.33 | AA81: 33.33
A82: CZ-1-current-status | B82: Czech Republic, CzDA | C82: CZ-1 | D82: 0.543279 | E82: current-status | F82: Current Status | G82: activity | H82: basic | I82: activity-basic | J82: 18 | K82: 0.0163 | L82: manual | M82: website | N82: 33.33 | O82: 33.33 | P82: 0 | Q82: 0 | S82: 1 | T82: 1 | U82: 0 | V82: always | W82: 1 | Y82: website | Z82: 33.33 | AA82: 33.33
A83: CZ-1-description | B83: Czech Republic, CzDA | C83: CZ-1 | D83: 0.815 | E83: description | F83: Description | G83: activity | H83: basic | I83: activity-basic | J83: 15 | K83: 0.0163 | L83: manual | M83: machine-readable | N83: 50 | O83: 50 | P83: 0 | Q83: 0 | S83: 1 | T83: 1 | U83: 0 | V83: always | W83: 1 | Y83: machine-readable | Z83: 50 | AA83: 50
A84: CZ-1-implementer | B84: Czech Republic, CzDA | C84: CZ-1 | D84: 0.815 | E84: implementer | F84: Implementer | G84: activity | H84: basic | I84: activity-basic | J84: 12 | K84: 0.0163 | L84: manual | M84: machine-readable | N84: 50 | O84: 50 | P84: 0 | Q84: 0 | S84: 1 | T84: 1 | U84: 0 | V84: always | W84: 1 | Y84: machine-readable | Z84: 50 | AA84: 50
A85: CZ-1-dates-planned | B85: Czech Republic, CzDA | C85: CZ-1 | D85: 0 | E85: dates-planned | F85: Planned dates | G85: activity | H85: basic | I85: activity-basic | J85: 16 | K85: 0.0163 | L85: manual | M85: website | N85: 0 | O85: 0 | P85: 0 | Q85: 0 | S85: 1 | T85: 1 | U85: 0 | V85: sometimes | W85: 0 | Y85: website | Z85: 33.33 | AA85: 0
A86: CZ-1-title | B86: Czech Republic, CzDA | C86: CZ-1 | D86: 0.815 | E86: title | F86: Title | G86: activity | H86: basic | I86: activity-basic | J86: 14 | K86: 0.0163 | L86: manual | M86: machine-readable | N86: 50 | O86: 50 | P86: 0 | Q86: 0 | S86: 1 | T86: 1 | U86: 0 | V86: always | W86: 1 | Y86: machine-readable | Z86: 50 | AA86: 50
A87: CZ-1-unique-id | B87: Czech Republic, CzDA | C87: CZ-1 | D87: 0.543279 | E87: unique-id | F87: Unique ID | G87: activity | H87: basic | I87: activity-basic | J87: 13 | K87: 0.0163 | L87: manual | M87: website | N87: 33.33 | O87: 33.33 | P87: 0 | Q87: 0 | S87: 1 | T87: 1 | U87: 0 | V87: always | W87: 1 | Y87: website | Z87: 33.33 | AA87: 33.33
A88: CZ-1-aid-type | B88: Czech Republic, CzDA | C88: CZ-1 | D88: 0.619938 | E88: aid-type | F88: Aid Type | G88: activity | H88: classifications | I88: activity-classifications | J88: 22 | K88: 0.0186 | L88: manual | M88: website | N88: 33.33 | O88: 33.33 | P88: 0 | Q88: 0 | S88: 1 | T88: 1 | U88: 0 | V88: always | W88: 1 | Y88: website | Z88: 33.33 | AA88: 33.33
A89: CZ-1-collaboration-type | B89: Czech Republic, CzDA | C89: CZ-1 | D89: 0.93 | E89: collaboration-type | F89: Collaboration Type | G89: activity | H89: classifications | I89: activity-classifications | J89: 20 | K89: 0.0186 | L89: manual | M89: machine-readable | N89: 50 | O89: 50 | P89: 0 | Q89: 0 | S89: 1 | T89: 1 | U89: 0 | V89: always | W89: 1 | Y89: machine-readable | Z89: 50 | AA89: 50
A90: CZ-1-finance-type | B90: Czech Republic, CzDA | C90: CZ-1 | D90: 0 | E90: finance-type | F90: Finance Type | G90: activity | H90: classifications | I90: activity-classifications | J90: 23 | K90: 0.0186 | L90: manual | M90: website | N90: 0 | O90: 0 | P90: 0 | Q90: 0 | S90: 1 | T90: 1 | U90: 0 | V90: sometimes | W90: 0 | Y90: website | Z90: 33.33 | AA90: 0
A91: CZ-1-flow-type | B91: Czech Republic, CzDA | C91: CZ-1 | D91: 0.309969 | E91: flow-type | F91: Flow Type | G91: activity | H91: classifications | I91: activity-classifications | J91: 21 | K91: 0.0186 | L91: manual | M91: pdf | N91: 16.665 | O91: 16.665 | P91: 0 | Q91: 0 | S91: 1 | T91: 1 | U91: 0 | V91: always | W91: 1 | Y91: pdf | Z91: 16.665 | AA91: 16.665
A92: CZ-1-sector | B92: Czech Republic, CzDA | C92: CZ-1 | D92: 0.93 | E92: sector | F92: Sector | G92: activity | H92: classifications | I92: activity-classifications | J92: 24 | K92: 0.0186 | L92: manual | M92: machine-readable | N92: 50 | O92: 50 | P92: 0 | Q92: 0 | S92: 1 | T92: 1 | U92: 0 | V92: always | W92: 1 | Y92: machine-readable | Z92: 50 | AA92: 50
A93: CZ-1-location | B93: Czech Republic, CzDA | C93: CZ-1 | D93: 0.619938 | E93: location | F93: Sub-national location | G93: activity | H93: classifications | I93: activity-classifications | J93: 25 | K93: 0.0186 | L93: manual | M93: website | N93: 33.33 | O93: 33.33 | P93: 0 | Q93: 0 | S93: 1 | T93: 1 | U93: 0 | V93: always | W93: 1 | Y93: website | Z93: 33.33 | AA93: 33.33
A94: CZ-1-tied-aid-status | B94: Czech Republic, CzDA | C94: CZ-1 | D94: 0 | E94: tied-aid-status | F94: Tied Aid Status | G94: activity | H94: classifications | I94: activity-classifications | J94: 26 | K94: 0.0186 | L94: manual | N94: 0 | O94: 0 | P94: 0 | Q94: 0 | S94: 1 | T94: 1 | U94: 0 | V94: not published | W94: 0 | Z94: 0 | AA94: 0
A95: CZ-1-expenditure-actual | B95: Czech Republic, CzDA | C95: CZ-1 | D95: 0 | E95: expenditure-actual | F95: Disbursements and expenditure | G95: activity | H95: financial | I95: activity-financial | J95: 35 | K95: 0.0325 | L95: manual | M95: pdf | N95: 0 | O95: 0 | P95: 0 | Q95: 0 | S95: 1 | T95: 1 | U95: 0 | V95: sometimes | W95: 0 | Y95: pdf | Z95: 16.665 | AA95: 0
A96: CZ-1-cost-overall | B96: Czech Republic, CzDA | C96: CZ-1 | D96: 0 | E96: cost-overall | F96: Budget | G96: activity | H96: financial | I96: activity-financial | J96: 33 | K96: 0.0325 | L96: manual | M96: machine-readable | N96: 0 | O96: 0 | P96: 0 | Q96: 0 | S96: 1 | T96: 1 | U96: 0 | V96: sometimes | W96: 0 | Y96: machine-readable | Z96: 50 | AA96: 0
A97: CZ-1-expenditure-planned | B97: Czech Republic, CzDA | C97: CZ-1 | D97: 1.625 | E97: expenditure-planned | F97: Commitments | G97: activity | H97: financial | I97: activity-financial | J97: 34 | K97: 0.0325 | L97: manual | M97: machine-readable | N97: 50 | O97: 50 | P97: 0 | Q97: 0 | S97: 1 | T97: 1 | U97: 0 | V97: always | W97: 1 | Y97: machine-readable | Z97: 50 | AA97: 50
A98: CZ-1-budget-identifier | B98: Czech Republic, CzDA | C98: CZ-1 | D98: 0 | E98: budget-identifier | F98: Budget Identifier | G98: activity | H98: financial | I98: activity-financial | J98: 36 | K98: 0.0325 | L98: manual | N98: 0 | O98: 0 | P98: 0 | Q98: 0 | S98: 1 | T98: 1 | U98: 0 | V98: not published | W98: 0 | Z98: 0 | AA98: 0
A99: CZ-1-conditions | B99: Czech Republic, CzDA | C99: CZ-1 | D99: 0 | E99: conditions | F99: Conditions | G99: activity | H99: performance | I99: activity-performance | J99: 39 | K99: 0.0433 | L99: manual | M99: document | N99: 0 | O99: 0 | P99: 0 | Q99: 0 | S99: 1 | T99: 1 | U99: 0 | V99: sometimes | W99: 0 | Y99: document | Z99: 50 | AA99: 0
A100: CZ-1-impact-appraisals | B100: Czech Republic, CzDA | C100: CZ-1 | D100: 0 | E100: impact-appraisals | F100: Impact Appraisals | G100: activity | H100: performance | I100: activity-performance | J100: 38 | K100: 0.0433 | L100: manual | M100: document | N100: 0 | O100: 0 | P100: 0 | Q100: 0 | S100: 1 | T100: 1 | U100: 0 | V100: not published | W100: 0 | Y100: document | Z100: 50 | AA100: 0
...

Sheet Indicators used
A1: Summary table of indicators
A3: Category | B3: Sub-category | C3: Indicator Name | D3: Scoring Approach | E3: Weight
A4: Commitment to aid transparency | B4: Commitment | C4: 1. Quality of FOI legislation (FOIA) | D4: Graduated based on the score given in Right To Information (RTI) Rating (see: http://www.rti-rating.org/). The complete approach to assessing and scoring FOIA and disclosure policy quality can be found in the technical paper available online. | E4: 0.0333
C5: 2. Implementation schedules | D5: Graduated based on the total score received out of 100 based on analysis of Busan common standard/IATI implementation schedules. | E5: 0.0333
C6: 3. Accessibility | D6: Graduated based on three criteria: allows free bulk export of data; provides disaggregated, detailed data on activities; and data is released under an open licence. Each criterion carries 33.33% of the total possible score on this indicator. | E6: 0.0333
A7: Publication – Organisation level | B7: Planning | C7: 4. Strategy | D7: Graduated based on accessibility | E7: 0.025
C8: 5. Annual report | D8: Graduated based on accessibility | E8: 0.025
C9: 6. Allocation policy | D9: Graduated based on accessibility | E9: 0.025
C10: 7. Procurement policy | D10: Graduated based on accessibility | E10: 0.025
C11: 8. Strategy (country) | D11: Graduated based on accessibility | E11: 0.025
B12: Financial | C12: 9. Total organisation budget | D12: Graduated based on format and number of years for which data is provided | E12: 0.0417
C13: 10. Disaggregated budget | D13: Graduated based on format and number of years for which data is provided | E13: 0.0417
C14: 11. Audit | D14: Graduated based on accessibility | E14: 0.0417
A15: Publication – Activity level | B15: Basic activity information | C15: 12. Implementer | D15: Graduated based on format | E15: 0.0163
C16: 13. Unique ID | D16: Graduated based on format | E16: 0.0163
C17: 14. Title | D17: Graduated based on format | E17: 0.0163
C18: 15. Description | D18: Graduated based on format | E18: 0.0163
C19: 16. Planned dates | D19: Graduated based on format | E19: 0.0163
C20: 17. Actual dates | D20: Graduated based on format | E20: 0.0163
C21: 18. Current status | D21: Graduated based on format | E21: 0.0163
C22: 19. Contact details | D22: Graduated based on format | E22: 0.0163
B23: Classifications | C23: 20. Collaboration type | D23: Graduated based on format | E23: 0.0186
C24: 21. Flow type | D24: Graduated based on format | E24: 0.0186
C25: 22. Aid type | D25: Graduated based on format | E25: 0.0186
C26: 23. Finance type | D26: Graduated based on format | E26: 0.0186
C27: 24. Sectors | D27: Graduated based on format | E27: 0.0186
C28: 25. Sub-national location | D28: Graduated based on format | E28: 0.0186
C29: 26. Tied aid status | D29: Graduated based on format | E29: 0.0186
B30: Related documents | C30: 27. Memorandum of Understanding (MoU) | D30: Graduated based on accessibility | E30: 0.0217
C31: 28. Evaluations | D31: Graduated based on accessibility | E31: 0.0217
C32: 29. Objectives | D32: Graduated based on accessibility | E32: 0.0217
C33: 30. Budget docs | D33: Graduated based on accessibility | E33: 0.0217
C34: 31. Contracts | D34: Graduated based on accessibility | E34: 0.0217
C35: 32. Tenders | D35: Graduated based on accessibility | E35: 0.0217
B36: Financial | C36: 33. Budget | D36: Graduated based on format | E36: 0.0325
C37: 34. Commitments | D37: Graduated based on format | E37: 0.0325
C38: 35. Disbursements & expenditures | D38: Graduated based on format | E38: 0.0325
C39: 36. Budget Identifier (Budget ID) | D39: Graduated based on format | E39: 0.0325
B40: Performance | C40: 37. Results | D40: Graduated based on format | E40: 0.0433
C41: 38. Impact appraisals | D41: Graduated based on accessibility | E41: 0.0433
C42: 39. Conditions | D42: Graduated based on accessibility | E42: 0.0433
A44: Note 1: For 22 indicators (shaded in blue in the table), the scoring takes into account the format that the data is provided in, depending on how accessible and comparable the information is.
A45: Note 2: For 14 indicators, scoring takes into account the accessibility of the information.

Sheet Donor Attributes
A1: Org ID | B1: Donor Long Name | C1: Donor short name | D1: Bilateral/Multilateral/Foundation | E1: IFI | F1: Health Funds | G1: Humanitarian | H1: EU Member State/EC Institution | I1: US Agency | J1: UN Agency | K1: DAC Membership Status | L1: IATI Publisher | M1: IATI Steering Committee Membership | N1: Frequency of IATI Publication as on data collection deadline | O1: Frequency of IATI publication as per IATI Annual Report 2014 | P1: Implementation Schedule incl. IATI | Q1: % of fields to be published in IS schedules analysis | R1: Date of 1st publication | S1: Signatory/Member Since | T1: G7 | U1: OGP and National Action Plan (NAP) status | V1: OAP | W1: EU-13 | X1: Total ODA Spend in 2012 (in USD mn) | Y1: Total OOF Spend in 2012 (USD n) | Z1: Total Spend in 2012 | AA1: Source for Total Spend | AB1: Largest ODA Recipient in 2012 | AC1: Source for largest recipient data
A2: 46002 | B2: African Development Bank | C2: AfDB | D2: Multilateral | E2: IFI | L2: IATI publisher | M2: IATI Member | N2: Quarterly | O2: Quarterly | P2: Y | Q2: 94 | R2: Jul-13 | S2: 40575 | U2: Not Applicable | V2: OAP | X2: =114+2434 -> 2548 | Y2: 3510.1136 | Z2: =SUM(Table1[[#This Row],[Total ODA Spend in 2012 (in USD mn)]:[Total OOF Spend in 2012 (USD n)]]) -> 6058.1136 | AA2: DAC CRS 2012 | AB2: Guinea | AC2: DAC CRS 2012
A3: 46004 | B3: Asian Development Bank | C3: AsDB | D3: Multilateral | E3: IFI | L3: IATI publisher | N3: Quarterly | O3: Quarterly | P3: Y | Q3: 91 | R3: Nov-11 | U3: Not Applicable | X3: 1834.7696 | Y3: 6899.6631 | Z3: =SUM(Table1[[#This Row],[Total ODA Spend in 2012 (in USD mn)]:[Total OOF Spend in 2012 (USD n)]]) -> 8734.4328 | AA3: DAC CRS 2012 | AB3: Bangladesh | AC3: DAC CRS 2012
A4: AU-5 | B4: Australia - Department of Foreign Affairs and Trade | C4: Australia, DFAT | D4: Bilateral | K4: DAC Member | L4: IATI publisher | M4: IATI Member | N4: Quarterly | O4: Quarterly | P4: Y | Q4: 38 | R4: Sep-11 | S4: 39692 | U4: OGP - Developing 1st NAP | X4: 4045.8022 | Y4: 42.746273 | Z4: =SUM(Table1[[#This Row],[Total ODA Spend in 2012 (in USD mn)]:[Total OOF Spend in 2012 (USD n)]]) -> 4088.5485 | AA4: DAC CRS 2012 | AB4: Indonesia | AC4: DAC CRS 2012
A5: AT-8 | B5: Austria - Austrian Development Agency | C5: Austria, ADA | D5: Bilateral | H5: EU MS | K5: DAC Member | U5: Not joined OGP | X5: 87.746475 | Z5: =SUM(Table1[[#This Row],[Total ODA Spend in 2012 (in USD mn)]:[Total OOF Spend in 2012 (USD n)]]) -> 87.746475 | AA5: DAC CRS 2012 | AB5: Uganda | AC5: DAC CRS 2012
A6: BE-10 | B6: Belgium - Belgian Development Agency | C6: Belgium, DGCD | D6: Bilateral | H6: EU MS | K6: DAC Member | M6: IATI Member | S6: 41214 | U6: Not joined OGP | X6: 801.97877 | Y6: 3.0157969 | Z6: =SUM(Table1[[#This Row],[Total ODA Spend in 2012 (in USD mn)]:[Total OOF Spend in 2012 (USD n)]]) -> 804.99457 | AA6: DAC CRS 2012 | AB6: Democratic Republic of Congo | AC6: DAC CRS 2012
A7: BR-1 | B7: Brazil - Brazilian Cooperation Agency | C7: Brazil, ABC | D7: Bilateral | U7: OGP with NAP but does not include aid transparency commitments | X7: 499.7 | Z7: =SUM(Table1[[#This Row],[Total ODA Spend in 2012 (in USD mn)]:[Total OOF Spend in 2012 (USD n)]]) -> 499.7 | AA7: OECD 2012/ IPEA & ABC | AB7: Mozambique | AC7: https://www.devex.com/news/setting-its-own-course-brazil-foreign-aid-expands-and-evolves-78631
A8: BG-1 | B8: Bulgaria - Ministry of Foreign Affairs | C8: Bulgaria, MFA | D8: Bilateral | H8: EU MS | K8: Non DAC Donor reporting aid stats to DAC | U8: OGP with NAP but does not include aid transparency commitments | W8: EU-13 | X8: 39.95 | Z8: =SUM(Table1[[#This Row],[Total ODA Spend in 2012 (in USD mn)]:[Total OOF Spend in 2012 (USD n)]]) -> 39.95 | AA8: OECD NDD 2012 | AB8: Armenia | AC8: http://www.euroresources.org/guide/donor_profiles/bg_bulgaria.html
A9: CA-1 | B9: Canada - Department of Foreign Affairs, Trade and Development | C9: Canada, DFATD | D9: Bilateral | K9: DAC Member | L9: IATI publisher | M9: IATI Member | N9: Quarterly | O9: Quarterly | P9: Y | Q9: 94 | R9: Oct-12 | S9: 40848 | T9: G7 | U9: OGP with NAP that includes aid transparency | V9: OAP | X9: 3099 | Z9: =SUM(Table1[[#This Row],[Total ODA Spend in 2012 (in USD mn)]:[Total OOF Spend in 2012 (USD n)]]) -> 3099 | AA9: DAC CRS 2012 | AB9: Mozambique | AC9: DAC CRS 2012
A10: CN-1 | B10: China - Ministry of Commerce | C10: China, MOFCOM | D10: Bilateral | U10: Not joined OGP | X10: 2644.2 | Z10: =SUM(Table1[[#This Row],[Total ODA Spend in 2012 (in USD mn)]:[Total OOF Spend in 2012 (USD n)]]) -> 2644.2 | AA10: OECD 2012/Fiscal year book Ministry of Finance | AB10: Ghana | AC10: http://www.cgdev.org/sites/default/files/chinese-development-finance-africa_0.pdf
A11: HR-1 | B11: Croatia - Ministry of Foreign and European Affairs | C11: Croatia, MFA | D11: Bilateral | H11: EU MS | U11: OGP with NAP but does not include aid transparency commitments | W11: EU-13 | X11: 21 | Z11: =SUM(Table1[[#This Row],[Total ODA Spend in 2012 (in USD mn)]:[Total OOF Spend in 2012 (USD n)]]) -> 21 | AA11: http://ec.europa.eu/europeaid/what/development-policies/financing_for_development/documents/accountability-report-2013/2013_croatia_donor_profile_en.pdf | AB11: Bosnia and Herzegovina | AC11: http://ec.europa.eu/europeaid/what/development-policies/financing_for_development/documents/accountability-report-2013/2013_croatia_donor_profile_en.pdf
A12: CY-1 | B12: Cyprus - CyprusAid | C12: Cyprus, CyprusAid | D12: Bilateral | H12: EU MS | K12: Non DAC Donor reporting aid stats to DAC | U12: Not joined OGP | W12: EU-13 | X12: 25.08 | Z12: =SUM(Table1[[#This Row],[Total ODA Spend in 2012 (in USD mn)]:[Total OOF Spend in 2012 (USD n)]]) -> 25.08 | AA12: OECD NDD 2012 | AB12: Bosnia and Herzegovina | AC12: http://www.cyprusaid.gov.cy/planning/cyprusaid.nsf/all/DAB6D9BBCC7DEF8DC2257C36003CD833/$file/2012%20-%20ENGLISH.pdf?openelement
A13: CZ-1 | B13: Czech Republic - Development Agency | C13: Czech Republic, CzDA | D13: Bilateral | H13: EU MS | K13: DAC Member | P13: Y | Q13: 79 | U13: OGP with NAP but does not include aid transparency commitments (in 2nd NAP) | V13: OAP | W13: EU-13 | X13: 21.734204 | Z13: =SUM(Table1[[#This Row],[Total ODA Spend in 2012 (in USD mn)]:[Total OOF Spend in 2012 (USD n)]]) -> 21.734204 | AA13: DAC CRS 2012 | AB13: Moldova | AC13: DAC CRS 2012
A14: DK-2 | B14: Denmark - Ministry of Foreign Affairs | C14: Denmark, MFA | D14: Bilateral | H14: EU MS | K14: DAC Member | L14: IATI publisher | M14: IATI Member | N14: Quarterly | O14: Annually | P14: Y | Q14: 68 | R14: Jan-13 | S14: 39692 | U14: OGP with NAP but does not include aid transparency commitments | X14: 1992.2299 | Y14: 36.982159 | Z14: =SUM(Table1[[#This Row],[Total ODA Spend in 2012 (in USD mn)]:[Total OOF Spend in 2012 (USD n)]]) -> 2029.2121 | AA14: DAC CRS 2012 | AB14: Tanzania | AC14: DAC CRS 2012
A15: 46015 | B15: European Bank of Reconstruction and Development | C15: EBRD | D15: Multilateral | E15: IFI | U15: Not Applicable | Y15: 3336.3201 | Z15: =SUM(Table1[[#This Row],[Total ODA Spend in 2012 (in USD mn)]:[Total OOF Spend in 2012 (USD n)]]) -> 3336.3201 | AA15: DAC CRS 2012 | AB15: Turkey | AC15: DAC CRS 2012
A16: EU-1 | B16: DG Development and Cooperation - EuropeAid | C16: EC, DEVCO | D16: Multilateral | H16: EU Institution | K16: DAC Member | L16: IATI publisher | M16: IATI Member | N16: Quarterly | O16: Monthly | P16: Y | Q16: 87 | R16: 40817 | S16: 39692 | U16: Not Applicable | X16: 12477.82 | Z16: =SUM(Table1[[#This Row],[Total ODA Spend in 2012 (in USD mn)]:[Total OOF Spend in 2012 (USD n)]]) -> 12477.82 | AA16: Europeaid 2012 Annual Report (page 184) | AB16: Afghanistan | AC16: Europeaid 2012 Annual Report (page 199)
A17: EU-4 | B17: DG Humanitarian Aid and Civil Protection | C17: EC, ECHO | D17: Multilateral | G17: Humanitarian | H17: EU Institution | K17: DAC Member | L17: IATI publisher | M17: IATI Member | N17: Quarterly | O17: Quarterly | P17: Y | Q17: 59 | R17: Jul-13 | S17: 39692 | U17: Not Applicable | X17: 1775.81 | Z17: =SUM(Table1[[#This Row],[Total ODA Spend in 2012 (in USD mn)]:[Total OOF Spend in 2012 (USD n)]]) -> 1775.81 | AA17: http://ec.europa.eu/echo/files/funding/figures/budget_implementation/AnnexVIII.pdf | AB17: Sudan | AC17: http://ec.europa.eu/echo/files/funding/figures/budget_implementation/AnnexVIII.pdf
A18: EU-5 | B18: DG Enlargement | C18: EC, ELARG | D18: Multilateral | H18: EU Institution | K18: DAC Member | L18: IATI publisher | M18: IATI Member | N18: Monthly | O18: Monthly | P18: Y | Q18: 77 | R18: Jul-13 | S18: 39692 | U18: Not Applicable | X18: 2462.14 | Z18: =SUM(Table1[[#This Row],[Total ODA Spend in 2012 (in USD mn)]:[Total OOF Spend in 2012 (USD n)]]) -> 2462.14 | AA18: http://ec.europa.eu/enlargement/instruments/overview/index_en.htm | AB18: Serbia | AC18: http://ec.europa.eu/enlargement/instruments/overview/index_en.htm
A19: EU-6 | B19: Service for Foreign Policy Instruments | C19: EC, FPI | D19: Multilateral | H19: EU Institution | K19: DAC Member | L19: IATI publisher | M19: IATI Member | N19: Quarterly | O19: Annually | P19: Y | Q19: 91 | R19: Jul-13 | S19: 39692 | U19: Not Applicable | X19: 303 | Z19: =SUM(Table1[[#This Row],[Total ODA Spend in 2012 (in USD mn)]:[Total OOF Spend in 2012 (USD n)]]) -> 303 | AA19: http://ec.europa.eu/dgs/fpi/documents/fpi_activity_report_2012_en.pdf | AB19: Needs checking with Mindy
A20: 42004 | B20: European Investment Bank | C20: EIB | D20: Multilateral | E20: IFI | H20: EU Institution | K20: DAC Member | M20: IATI Member | S20: 41558 | U20: Not Applicable | X20: 6050.1593 | Y20: 775.59517 | Z20: =SUM(Table1[[#This Row],[Total ODA Spend in 2012 (in USD mn)]:[Total OOF Spend in 2012 (USD n)]]) -> 6825.7545 | AA20: DAC CRS 2012 | AB20: Turkey | AC20: DAC CRS 2012
A21: EE-1 | B21: Estonia - Ministry of Foreign Affairs | C21: Estonia, MFA | D21: Bilateral | H21: EU MS | K21: Non DAC Donor reporting aid stats to DAC | U21: OGP with NAP but does not include aid transparency commitments | V21: OAP | W21: EU-13 | X21: 23.24 | Z21: =SUM(Table1[[#This Row],[Total ODA Spend in 2012 (in USD mn)]:[Total OOF Spend in 2012 (USD n)]]) -> 23.24 | AA21: OECD NDD 2012 | AB21: Afghanistan | AC21: http://www.vm.ee/?q=en/node/14944
A22: FI-3 | B22: Finland - Ministry of Foreign Affairs | C22: Finland, MFA | D22: Bilateral | H22: EU MS | K22: DAC Member | L22: IATI publisher | M22: IATI Member | N22: Quarterly | O22: Quarterly | P22: Y | Q22: 46 | R22: 40848 | S22: 39692 | U22: OGP with NAP but does not include aid transparency commitments | V22: OAP | X22: 730.50915 | Z22: =SUM(Table1[[#This Row],[Total ODA Spend in 2012 (in USD mn)]:[Total OOF Spend in 2012 (USD n)]]) -> 730.50915 | AA22: DAC CRS 2012 | AB22: Mozambique | AC22: DAC CRS 2012
A23: FR-3 | B23: France - French Development Agency | C23: France, AFD | D23: Bilateral | H23: EU MS | K23: DAC Member | L23: IATI publisher- but non-comprehensive publication | P23: Y | Q23: 62 | R23: 41640 | T23: G7 | U23: OGP - Developing 1st NAP | X23: 4299.6 | Y23: 1272.3439 | Z23: =SUM(Table1[[#This Row],[Total ODA Spend in 2012 (in USD mn)]:[Total OOF Spend in 2012 (USD n)]]) -> 5571.9439 | AA23: DAC CRS 2012 | AB23: Brazil | AC23: DAC CRS 2012
A24: FR-6 | B24: France - Ministry of Foreign Affairs and International Development | C24: France, MAEDI | D24: Bilateral | H24: EU MS | K24: DAC Member | L24: IATI publisher | N24: Quarterly | O24: NA | P24: Y | Q24: 25 | R24: 41640 | T24: G7 | U24: OGP - Developing 1st NAP | X24: 985.62706 | Z24: =SUM(Table1[[#This Row],[Total ODA Spend in 2012 (in USD mn)]:[Total OOF Spend in 2012 (USD n)]]) -> 985.62706 | AA24: DAC CRS 2012 | AB24: Morocco | AC24: DAC CRS 2012
A25: FR-10 | B25: France - Ministry of Economics, Finance and Industry | C25: France, MINEFI | D25: Bilateral | H25: EU MS | K25: DAC Member | L25: ? | P25: Y | Q25: 13 | T25: G7 | U25: OGP - Developing 1st NAP | X25: 1921.4262 | Z25: =SUM(Table1[[#This Row],[Total ODA Spend in 2012 (in USD mn)]:[Total OOF Spend in 2012 (USD n)]]) -> 1921.4262 | AA25: DAC CRS 2012 | AB25: Cote d'Ivoire | AC25: DAC CRS 2012
A26: US-EIN-562618866 | B26: The Bill and Melinda Gates Foundation | C26: Gates Foundation | D26: PFT | L26: IATI publisher | M26: IATI Member | N26: Less than quarterly | O26: NA | P26: Y | Q26: 73 | R26: 41699 | S26: 41548 | U26: Not Applicable | X26: 2372 | Z26: =SUM(Table1[[#This Row],[Total ODA Spend in 2012 (in USD mn)]:[Total OOF Spend in 2012 (USD n)]]) -> 2372 | AA26: DAC CRS 2012 | AB26: Global Development | AC26: 2012 Annual Report
A27: 47122 | B27: GAVI | C27: GAVI | D27: Multilateral | F27: Health | L27: IATI publisher | N27: Monthly | O27: Quarterly | P27: Y | Q27: 98 | R27: Jan-12 | U27: Not Applicable | X27: 1068.2603 | Z27: =SUM(Table1[[#This Row],[Total ODA Spend in 2012 (in USD mn)]:[Total OOF Spend in 2012 (USD n)]]) -> 1068.2603 | AA27: DAC CRS 2012 | AB27: Pakistan | AC27: DAC CRS 2012
A28: DE-1 | B28: Germany - Ministry for Economic Cooperation and Development - GIZ | C28: Germany, BMZ-GIZ | D28: Bilateral | H28: EU MS | K28: DAC Member | L28: IATI publisher | M28: IATI Member | N28: Quarterly | O28: Six-monthly | P28: Y | Q28: 56 | R28: Mar-13 | S28: 39692 | T28: G7 | U28: Not joined OGP | X28: 5780.12 | Z28: =SUM(Table1[[#This Row],[Total ODA Spend in 2012 (in USD mn)]:[Total OOF Spend in 2012 (USD n)]]) -> 5780.12 | AA28: DAC CRS 2012 | AB28: Kenya | AC28: DAC CRS 2012
A29: DE-2 | B29: Germany - Ministry for Economic Cooperation and Development - KfW | C29: Germany, BMZ-KfW | D29: Bilateral | H29: EU MS | K29: DAC Member | L29: IATI publisher | M29: IATI Member | N29: Quarterly | O29: Six-monthly | P29: Y | Q29: 56 | R29: Mar-13 | S29: 39692 | T29: G7 | U29: Not joined OGP | X29: 885.1111 | Y29: 433.81923 | Z29: =SUM(Table1[[#This Row],[Total ODA Spend in 2012 (in USD mn)]:[Total OOF Spend in 2012 (USD n)]]) -> 1318.9303 | AA29: DAC CRS 2012 | AB29: China | AC29: DAC CRS 2012
A30: DE-11 | B30: Germany - Foreign Office | C30: Germany, AA | D30: Bilateral | H30: EU MS | K30: DAC Member | P30: Y | Q30: 56 | R30: Mar-13 | S30: 39692 | T30: G7 | U30: Not joined OGP | X30: 1055.9044 | Z30: =SUM(Table1[[#This Row],[Total ODA Spend in 2012 (in USD mn)]:[Total OOF Spend in 2012 (USD n)]]) -> 1055.9044 | AA30: DAC CRS 2012 | AB30: Afghanistan | AC30: DAC CRS 2012
A31: 47045 | B31: The Global Fund to Fight AIDS, Tuberculosis and Malaria | C31: Global Fund | D31: Multilateral | F31: Health | L31: IATI publisher | M31: IATI Member | N31: Monthly | O31: Monthly | P31: Y | Q31: 71 | R31: Nov-11 | S31: 40695 | U31: Not Applicable | X31: 3358.845 | Z31: =SUM(Table1[[#This Row],[Total ODA Spend in 2012 (in USD mn)]:[Total OOF Spend in 2012 (USD n)]]) -> 3358.845 | AA31: DAC CRS 2012 | AB31: Nigeria | AC31: DAC CRS 2012
A32: GR-3 | B32: Greece - HellenicAid | C32: Greece, HellenicAid | D32: Bilateral | H32: EU MS | K32: DAC Member | U32: OGP with NAP but does not include aid transparency commitments | X32: 107.31433 | Z32: =SUM(Table1[[#This Row],[Total ODA Spend in 2012 (in USD mn)]:[Total OOF Spend in 2012 (USD n)]]) -> 107.31433 | AA32: DAC CRS 2012 | AB32: Albania | AC32: DAC CRS 2012
A33: HU-1 | B33: Hungary - Ministry of Foreign Affairs | C33: Hungary, MFA | D33: Bilateral | H33: EU MS | K33: Non DAC Donor reporting aid stats to DAC | U33: OGP with NAP but does not include aid transparency commitments | W33: EU-13 | X33: 118.38 | Z33: =SUM(Table1[[#This Row],[Total ODA Spend in 2012 (in USD mn)]:[Total OOF Spend in 2012 (USD n)]]) -> 118.38 | AA33: OECD NDD 2012 | AB33: Ukraine | AC33: http://www.kormany.hu/download/e/cf/f0000/Magyarorsz%C3%A1g%202012%20%C3%A9vi%20nemzetk%C3%B6zi%20fejleszt%C3%A9si%20%C3%A9s%20humanit%C3%A1rius%20seg%C3%ADts%C3%A9gny%C3%BAjt%C3%A1si%20tev%C3%A9kenys%C3%A9g%C3%A9r%C5%91l.pdf
A34: 46012 | B34: Inter-American Development Bank | C34: IADB | D34: Multilateral | E34: IFI | L34: IATI publisher | M34: IATI Member | N34: Quarterly | O34: Quarterly | P34: Y | Q34: 74 | R34: Mar-13 | S34: 40848 | U34: OGP Observer | X34: 1606.0488 | Y34: 6508.4571 | Z34: =SUM(Table1[[#This Row],[Total ODA Spend in 2012 (in USD mn)]:[Total OOF Spend in 2012 (USD n)]]) -> 8114.5059 | AA34: DAC CRS 2012 | AB34: Honduras | AC34: DAC CRS 2012
A35: 43000 | B35: International Monetary Fund | C35: IMF | D35: Multilateral | E35: IFI | U35: Not Applicable | X35: 1506.447 | Z35: =SUM(Table1[[#This Row],[Total ODA Spend in 2012 (in USD mn)]:[Total OOF Spend in 2012 (USD n)]]) -> 1506.447 | AA35: DAC CRS 2012 | AB35: Cote d'Ivoire | AC35: DAC CRS 2012
A36: IE-1 | B36: Ireland - Irish Aid | C36: Ireland, Irish Aid | D36: Bilateral | H36: EU MS | K36: DAC Member | L36: IATI publisher | M36: IATI Member | N36: Less than quarterly | O36: NA | P36: Y | Q36: 59 | R36: Jul-13 | S36: 39692 | U36: OGP with NAP but does not include aid transparency commitments | X36: 528.4234 | Z36: =SUM(Table1[[#This Row],[Total ODA Spend in 2012 (in USD mn)]:[Total OOF Spend in 2012 (USD n)]]) -> 528.4234 | AA36: DAC CRS 2012 | AB36: Mozambique | AC36: DAC CRS 2012
A37: IT-4 | B37: Italy - Ministry of Foreign Affairs and International Cooperation | C37: Italy, MAE | D37: Bilateral | H37: EU MS | K37: DAC Member | T37: G7 | U37: OGP with NAP but does not include aid transparency commitments | X37: 252.76032 | Z37: =SUM(Table1[[#This Row],[Total ODA Spend in 2012 (in USD mn)]:[Total OOF Spend in 2012 (USD n)]]) -> 252.76032 | AA37: DAC CRS 2012 | AB37: Afghanistan | AC37: DAC CRS 2012
A38: JP-8 | B38: Japan - Japan International Cooperation Agency | C38: Japan, JICA | D38: Bilateral | K38: DAC Member | L38: IATI publisher | N38: Less than quarterly | O38: NA | R38: 41791 | T38: G7 | U38: Not joined OGP | X38: 10066.53 | Z38: =SUM(Table1[[#This Row],[Total ODA Spend in 2012 (in USD mn)]:[Total OOF Spend in 2012 (USD n)]]) -> 10066.53 | AA38: DAC CRS 2012 | AB38: Vietnam | AC38: DAC CRS 2012
A39: JP-2 | B39: Japan, Ministry of Foreign Affairs | C39: Japan, MOFA | D39: Bilateral | K39: DAC Member | L39: IATI publisher - but no current data | R39: 41791 | T39: G7 | U39: Not joined OGP | X39: 3886.1268 | Z39: =SUM(Table1[[#This Row],[Total ODA Spend in 2012 (in USD mn)]:[Total OOF Spend in 2012 (USD n)]]) -> 3886.1268 | AA39: DAC CRS 2012 | AB39: Afghanistan | AC39: DAC CRS 2012
A40: KR-4 | B40: Korea - Korean International Cooperation Agency | C40: Korea, KOICA | D40: Bilateral | K40: DAC Member | U40: OGP with NAP but does not include aid transparency commitments | X40: 444.53731 | Z40: =SUM(Table1[[#This Row],[Total ODA Spend in 2012 (in USD mn)]:[Total OOF Spend in 2012 (USD n)]]) -> 444.53731 | AA40: DAC CRS 2012 | AB40: Mongolia | AC40: DAC CRS 2012
A41: LV-1 | B41: Latvia - Ministry of Foreign Affairs | C41: Latvia, MFA | D41: Bilateral | H41: EU MS | K41: Non DAC Donor reporting aid stats to DAC | U41: OGP with NAP but does not include aid transparency commitments | W41: EU-13 | X41: 21.11 | Z41: =SUM(Table1[[#This Row],[Total ODA Spend in 2012 (in USD mn)]:[Total OOF Spend in 2012 (USD n)]]) -> 21.11 | AA41: OECD NDD 2012 | AB41: Afghanistan | AC41: http://www.mfa.gov.lv/data/Belarus/file/copy%20of%20lvl%20oda%20total%202012.xls
A42: LT-1 | B42: Lithuania - Ministry of Foreign Affairs | C42: Lithuania, MFA | D42: Bilateral | H42: EU MS | K42: Non DAC Donor reporting aid stats to DAC | U42: OGP with NAP but does not include aid transparency commitments | W42: EU-13 | X42: 51.91 | Z42: =SUM(Table1[[#This Row],[Total ODA Spend in 2012 (in USD mn)]:[Total OOF Spend in 2012 (USD n)]]) -> 51.91 | AA42: OECD NDD 2012 | AB42: Belarus | AC42: http://www.orangeprojects.lt/site/newfiles/files/LVB_2012_EN.pdf
A43: LU-1 | B43: Luxembourg - Ministry of Foreign Affairs | C43: Luxembourg, MFA | D43: Bilateral | H43: EU MS | K43: DAC Member | U43: Not joined OGP | X43: 279.49746 | Z43: =SUM(Table1[[#This Row],[Total ODA Spend in 2012 (in USD mn)]:[Total OOF Spend in 2012 (USD n)]]) -> 279.49746 | AA43: DAC CRS 2012 | AB43: Mali | AC43: DAC CRS 2012
A44: MT-1 | B44: Malta - Ministry of Foreign Affairs | C44: Malta, MFA | D44: Bilateral | H44: EU MS | K44: Non DAC Donor reporting aid stats to DAC | U44: OGP with NAP but does not include aid transparency commitments | W44: EU-13 | X44: 18.58 | Z44: =SUM(Table1[[#This Row],[Total ODA Spend in 2012 (in USD mn)]:[Total OOF Spend in 2012 (USD n)]]) -> 18.58 | AA44: OECD NDD 2012 | AB44: Kenya | AC44: http://www.timesofmalta.com/articles/view/20130301/local/188-000-awarded-for-16-projects-in-developing-world.459632#.Us_1pfRdWMM
A45: NL-1 | B45: Netherlands - Ministry of Foreign Affairs | C45: Netherlands, MFA | D45: Bilateral | H45: EU MS | K45: DAC Member | L45: IATI publisher | M45: IATI Member | N45: Monthly | O45: Monthly | P45: Y | Q45: 76 | R45: Sep-11 | S45: 39692 | U45: OGP with NAP but does not include aid transparency commitments | V45: OAP | X45: 3963.9788 | Z45: =SUM(Table1[[#This Row],[Total ODA Spend in 2012 (in USD mn)]:[Total OOF Spend in 2012 (USD n)]]) -> 3963.9788 | AA45: DAC CRS 2012 | AB45: Ethiopia | AC45: DAC CRS 2012
A46: NZ-2 | B46: New Zealand - Ministry of Foreign Affairs and Trade | C46: New Zealand, MFAT | D46: Bilateral | K46: DAC Member | L46: IATI publisher | M46: IATI Member | N46: Quarterly | O46: Six-monthly | P46: Y | Q46: 54 | R46: Jul-13 | S46: 39783 | U46: OGP - Developing 1st NAP | X46: 346.23671 | Z46: =SUM(Table1[[#This Row],[Total ODA Spend in 2012 (in USD mn)]:[Total OOF Spend in 2012 (USD n)]]) -> 346.23671 | AA46: DAC CRS 2012 | AB46: Solomon Islands | AC46: DAC CRS 2012
A47: NO-4 | B47: Norway - Ministry of Foreign Affairs | C47: Norway, MFA | D47: Bilateral | K47: DAC Member | M47: IATI Member | P47: Y | Q47: 68 | S47: 39692 | U47: OGP with NAP but does not include aid transparency commitments | X47: 3212.27 | Z47: =SUM(Table1[[#This Row],[Total ODA Spend in 2012 (in USD mn)]:[Total OOF Spend in 2012 (USD n)]]) -> 3212.27 | AA47: DAC CRS 2012 | AB47: Afghanistan | AC47: DAC CRS 2012
A48: PL-1 | B48: Poland - Ministry of Foreign Affairs | C48: Poland, MFA | D48: Bilateral | H48: EU MS | K48: DAC Member | U48: Not joined OGP | W48: EU-13 | X48: 483.09 | Z48: =SUM(Table1[[#This Row],[Total ODA Spend in 2012 (in USD mn)]:[Total OOF Spend in 2012 (USD n)]]) -> 483.09 | AA48: PolishAid website | AB48: Belarus | AC48: PolishAid Annual Report http://www.polskapomoc.gov.pl/files/Aktualnosci2013/Raport_2012/Raport_2012_eng.pdf
A49: PT-2 | B49: Portugal - Camões - Institute for Cooperation and Language | C49: Portugal, CICL | D49: Bilateral | H49: EU MS | K49: DAC Member | U49: Not joined OGP | X49: 27.877892 | Z49: =SUM(Table1[[#This Row],[Total ODA Spend in 2012 (in USD mn)]:[Total OOF Spend in 2012 (USD n)]]) -> 27.877892 | AA49: DAC CRS 2012 | AB49: Cape Verde | AC49: DAC CRS 2012
A50: RO-1 | B50: Romania - Ministry of Foreign Affairs | C50: Romania, MFA | D50: Bilateral | H50: EU MS | K50: Non DAC Donor reporting aid stats to DAC | U50: OGP with NAP but does not include aid transparency commitments | W50: EU-13 | X50: 142.41 | Z50: =SUM(Table1[[#This Row],[Total ODA Spend in 2012 (in USD mn)]:[Total OOF Spend in 2012 (USD n)]]) -> 142.41 | AA50: OECD NDD 2012 | AB50: Moldova | AC50: http://www.aod.ro/resurse/RAPORT%20ODA%202012_EN.pdf
A51: SK-1 | B51: Slovakia - Slovak Agency for International Development Cooperation | C51: Slovakia, SAIDC | D51: Bilateral | H51: EU MS | K51: DAC Member | U51: OGP with NAP but does not include aid transparency commitments | W51: EU-13 | X51: 82.95 | Z51: =SUM(Table1[[#This Row],[Total ODA Spend in 2012 (in USD mn)]:[Total OOF Spend in 2012 (USD n)]]) -> 82.95 | AA51: SlovakAid website | AB51: Kenya | AC51: Slovak Aid 2012 Annual Report
A52: SI-1 | B52: Slovenia - Ministry of Foreign Affairs | C52: Slovenia, MFA | D52: Bilateral | H52: EU MS | K52: DAC Member | U52: Not joined OGP | W52: EU-13 | X52: 58 | Z52: =SUM(Table1[[#This Row],[Total ODA Spend in 2012 (in USD mn)]:[Total OOF Spend in 2012 (USD n)]]) -> 58 | AA52: http://www.oecd.org/dac/peer-reviews/slovenia-dacs-29th-member.htm | AB52: Montenegro | AC52: http://www.mzz.gov.si/fileadmin/pageuploads/Zunanja_politika/brosura_MRS_2011_outlines_a.pdf
A53: ES-5 | B53: Spain - Ministry of Foreign Affairs and Cooperation | C53: Spain, MAEC | D53: Bilateral | H53: EU MS | K53: DAC Member | L53: IATI publisher | N53: Monthly | O53: Monthly | P53: Y | Q53: 60 | R53: 40817 | U53: OGP with NAP that includes aid transparency | V53: OAP | X53: 618 | Z53: =SUM(Table1[[#This Row],[Total ODA Spend in 2012 (in USD mn)]:[Total OOF Spend in 2012 (USD n)]]) -> 618 | AA53: DAC CRS 2012 | AB53: Morocco | AC53: DAC CRS 2012
A54: SE-6 | B54: Sweden - Ministry of Foreign Affairs- Swedish International Development Cooperation Agency | C54: Sweden, MFA-Sida | D54: Bilateral | H54: EU MS | K54: DAC Member | L54: IATI publisher | M54: IATI Member | N54: Monthly | O54: Monthly | P54: Y | Q54: 95 | R54: Nov-11 | S54: 39692 | U54: OGP with NAP that includes aid transparency | V54: OAP | X54: 3587.0513 | Z54: =SUM(Table1[[#This Row],[Total ODA Spend in 2012 (in USD mn)]:[Total OOF Spend in 2012 (USD n)]]) -> 3587.0513 | AA54: DAC CRS 2012 | AB54: Mozambique | AC54: DAC CRS 2012
A55: CH-4 | B55: Swiss Agency for Development and Cooperation | C55: Switzerland, SDC | D55: Bilateral | K55: DAC Member | L55: IATI publisher | M55: IATI Member | N55: Quarterly | O55: Monthly | P55: Y | Q55: 50 | R55: 41579 | S55: 39965 | U55: Not joined OGP | X55: 1283.0059 | Z55: =SUM(Table1[[#This Row],[Total ODA Spend in 2012 (in USD mn)]:[Total OOF Spend in 2012 (USD n)]]) -> 1283.0059 | AA55: DAC CRS 2012 | AB55: Nepal | AC55: DAC CRS 2012
A56: US-7 | B56: U.S. - Department of Defense | C56: U.S., Defense | D56: Bilateral | I56: US Agency | K56: DAC Member | L56: IATI publisher | M56: IATI Member | N56: Monthly | O56: Quarterly | P56: Y | Q56: 31 | R56: May-13 | S56: 40848 | T56: G7 | U56: OGP with NAP that includes aid transparency | X56: 489.80787 | Z56: =SUM(Table1[[#This Row],[Total ODA Spend in 2012 (in USD mn)]:[Total OOF Spend in 2012 (USD n)]]) -> 489.80787 | AA56: DAC CRS 2012 | AB56: Afghanistan | AC56: DAC CRS 2012
A57: US-18 | B57: U.S. - Millennium Challenge Cooperation | C57: U.S., MCC | D57: Bilateral | I57: US Agency | K57: DAC Member | L57: IATI publisher | M57: IATI Member | N57: Monthly | O57: Quarterly | P57: Y | Q57: 75 | R57: Jan-13 | S57: 40848 | T57: G7 | U57: OGP with NAP that includes aid transparency | X57: 1354.5794 | Z57: =SUM(Table1[[#This Row],[Total ODA Spend in 2012 (in USD mn)]:[Total OOF Spend in 2012 (USD n)]]) -> 1354.5794 | AA57: DAC CRS 2012 | AB57: Burkina Faso* | AC57: DAC CRS 2012
A58: US-14 | B58: U.S. - President’s Emergency Fund Plan for AIDS Relief (PEPFAR) | C58: U.S., PEPFAR | D58: Bilateral | F58: Health | I58: US Agency | K58: DAC Member | L58: IATI publisher | M58: IATI Member | N58: Monthly | O58: Quarterly | P58: Y | Q58: 31 | R58: 41791 | S58: 40848 | T58: G7 | U58: OGP with NAP that includes aid transparency | X58: 6639 | Z58: =SUM(Table1[[#This Row],[Total ODA Spend in 2012 (in USD mn)]:[Total OOF Spend in 2012 (USD n)]]) -> 6639 | AA58: http://www.pepfar.gov/documents/organization/189671.pdf | AB58: South Africa | AC58: http://www.pepfar.gov/documents/organization/183974.pdf
A59: US-11 | B59: U.S. - Department of State | C59: U.S., State | D59: Bilateral | I59: US Agency | K59: DAC Member | L59: IATI publisher | M59: IATI Member | N59: Monthly | O59: Quarterly | P59: Y | Q59: 31 | R59: 41791 | S59: 40848 | T59: G7 | U59: OGP with NAP that includes aid transparency | X59: 4198.1307 | Z59: =SUM(Table1[[#This Row],[Total ODA Spend in 2012 (in USD mn)]:[Total OOF Spend in 2012 (USD n)]]) -> 4198.1307 | AA59: DAC CRS 2012 | AB59: Afghanistan | AC59: DAC CRS 2012
A60: US-6 | B60: U.S. - Department of the Treasury | C60: U.S., Treasury | D60: Bilateral | I60: US Agency | K60: DAC Member | L60: IATI publisher - but no current data | M60: IATI Member | N60: Monthly | O60: Quarterly | P60: Y | Q60: 31 | R60: May-13 | S60: 40848 | T60: G7 | U60: OGP with NAP that includes aid transparency | X60: 184.68668 | Z60: =SUM(Table1[[#This Row],[Total ODA Spend in 2012 (in USD mn)]:[Total OOF Spend in 2012 (USD n)]]) -> 184.68668 | AA60: DAC CRS 2012 | AB60: Afghanistan | AC60: DAC CRS 2012
A61: US-1 | B61: U.S. - United States Agency for International Development | C61: U.S., USAID | D61: Bilateral | I61: US Agency | K61: DAC Member | L61: IATI publisher | M61: IATI Member | N61: Monthly | O61: Quarterly | P61: Y | Q61: 31 | R61: Jan-13 | S61: 40848 | T61: G7 | U61: OGP with NAP that includes aid transparency | V61: OAP | X61: 15572.462 | Z61: =SUM(Table1[[#This Row],[Total ODA Spend in 2012 (in USD mn)]:[Total OOF Spend in 2012 (USD n)]]) -> 15572.462 | AA61: DAC CRS 2012 | AB61: Afghanistan | AC61: DAC CRS 2012
A62: GB-1 | B62: UK - Department for International Development | C62: UK, DFID | D62: Bilateral | H62: EU MS | K62: DAC Member | L62: IATI publisher | M62: IATI Member | N62: Monthly | O62: Monthly | P62: Y | Q62: 88 | R62: Jan-11 | S62: 39692 | T62: G7 | U62: OGP with NAP that includes aid transparency | V62: OAP | X62: 7227.8604 | Z62: =SUM(Table1[[#This Row],[Total ODA Spend in 2012 (in USD mn)]:[Total OOF Spend in 2012 (USD n)]]) -> 7227.8604 | AA62: DAC CRS 2012 | AB62: Ethiopia | AC62: DAC CRS 2012
A63: GB-3 | B63: UK - Foreign and Commonwealth Office | C63: UK, FCO | D63: Bilateral | H63: EU MS | K63: DAC Member | L63: IATI publisher | N63: Quarterly | O63: Quarterly | P63: Y | Q63: 63 | R63: Jul-13 | T63: G7 | U63: OGP with NAP that includes aid transparency | V63: OAP | X63: 413.36551 | Z63: =SUM(Table1[[#This Row],[Total ODA Spend in 2012 (in USD mn)]:[Total OOF Spend in 2012 (USD n)]]) -> 413.36551 | AA63: DAC CRS 2012 | AB63: China | AC63: DAC CRS 2012
A64: GB-6 | B64: UK - Ministry of Defence | C64: UK, MOD | D64: Bilateral | H64: EU MS | K64: DAC Member | T64: G7 | U64: OGP with NAP that includes aid transparency | V64: OAP | X64: 7.9226747 | Z64: =SUM(Table1[[#This Row],[Total ODA Spend in 2012 (in USD mn)]:[Total OOF Spend in 2012 (USD n)]]) -> 7.9226747 | AA64: DAC CRS 2012 | AB64: Afghanistan | AC64: http://icai.independent.gov.uk/wp-content/uploads/2011/11/Conflict-pool-ToRs-FINAL5.pdf
A65: 41127 | B65: United Nations Office for the Coordination of Humanitarian Affairs (UN OCHA) | C65: UN OCHA | D65: Multilateral | G65: Humanitarian | J65: UN Agency | L65: IATI publisher | M65: IATI Member | N65: Monthly | O65: Monthly | P65: Y | Q65: 32 | R65: Mar-13 | S65: 41122 | U65: Not Applicable | X65: 919 | Z65: =SUM(Table1[[#This Row],[Total ODA Spend in 2012 (in USD mn)]:[Total OOF Spend in 2012 (USD n)]]) -> 919 | AA65: https://docs.unocha.org/sites/dms/Documents/Global%20Overview%20of%202012%20Pooled%20Funding%20-%20CERF,%20CHFs%20and%20ERFs.pdf | AB65: South Sudan | AC65: https://docs.unocha.org/sites/dms/Documents/Global%20Overview%20of%202012%20Pooled%20Funding%20-%20CERF,%20CHFs%20and%20ERFs.pdf
A66: 41114 | B66: United Nations Development Programme (UNDP) | C66: UNDP | D66: Multilateral | J66: UN Agency | L66: IATI publisher | M66: IATI Member | N66: Monthly | O66: Monthly | P66: Y | Q66: 97 | R66: Nov-11 | S66: 40848 | U66: OGP Observer | X66: 487.21 | Z66: =SUM(Table1[[#This Row],[Total ODA Spend in 2012 (in USD mn)]:[Total OOF Spend in 2012 (USD n)]]) -> 487.21 | AA66: DAC CRS 2012 | AB66: Ethiopia | AC66: DAC CRS 2012
A67: 41122 | B67: United Nations Children’s Fund (UNICEF) | C67: UNICEF | D67: Multilateral | J67: UN Agency | L67: IATI publisher | M67: IATI Member | N67: Quarterly | O67: Annually | P67: Y | Q67: 94 | R67: Jun-13 | S67: 40969 | U67: Not Applicable | X67: 1154.9704 | Z67: =SUM(Table1[[#This Row],[Total ODA Spend in 2012 (in USD mn)]:[Total OOF Spend in 2012 (USD n)]]) -> 1154.9704 | AA67: DAC CRS 2012 | AB67: Nigeria | AC67: DAC CRS 2012
A68: 44002 | B68: World Bank - International Development Association | C68: World Bank, IDA | D68: Multilateral | L68: IATI publisher | M68: IATI Member | N68: Quarterly | O68: Quarterly | P68: Y | Q68: 89 | R68: Apr-11 | S68: 39692 | U68: OGP Observer | V68: OAP | X68: 12163.364 | Z68: =SUM(Table1[[#This Row],[Total ODA Spend in 2012 (in USD mn)]:[Total OOF Spend in 2012 (USD n)]]) -> 12163.364 | AA68: DAC CRS 2012 | AB68: Cote d'Ivoire | AC68: DAC CRS 2012
A69: 44004 | B69: World Bank - International Finance Corporation | C69: World Bank, IFC | D69: Multilateral | E69: IFI | M69: IATI Member | U69: OGP Observer | V69: OAP | X69: 18000 | Z69: =SUM(Table1[[#This Row],[Total ODA Spend in 2012 (in USD mn)]:[Total OOF Spend in 2012 (USD n)]]) -> 18000 | AA69: 2012 Annual Report | AB69: India | AC69: 2012 Annual Report

Sheet Overall scores and ranking
A1: Overall scores and ranking
A3: Row Labels | B3: Sum of indicator_total_weighted_points | C3: Rank in 2014 | D3: Performance group
A4: UNDP | B4: 90.637112 | C4: =RANK(B4,$B$4:$B$71,0) -> 1 | D4: =IF(B4>79.99,"Very good",IF(B4>59.99,"Good",IF(B4>39.99,"Fair",IF(B4>19.99,"Poor","Very Poor")))) -> Very good
A5: UK, DFID | B5: 88.33674 | C5: =RANK(B5,$B$4:$B$71,0) -> 2 | D5: =IF(B5>79.99,"Very good",IF(B5>59.99,"Good",IF(B5>39.99,"Fair",IF(B5>19.99,"Poor","Very Poor")))) -> Very good
A6: U.S., MCC | B6: 86.894622 | C6: =RANK(B6,$B$4:$B$71,0) -> 3 | D6: =IF(B6>79.99,"Very good",IF(B6>59.99,"Good",IF(B6>39.99,"Fair",IF(B6>19.99,"Poor","Very Poor")))) -> Very good
A7: GAVI | B7: 86.745722 | C7: =RANK(B7,$B$4:$B$71,0) -> 4 | D7: =IF(B7>79.99,"Very good",IF(B7>59.99,"Good",IF(B7>39.99,"Fair",IF(B7>19.99,"Poor","Very Poor")))) -> Very good
A8: AsDB | B8: 83.842838 | C8: =RANK(B8,$B$4:$B$71,0) -> 5 | D8: =IF(B8>79.99,"Very good",IF(B8>59.99,"Good",IF(B8>39.99,"Fair",IF(B8>19.99,"Poor","Very Poor")))) -> Very good
A9: Sweden, MFA-Sida | B9: 83.27401 | C9: =RANK(B9,$B$4:$B$71,0) -> 6 | D9: =IF(B9>79.99,"Very good",IF(B9>59.99,"Good",IF(B9>39.99,"Fair",IF(B9>19.99,"Poor","Very Poor")))) -> Very good
A10: World Bank, IDA | B10: 82.268961 | C10: =RANK(B10,$B$4:$B$71,0) -> 7 | D10: =IF(B10>79.99,"Very good",IF(B10>59.99,"Good",IF(B10>39.99,"Fair",IF(B10>19.99,"Poor","Very Poor")))) -> Very good
A11: AfDB | B11: 74.516029 | C11: =RANK(B11,$B$4:$B$71,0) -> 8 | D11: =IF(B11>79.99,"Very good",IF(B11>59.99,"Good",IF(B11>39.99,"Fair",IF(B11>19.99,"Poor","Very Poor")))) -> Good
A12: IADB | B12: 73.917398 | C12: =RANK(B12,$B$4:$B$71,0) -> 9 | D12: =IF(B12>79.99,"Very good",IF(B12>59.99,"Good",IF(B12>39.99,"Fair",IF(B12>19.99,"Poor","Very Poor")))) -> Good
A13: Global Fund | B13: 73.298105 | C13: =RANK(B13,$B$4:$B$71,0) -> 10 | D13: =IF(B13>79.99,"Very good",IF(B13>59.99,"Good",IF(B13>39.99,"Fair",IF(B13>19.99,"Poor","Very Poor")))) -> Good
A14: Canada, DFATD | B14: 71.671349 | C14: =RANK(B14,$B$4:$B$71,0) -> 11 | D14: =IF(B14>79.99,"Very good",IF(B14>59.99,"Good",IF(B14>39.99,"Fair",IF(B14>19.99,"Poor","Very Poor")))) -> Good
A15: EC, FPI | B15: 69.076055 | C15: =RANK(B15,$B$4:$B$71,0) -> 12 | D15: =IF(B15>79.99,"Very good",IF(B15>59.99,"Good",IF(B15>39.99,"Fair",IF(B15>19.99,"Poor","Very Poor")))) -> Good
... A71: China, MOFCOM | B71: 2.219778 | C71: =RANK(B71,$B$4:$B$71,0) -> 68 | D71: =IF(B71>79.99,"Very good",IF(B71>59.99,"Good",IF(B71>39.99,"Fair",IF(B71>19.99,"Poor","Very Poor")))) -> Very Poor
A72: Dynamic average | B72: =SUBTOTAL(1,B4:B71) -> 38.92705

Sheet Table of performance groups
A1: Performance Groups
A3: Very good | C3: Good | E3: Fair | G3: Poor | I3: Very poor
A4: (scores of 80 - 100%) | C4: (scores 60 - 79%) | E4: (scores 40 - 59%) | G4: (scores of 20 -39%) | I4: (scores 0 - 19%)
A5: UNDP | B5: =VLOOKUP(A5,'Overall scores and ranking'!$A$4:$B$71,2,FALSE) -> 90.637112 | C5: AfDB | D5: =VLOOKUP(C5,'Overall scores and ranking'!$A$4:$B$71,2,FALSE) -> 74.516029 | E5: EC, ECHO | F5: =VLOOKUP(E5,'Overall scores and ranking'!$A$4:$B$71,2,FALSE) -> 59.913797 | G5: U.S., State | H5: =VLOOKUP(G5,'Overall scores and ranking'!$A$4:$B$71,2,FALSE) -> 38.802452 | I5: Austria, ADA | J5: =VLOOKUP(I5,'Overall scores and ranking'!$A$4:$B$71,2,FALSE) -> 19.072685
A6: UK, DFID | B6: =VLOOKUP(A6,'Overall scores and ranking'!$A$4:$B$71,2,FALSE) -> 88.33674 | C6: IADB | D6: =VLOOKUP(C6,'Overall scores and ranking'!$A$4:$B$71,2,FALSE) -> 73.917398 | E6: Germany, BMZ-GIZ | F6: =VLOOKUP(E6,'Overall scores and ranking'!$A$4:$B$71,2,FALSE) -> 53.922389 | G6: Japan, JICA | H6: =VLOOKUP(G6,'Overall scores and ranking'!$A$4:$B$71,2,FALSE) -> 37.214129 | I6: Latvia, MFA | J6: =VLOOKUP(I6,'Overall scores and ranking'!$A$4:$B$71,2,FALSE) -> 19.032906
A7: U.S., MCC | B7: =VLOOKUP(A7,'Overall scores and ranking'!$A$4:$B$71,2,FALSE) -> 86.894622 | C7: Global Fund | D7: =VLOOKUP(C7,'Overall scores and ranking'!$A$4:$B$71,2,FALSE) -> 73.298105 | E7: Switzerland, SDC | F7: =VLOOKUP(E7,'Overall scores and ranking'!$A$4:$B$71,2,FALSE) -> 53.780289 | G7: Korea, KOICA | H7: =VLOOKUP(G7,'Overall scores and ranking'!$A$4:$B$71,2,FALSE) -> 36.894751 | I7: Belgium, DGCD | J7: =VLOOKUP(I7,'Overall scores and ranking'!$A$4:$B$71,2,FALSE) -> 18.846489
A8: GAVI | B8: =VLOOKUP(A8,'Overall scores and ranking'!$A$4:$B$71,2,FALSE) -> 86.745722 | C8: Canada, DFATD | D8: =VLOOKUP(C8,'Overall scores and ranking'!$A$4:$B$71,2,FALSE) -> 71.671349 | E8: Netherlands, MFA | F8: =VLOOKUP(E8,'Overall scores and ranking'!$A$4:$B$71,2,FALSE) -> 53.764272 | G8: UK, FCO | H8: =VLOOKUP(G8,'Overall scores and ranking'!$A$4:$B$71,2,FALSE) -> 35.797104 | I8: Luxembourg, MFA | J8: =VLOOKUP(I8,'Overall scores and ranking'!$A$4:$B$71,2,FALSE) -> 18.812664
A9: AsDB | B9: =VLOOKUP(A9,'Overall scores and ranking'!$A$4:$B$71,2,FALSE) -> 83.842838 | C9: EC, FPI | D9: =VLOOKUP(C9,'Overall scores and ranking'!$A$4:$B$71,2,FALSE) -> 69.076055 | E9: Germany, BMZ-KFW | F9: =VLOOKUP(E9,'Overall scores and ranking'!$A$4:$B$71,2,FALSE) -> 50.82419 | G9: U.S., Treasury | H9: =VLOOKUP(G9,'Overall scores and ranking'!$A$4:$B$71,2,FALSE) -> 34.828499 | I9: Slovakia, SAIDC | J9: =VLOOKUP(I9,'Overall scores and ranking'!$A$4:$B$71,2,FALSE) -> 18.250667
A10: Sweden, MFA-Sida | B10: =VLOOKUP(A10,'Overall scores and ranking'!$A$4:$B$71,2,FALSE) -> 83.27401 | C10: EC, DEVCO | D10: =VLOOKUP(C10,'Overall scores and ranking'!$A$4:$B$71,2,FALSE) -> 68.230852 | E10: Spain, MAEC | F10: =VLOOKUP(E10,'Overall scores and ranking'!$A$4:$B$71,2,FALSE) -> 50.598213 | G10: IMF | H10: =VLOOKUP(G10,'Overall scores and ranking'!$A$4:$B$71,2,FALSE) -> 31.595882 | I10: Slovenia, MFA | J10: =VLOOKUP(I10,'Overall scores and ranking'!$A$4:$B$71,2,FALSE) -> 17.784163
A11: World Bank, IDA | B11: =VLOOKUP(A11,'Overall scores and ranking'!$A$4:$B$71,2,FALSE) -> 82.268961 | C11: UNICEF | D11: =VLOOKUP(C11,'Overall scores and ranking'!$A$4:$B$71,2,FALSE) -> 64.648943 | E11: Denmark, MFA | F11: =VLOOKUP(E11,'Overall scores and ranking'!$A$4:$B$71,2,FALSE) -> 49.639004 | G11: U.S., Defense | H11: =VLOOKUP(G11,'Overall scores and ranking'!$A$4:$B$71,2,FALSE) -> 30.75631 | I11: Japan, MOFA | J11: =VLOOKUP(I11,'Overall scores and ranking'!$A$4:$B$71,2,FALSE) -> 17.012574
C12: EC, ELARG | D12: =VLOOKUP(C12,'Overall scores and ranking'!$A$4:$B$71,2,FALSE) -> 61.767921 | E12: Gates Foundation | F12: =VLOOKUP(E12,'Overall scores and ranking'!$A$4:$B$71,2,FALSE) -> 46.551687 | G12: World Bank, IFC | H12: =VLOOKUP(G12,'Overall scores and ranking'!$A$4:$B$71,2,FALSE) -> 30.61791 | I12: Italy, MAE | J12: =VLOOKUP(I12,'Overall scores and ranking'!$A$4:$B$71,2,FALSE) -> 15.646044
E13: Finland, MFA | F13: =VLOOKUP(E13,'Overall scores and ranking'!$A$4:$B$71,2,FALSE) -> 46.27284 | G13: Czech Republic, CzDA | H13: =VLOOKUP(G13,'Overall scores and ranking'!$A$4:$B$71,2,FALSE) -> 29.48981 | I13: Poland, MFA | J13: =VLOOKUP(I13,'Overall scores and ranking'!$A$4:$B$71,2,FALSE) -> 14.359406
E14: Australia, DFAT | F14: =VLOOKUP(E14,'Overall scores and ranking'!$A$4:$B$71,2,FALSE) -> 45.91219 | G14: Estonia, MFA | H14: =VLOOKUP(G14,'Overall scores and ranking'!$A$4:$B$71,2,FALSE) -> 28.23122 | I14: Croatia, MFA | J14: =VLOOKUP(I14,'Overall scores and ranking'!$A$4:$B$71,2,FALSE) -> 11.814868
E15: New Zealand, MFAT | F15: =VLOOKUP(E15,'Overall scores and ranking'!$A$4:$B$71,2,FALSE) -> 45.121547 | G15: Norway, MFA | H15: =VLOOKUP(G15,'Overall scores and ranking'!$A$4:$B$71,2,FALSE) -> 27.648544 | I15: Romania, MFA | J15: =VLOOKUP(I15,'Overall scores and ranking'!$A$4:$B$71,2,FALSE) -> 10.551111
E16: Ireland, IrishAid | F16: =VLOOKUP(E16,'Overall scores and ranking'!$A$4:$B$71,2,FALSE) -> 42.46807 | G16: Portugal, CICL | H16: =VLOOKUP(G16,'Overall scores and ranking'!$A$4:$B$71,2,FALSE) -> 26.544537 | I16: France, MINEFI | J16: =VLOOKUP(I16,'Overall scores and ranking'!$A$4:$B$71,2,FALSE) -> 10.301158
E17: France, MAEDI | F17: =VLOOKUP(E17,'Overall scores and ranking'!$A$4:$B$71,2,FALSE) -> 42.402737 | G17: France, AFD | H17: =VLOOKUP(G17,'Overall scores and ranking'!$A$4:$B$71,2,FALSE) -> 24.667978 | I17: Brazil, ABC | J17: =VLOOKUP(I17,'Overall scores and ranking'!$A$4:$B$71,2,FALSE) -> 9.64616
E18: UN OCHA | F18: =VLOOKUP(E18,'Overall scores and ranking'!$A$4:$B$71,2,FALSE) -> 41.297012 | G18: EIB | H18: =VLOOKUP(G18,'Overall scores and ranking'!$A$4:$B$71,2,FALSE) -> 24.577409 | I18: UK, MOD | J18: =VLOOKUP(I18,'Overall scores and ranking'!$A$4:$B$71,2,FALSE) -> 9.628287
E19: U.S., PEPFAR | F19: =VLOOKUP(E19,'Overall scores and ranking'!$A$4:$B$71,2,FALSE) -> 40.666519 | G19: EBRD | H19: =VLOOKUP(G19,'Overall scores and ranking'!$A$4:$B$71,2,FALSE) -> 24.502646 | I19: Germany, AA | J19: =VLOOKUP(I19,'Overall scores and ranking'!$A$4:$B$71,2,FALSE) -> 9.1154985
E20: U.S., USAID | F20: =VLOOKUP(E20,'Overall scores and ranking'!$A$4:$B$71,2,FALSE) -> 40.312334 | I20: Hungary, MFA | J20: =VLOOKUP(I20,'Overall scores and ranking'!$A$4:$B$71,2,FALSE) -> 8.304778
I21: Bulgaria, MFA | J21: =VLOOKUP(I21,'Overall scores and ranking'!$A$4:$B$71,2,FALSE) -> 8.165
I22: Malta, MFA | J22: =VLOOKUP(I22,'Overall scores and ranking'!$A$4:$B$71,2,FALSE) -> 6.589716
I23: Lithuania, MFA | J23: =VLOOKUP(I23,'Overall scores and ranking'!$A$4:$B$71,2,FALSE) -> 6.513057
I24: Cyprus, CyprusAid | J24: =VLOOKUP(I24,'Overall scores and ranking'!$A$4:$B$71,2,FALSE) -> 5.909659
I25: Greece, HellenicAid | J25: =VLOOKUP(I25,'Overall scores and ranking'!$A$4:$B$71,2,FALSE) -> 4.719778
I26: China, MOFCOM | J26: =VLOOKUP(I26,'Overall scores and ranking'!$A$4:$B$71,2,FALSE) -> 2.219778
A28: Average score | B28: =AVERAGE(B5:B11) -> 86.000001 | D28: =AVERAGE(D5:D12) -> 69.640832 | F28: =AVERAGE(F5:F20) -> 47.715443 | H28: =AVERAGE(H5:H19) -> 30.811279 | J28: =AVERAGE(J5:J26) -> 11.922566

Sheet Comparison 2013 & 2014
B1: Comparison of scores and rank in 2013 and 2014
A3: Org ID | B3: Donor Short Name | C3: Overall Score in 2013 | D3: Overall Score in 2014 | E3: Difference in scores | F3: Sparkline | G3: Rank in 2014 | H3: Rank in 2013 | I3: Movement in ranking | J3: Sparkline2
A4: 41114 | B4: UNDP | C4: =VLOOKUP('Comparison 2013 & 2014'!A4,'2013 ATI summary data'!$A$1:$C$69,3,FALSE) -> 83.380783 | D4: =VLOOKUP(B4,'Overall scores and ranking'!$A$4:$B$71,2,FALSE) -> 90.637112 | E4: =D4-C4 -> 7.2563286 | G4: =VLOOKUP(B4,'Overall scores and ranking'!$A$3:$C$71,3,FALSE) -> 1 | H4: =VLOOKUP(Table3[[#This Row],[Org ID]],'2013 ATI summary data'!$A$1:$D$69,4,FALSE) -> 4 | I4: =Table3[[#This Row],[Rank in 2013]]-Table3[[#This Row],[Rank in 2014]] -> 3
A5: GB-1 | B5: UK, DFID | C5: =VLOOKUP('Comparison 2013 & 2014'!A5,'2013 ATI summary data'!$A$1:$C$69,3,FALSE) -> 83.489193 | D5: =VLOOKUP(B5,'Overall scores and ranking'!$A$4:$B$71,2,FALSE) -> 88.33674 | E5: =D5-C5 -> 4.8475478 | G5: =VLOOKUP(B5,'Overall scores and ranking'!$A$3:$C$71,3,FALSE) -> 2 | H5: =VLOOKUP(Table3[[#This Row],[Org ID]],'2013 ATI summary data'!$A$1:$D$69,4,FALSE) -> 3 | I5: =Table3[[#This Row],[Rank in 2013]]-Table3[[#This Row],[Rank in 2014]] -> 1
A6: US-18 | B6: U.S., MCC | C6: =VLOOKUP('Comparison 2013 & 2014'!A6,'2013 ATI summary data'!$A$1:$C$69,3,FALSE) -> 88.877779 | D6: =VLOOKUP(B6,'Overall scores and ranking'!$A$4:$B$71,2,FALSE) -> 86.894622 | E6: =D6-C6 -> -1.9831561 | G6: =VLOOKUP(B6,'Overall scores and ranking'!$A$3:$C$71,3,FALSE) -> 3 | H6: =VLOOKUP(Table3[[#This Row],[Org ID]],'2013 ATI summary data'!$A$1:$D$69,4,FALSE) -> 1 | I6: =Table3[[#This Row],[Rank in 2013]]-Table3[[#This Row],[Rank in 2014]] -> -2
A7: 47122 | B7: GAVI | C7: =VLOOKUP('Comparison 2013 & 2014'!A7,'2013 ATI summary data'!$A$1:$C$69,3,FALSE) -> 87.261089 | D7: =VLOOKUP(B7,'Overall scores and ranking'!$A$4:$B$71,2,FALSE) -> 86.745722 | E7: =D7-C7 -> -0.51536679 | G7: =VLOOKUP(B7,'Overall scores and ranking'!$A$3:$C$71,3,FALSE) -> 4 | H7: =VLOOKUP(Table3[[#This Row],[Org ID]],'2013 ATI summary data'!$A$1:$D$69,4,FALSE) -> 2 | I7: =Table3[[#This Row],[Rank in 2013]]-Table3[[#This Row],[Rank in 2014]] -> -2
A8: 46004 | B8: AsDB | C8: =VLOOKUP('Comparison 2013 & 2014'!A8,'2013 ATI summary data'!$A$1:$C$69,3,FALSE) -> 57.643516 | D8: =VLOOKUP(B8,'Overall scores and ranking'!$A$4:$B$71,2,FALSE) -> 83.842838 | E8: =D8-C8 -> 26.199322 | G8: =VLOOKUP(B8,'Overall scores and ranking'!$A$3:$C$71,3,FALSE) -> 5 | H8: =VLOOKUP(Table3[[#This Row],[Org ID]],'2013 ATI summary data'!$A$1:$D$69,4,FALSE) -> 10 | I8: =Table3[[#This Row],[Rank in 2013]]-Table3[[#This Row],[Rank in 2014]] -> 5
A9: SE-6 | B9: Sweden, MFA-Sida | C9: =VLOOKUP('Comparison 2013 & 2014'!A9,'2013 ATI summary data'!$A$1:$C$69,3,FALSE) -> 60.37929 | D9: =VLOOKUP(B9,'Overall scores and ranking'!$A$4:$B$71,2,FALSE) -> 83.27401 | E9: =D9-C9 -> 22.894719 | G9: =VLOOKUP(B9,'Overall scores and ranking'!$A$3:$C$71,3,FALSE) -> 6 | H9: =VLOOKUP(Table3[[#This Row],[Org ID]],'2013 ATI summary data'!$A$1:$D$69,4,FALSE) -> 9 | I9: =Table3[[#This Row],[Rank in 2013]]-Table3[[#This Row],[Rank in 2014]] -> 3
A10: 44002 | B10: World Bank, IDA | C10: =VLOOKUP('Comparison 2013 & 2014'!A10,'2013 ATI summary data'!$A$1:$C$69,3,FALSE) -> 73.811279 | D10: =VLOOKUP(B10,'Overall scores and ranking'!$A$4:$B$71,2,FALSE) -> 82.268961 | E10: =D10-C10 -> 8.4576825 | G10: =VLOOKUP(B10,'Overall scores and ranking'!$A$3:$C$71,3,FALSE) -> 7 | H10: =VLOOKUP(Table3[[#This Row],[Org ID]],'2013 ATI summary data'!$A$1:$D$69,4,FALSE) -> 5 | I10: =Table3[[#This Row],[Rank in 2013]]-Table3[[#This Row],[Rank in 2014]] -> -2
A11: 46002 | B11: AfDB | C11: =VLOOKUP('Comparison 2013 & 2014'!A11,'2013 ATI summary data'!$A$1:$C$69,3,FALSE) -> 63.696395 | D11: =VLOOKUP(B11,'Overall scores and ranking'!$A$4:$B$71,2,FALSE) -> 74.516029 | E11: =D11-C11 -> 10.819634 | G11: =VLOOKUP(B11,'Overall scores and ranking'!$A$3:$C$71,3,FALSE) -> 8 | H11: =VLOOKUP(Table3[[#This Row],[Org ID]],'2013 ATI summary data'!$A$1:$D$69,4,FALSE) -> 7 | I11: =Table3[[#This Row],[Rank in 2013]]-Table3[[#This Row],[Rank in 2014]] -> -1
A12: 46012 | B12: IADB | C12: =VLOOKUP('Comparison 2013 & 2014'!A12,'2013 ATI summary data'!$A$1:$C$69,3,FALSE) -> 57.111155 | D12: =VLOOKUP(B12,'Overall scores and ranking'!$A$4:$B$71,2,FALSE) -> 73.917398 | E12: =D12-C12 -> 16.806243 | G12: =VLOOKUP(B12,'Overall scores and ranking'!$A$3:$C$71,3,FALSE) -> 9 | H12: =VLOOKUP(Table3[[#This Row],[Org ID]],'2013 ATI summary data'!$A$1:$D$69,4,FALSE) -> 11 | I12: =Table3[[#This Row],[Rank in 2013]]-Table3[[#This Row],[Rank in 2014]] -> 2
A13: 47045 | B13: Global Fund | C13: =VLOOKUP('Comparison 2013 & 2014'!A13,'2013 ATI summary data'!$A$1:$C$69,3,FALSE) -> 70.647757 | D13: =VLOOKUP(B13,'Overall scores and ranking'!$A$4:$B$71,2,FALSE) -> 73.298105 | E13: =D13-C13 -> 2.6503484 | G13: =VLOOKUP(B13,'Overall scores and ranking'!$A$3:$C$71,3,FALSE) -> 10 | H13: =VLOOKUP(Table3[[#This Row],[Org ID]],'2013 ATI summary data'!$A$1:$D$69,4,FALSE) -> 6 | I13: =Table3[[#This Row],[Rank in 2013]]-Table3[[#This Row],[Rank in 2014]] -> -4
A14: CA-1 | B14: Canada, DFATD | C14: =VLOOKUP('Comparison 2013 & 2014'!A14,'2013 ATI summary data'!$A$1:$C$69,3,FALSE) -> 62.581767 | D14: =VLOOKUP(B14,'Overall scores and ranking'!$A$4:$B$71,2,FALSE) -> 71.671349 | E14: =D14-C14 -> 9.0895819 | G14: =VLOOKUP(B14,'Overall scores and ranking'!$A$3:$C$71,3,FALSE) -> 11 | H14: =VLOOKUP(Table3[[#This Row],[Org ID]],'2013 ATI summary data'!$A$1:$D$69,4,FALSE) -> 8 | I14: =Table3[[#This Row],[Rank in 2013]]-Table3[[#This Row],[Rank in 2014]] -> -3
A15: EU-6 | B15: EC, FPI | C15: =VLOOKUP('Comparison 2013 & 2014'!A15,'2013 ATI summary data'!$A$1:$C$69,3,FALSE) -> 51.14313 | D15: =VLOOKUP(B15,'Overall scores and ranking'!$A$4:$B$71,2,FALSE) -> 69.076055 | E15: =D15-C15 -> 17.932924 | G15: =VLOOKUP(B15,'Overall scores and ranking'!$A$3:$C$71,3,FALSE) -> 12 | H15: =VLOOKUP(Table3[[#This Row],[Org ID]],'2013 ATI summary data'!$A$1:$D$69,4,FALSE) -> 14 | I15: =Table3[[#This Row],[Rank in 2013]]-Table3[[#This Row],[Rank in 2014]] -> 2
A16: EU-1 | B16: EC, DEVCO | C16: =VLOOKUP('Comparison 2013 & 2014'!A16,'2013 ATI summary data'!$A$1:$C$69,3,FALSE) -> 52.106287 | D16: =VLOOKUP(B16,'Overall scores and ranking'!$A$4:$B$71,2,FALSE) -> 68.230852 | E16: =D16-C16 -> 16.124565 | G16: =VLOOKUP(B16,'Overall scores and ranking'!$A$3:$C$71,3,FALSE) -> 13 | H16: =VLOOKUP(Table3[[#This Row],[Org ID]],'2013 ATI summary data'!$A$1:$D$69,4,FALSE) -> 13 | I16: =Table3[[#This Row],[Rank in 2013]]-Table3[[#This Row],[Rank in 2014]] -> 0
A17: 41122 | B17: UNICEF | C17: =VLOOKUP('Comparison 2013 & 2014'!A17,'2013 ATI summary data'!$A$1:$C$69,3,FALSE) -> 44.310619 | D17: =VLOOKUP(B17,'Overall scores and ranking'!$A$4:$B$71,2,FALSE) -> 64.648943 | E17: =D17-C17 -> 20.338323 | G17: =VLOOKUP(B17,'Overall scores and ranking'!$A$3:$C$71,3,FALSE) -> 14 | H17: =VLOOKUP(Table3[[#This Row],[Org ID]],'2013 ATI summary data'!$A$1:$D$69,4,FALSE) -> 21 | I17: =Table3[[#This Row],[Rank in 2013]]-Table3[[#This Row],[Rank in 2014]] -> 7
A18: EU-5 | B18: EC, ELARG | C18: =VLOOKUP('Comparison 2013 & 2014'!A18,'2013 ATI summary data'!$A$1:$C$69,3,FALSE) -> 48.076029 | D18: =VLOOKUP(B18,'Overall scores and ranking'!$A$4:$B$71,2,FALSE) -> 61.767921 | E18: =D18-C18 -> 13.691892 | G18: =VLOOKUP(B18,'Overall scores and ranking'!$A$3:$C$71,3,FALSE) -> 15 | H18: =VLOOKUP(Table3[[#This Row],[Org ID]],'2013 ATI summary data'!$A$1:$D$69,4,FALSE) -> 17 | I18: =Table3[[#This Row],[Rank in 2013]]-Table3[[#This Row],[Rank in 2014]] -> 2
A19: EU-4 | B19: EC, ECHO | C19: =VLOOKUP('Comparison 2013 & 2014'!A19,'2013 ATI summary data'!$A$1:$C$69,3,FALSE) -> 54.240429 | D19: =VLOOKUP(B19,'Overall scores and ranking'!$A$4:$B$71,2,FALSE) -> 59.913797 | E19: =D19-C19 -> 5.6733678 | G19: =VLOOKUP(B19,'Overall scores and ranking'!$A$3:$C$71,3,FALSE) -> 16 | H19: =VLOOKUP(Table3[[#This Row],[Org ID]],'2013 ATI summary data'!$A$1:$D$69,4,FALSE) -> 12 | I19: =Table3[[#This Row],[Rank in 2013]]-Table3[[#This Row],[Rank in 2014]] -> -4
A20: DE-1 | B20: Germany, BMZ-GIZ | C20: =VLOOKUP('Comparison 2013 & 2014'!A20,'2013 ATI summary data'!$A$1:$C$69,3,FALSE) -> 45.904409 | D20: =VLOOKUP(B20,'Overall scores and ranking'!$A$4:$B$71,2,FALSE) -> 53.922389 | E20: =D20-C20 -> 8.0179801 | G20: =VLOOKUP(B20,'Overall scores and ranking'!$A$3:$C$71,3,FALSE) -> 17 | H20: =VLOOKUP(Table3[[#This Row],[Org ID]],'2013 ATI summary data'!$A$1:$D$69,4,FALSE) -> 20 | I20: =Table3[[#This Row],[Rank in 2013]]-Table3[[#This Row],[Rank in 2014]] -> 3
A21: CH-4 | B21: Switzerland, SDC | C21: =VLOOKUP('Comparison 2013 & 2014'!A21,'2013 ATI summary data'!$A$1:$C$69,3,FALSE) -> 18.080025 | D21: =VLOOKUP(B21,'Overall scores and ranking'!$A$4:$B$71,2,FALSE) -> 53.780289 | E21: =D21-C21 -> 35.700264 | G21: =VLOOKUP(B21,'Overall scores and ranking'!$A$3:$C$71,3,FALSE) -> 18 | H21: =VLOOKUP(Table3[[#This Row],[Org ID]],'2013 ATI summary data'!$A$1:$D$69,4,FALSE) -> 44 | I21: =Table3[[#This Row],[Rank in 2013]]-Table3[[#This Row],[Rank in 2014]] -> 26
A22: NL-1 | B22: Netherlands, MFA | C22: =VLOOKUP('Comparison 2013 & 2014'!A22,'2013 ATI summary data'!$A$1:$C$69,3,FALSE) -> 49.368529 | D22: =VLOOKUP(B22,'Overall scores and ranking'!$A$4:$B$71,2,FALSE) -> 53.764272 | E22: =D22-C22 -> 4.3957427 | G22: =VLOOKUP(B22,'Overall scores and ranking'!$A$3:$C$71,3,FALSE) -> 19 | H22: =VLOOKUP(Table3[[#This Row],[Org ID]],'2013 ATI summary data'!$A$1:$D$69,4,FALSE) -> 16 | I22: =Table3[[#This Row],[Rank in 2013]]-Table3[[#This Row],[Rank in 2014]] -> -3
A23: DE-2 | B23: Germany, BMZ-KfW | C23: =VLOOKUP('Comparison 2013 & 2014'!A23,'2013 ATI summary data'!$A$1:$C$69,3,FALSE) -> 43.712645 | D23: =VLOOKUP(B23,'Overall scores and ranking'!$A$4:$B$71,2,FALSE) -> 50.82419 | E23: =D23-C23 -> 7.1115446 | G23: =VLOOKUP(B23,'Overall scores and ranking'!$A$3:$C$71,3,FALSE) -> 20 | H23: =VLOOKUP(Table3[[#This Row],[Org ID]],'2013 ATI summary data'!$A$1:$D$69,4,FALSE) -> 23 | I23: =Table3[[#This Row],[Rank in 2013]]-Table3[[#This Row],[Rank in 2014]] -> 3
A24: ES-5 | B24: Spain, MAEC | C24: =VLOOKUP('Comparison 2013 & 2014'!A24,'2013 ATI summary data'!$A$1:$C$69,3,FALSE) -> 17.412668 | D24: =VLOOKUP(B24,'Overall scores and ranking'!$A$4:$B$71,2,FALSE) -> 50.598213 | E24: =D24-C24 -> 33.185545 | G24: =VLOOKUP(B24,'Overall scores and ranking'!$A$3:$C$71,3,FALSE) -> 21 | H24: =VLOOKUP(Table3[[#This Row],[Org ID]],'2013 ATI summary data'!$A$1:$D$69,4,FALSE) -> 47 | I24: =Table3[[#This Row],[Rank in 2013]]-Table3[[#This Row],[Rank in 2014]] -> 26
A25: DK-2 | B25: Denmark, MFA | C25: =VLOOKUP('Comparison 2013 & 2014'!A25,'2013 ATI summary data'!$A$1:$C$69,3,FALSE) -> 50.701194 | D25: =VLOOKUP(B25,'Overall scores and ranking'!$A$4:$B$71,2,FALSE) -> 49.639004 | E25: =D25-C25 -> -1.0621904 | G25: =VLOOKUP(B25,'Overall scores and ranking'!$A$3:$C$71,3,FALSE) -> 22 | H25: =VLOOKUP(Table3[[#This Row],[Org ID]],'2013 ATI summary data'!$A$1:$D$69,4,FALSE) -> 15 | I25: =Table3[[#This Row],[Rank in 2013]]-Table3[[#This Row],[Rank in 2014]] -> -7
A26: US-EIN-562618866 | B26: Gates Foundation | C26: =VLOOKUP('Comparison 2013 & 2014'!A26,'2013 ATI summary data'!$A$1:$C$69,3,FALSE) -> 18.118106 | D26: =VLOOKUP(B26,'Overall scores and ranking'!$A$4:$B$71,2,FALSE) -> 46.551687 | E26: =D26-C26 -> 28.433581 | G26: =VLOOKUP(B26,'Overall scores and ranking'!$A$3:$C$71,3,FALSE) -> 23 | H26: =VLOOKUP(Table3[[#This Row],[Org ID]],'2013 ATI summary data'!$A$1:$D$69,4,FALSE) -> 43 | I26: =Table3[[#This Row],[Rank in 2013]]-Table3[[#This Row],[Rank in 2014]] -> 20
A27: FI-3 | B27: Finland, MFA | C27: =VLOOKUP('Comparison 2013 & 2014'!A27,'2013 ATI summary data'!$A$1:$C$69,3,FALSE) -> 22.987038 | D27: =VLOOKUP(B27,'Overall scores and ranking'!$A$4:$B$71,2,FALSE) -> 46.27284 | E27: =D27-C27 -> 23.285802 | G27: =VLOOKUP(B27,'Overall scores and ranking'!$A$3:$C$71,3,FALSE) -> 24 | H27: =VLOOKUP(Table3[[#This Row],[Org ID]],'2013 ATI summary data'!$A$1:$D$69,4,FALSE) -> 39 | I27: =Table3[[#This Row],[Rank in 2013]]-Table3[[#This Row],[Rank in 2014]] -> 15
A28: AU-5 | B28: Australia, DFAT | C28: =VLOOKUP('Comparison 2013 & 2014'!A28,'2013 ATI summary data'!$A$1:$C$69,3,FALSE) -> 43.117779 | D28: =VLOOKUP(B28,'Overall scores and ranking'!$A$4:$B$71,2,FALSE) -> 45.91219 | E28: =D28-C28 -> 2.7944109 | G28: =VLOOKUP(B28,'Overall scores and ranking'!$A$3:$C$71,3,FALSE) -> 25 | H28: =VLOOKUP(Table3[[#This Row],[Org ID]],'2013 ATI summary data'!$A$1:$D$69,4,FALSE) -> 24 | I28: =Table3[[#This Row],[Rank in 2013]]-Table3[[#This Row],[Rank in 2014]] -> -1
A29: NZ-2 | B29: New Zealand, MFAT | C29: =VLOOKUP('Comparison 2013 & 2014'!A29,'2013 ATI summary data'!$A$1:$C$69,3,FALSE) -> 47.763189 | D29: =VLOOKUP(B29,'Overall scores and ranking'!$A$4:$B$71,2,FALSE) -> 45.121547 | E29: =D29-C29 -> -2.6416418 | G29: =VLOOKUP(B29,'Overall scores and ranking'!$A$3:$C$71,3,FALSE) -> 26 | H29: =VLOOKUP(Table3[[#This Row],[Org ID]],'2013 ATI summary data'!$A$1:$D$69,4,FALSE) -> 18 | I29: =Table3[[#This Row],[Rank in 2013]]-Table3[[#This Row],[Rank in 2014]] -> -8
... A31: FR-6 | B31: France, MAEDI | C31: =VLOOKUP('Comparison 2013 & 2014'!A31,'2013 ATI summary data'!$A$1:$C$69,3,FALSE) -> 13.254708 | D31: =VLOOKUP(B31,'Overall scores and ranking'!$A$4:$B$71,2,FALSE) -> 42.402737 | E31: =D31-C31 -> 29.148029 | G31: =VLOOKUP(B31,'Overall scores and ranking'!$A$3:$C$71,3,FALSE) -> 28 | H31: =VLOOKUP(Table3[[#This Row],[Org ID]],'2013 ATI summary data'!$A$1:$D$69,4,FALSE) -> 52 | I31: =Table3[[#This Row],[Rank in 2013]]-Table3[[#This Row],[Rank in 2014]] -> 24
A32: 41127 | B32: UN OCHA | C32: =VLOOKUP('Comparison 2013 & 2014'!A32,'2013 ATI summary data'!$A$1:$C$69,3,FALSE) -> 41.714186 | D32: =VLOOKUP(B32,'Overall scores and ranking'!$A$4:$B$71,2,FALSE) -> 41.297012 | E32: =D32-C32 -> -0.41717447 | G32: =VLOOKUP(B32,'Overall scores and ranking'!$A$3:$C$71,3,FALSE) -> 29 | H32: =VLOOKUP(Table3[[#This Row],[Org ID]],'2013 ATI summary data'!$A$1:$D$69,4,FALSE) -> 25 | I32: =Table3[[#This Row],[Rank in 2013]]-Table3[[#This Row],[Rank in 2014]] -> -4
A33: US-14 | B33: U.S., PEPFAR | C33: =VLOOKUP('Comparison 2013 & 2014'!A33,'2013 ATI summary data'!$A$1:$C$69,3,FALSE) -> 16.089969 | D33: =VLOOKUP(B33,'Overall scores and ranking'!$A$4:$B$71,2,FALSE) -> 40.666519 | E33: =D33-C33 -> 24.57655 | G33: =VLOOKUP(B33,'Overall scores and ranking'!$A$3:$C$71,3,FALSE) -> 30 | H33: =VLOOKUP(Table3[[#This Row],[Org ID]],'2013 ATI summary data'!$A$1:$D$69,4,FALSE) -> 50 | I33: =Table3[[#This Row],[Rank in 2013]]-Table3[[#This Row],[Rank in 2014]] -> 20
A34: US-1 | B34: U.S., USAID | C34: =VLOOKUP('Comparison 2013 & 2014'!A34,'2013 ATI summary data'!$A$1:$C$69,3,FALSE) -> 44.293992 | D34: =VLOOKUP(B34,'Overall scores and ranking'!$A$4:$B$71,2,FALSE) -> 40.312334 | E34: =D34-C34 -> -3.9816584 | G34: =VLOOKUP(B34,'Overall scores and ranking'!$A$3:$C$71,3,FALSE) -> 31 | H34: =VLOOKUP(Table3[[#This Row],[Org ID]],'2013 ATI summary data'!$A$1:$D$69,4,FALSE) -> 22 | I34: =Table3[[#This Row],[Rank in 2013]]-Table3[[#This Row],[Rank in 2014]] -> -9
A35: US-11 | B35: U.S., State | C35: =VLOOKUP('Comparison 2013 & 2014'!A35,'2013 ATI summary data'!$A$1:$C$69,3,FALSE) -> 22.138254 | D35: =VLOOKUP(B35,'Overall scores and ranking'!$A$4:$B$71,2,FALSE) -> 38.802452 | E35: =D35-C35 -> 16.664198 | G35: =VLOOKUP(B35,'Overall scores and ranking'!$A$3:$C$71,3,FALSE) -> 32 | H35: =VLOOKUP(Table3[[#This Row],[Org ID]],'2013 ATI summary data'!$A$1:$D$69,4,FALSE) -> 40 | I35: =Table3[[#This Row],[Rank in 2013]]-Table3[[#This Row],[Rank in 2014]] -> 8
A36: JP-8 | B36: Japan, JICA | C36: =VLOOKUP('Comparison 2013 & 2014'!A36,'2013 ATI summary data'!$A$1:$C$69,3,FALSE) -> 23.513682 | D36: =VLOOKUP(B36,'Overall scores and ranking'!$A$4:$B$71,2,FALSE) -> 37.214129 | E36: =D36-C36 -> 13.700447 | G36: =VLOOKUP(B36,'Overall scores and ranking'!$A$3:$C$71,3,FALSE) -> 33 | H36: =VLOOKUP(Table3[[#This Row],[Org ID]],'2013 ATI summary data'!$A$1:$D$69,4,FALSE) -> 37 | I36: =Table3[[#This Row],[Rank in 2013]]-Table3[[#This Row],[Rank in 2014]] -> 4
A37: GB-3 | B37: UK, FCO | C37: =VLOOKUP('Comparison 2013 & 2014'!A37,'2013 ATI summary data'!$A$1:$C$69,3,FALSE) -> 34.68408 | D37: =VLOOKUP(B37,'Overall scores and ranking'!$A$4:$B$71,2,FALSE) -> 35.797104 | E37: =D37-C37 -> 1.1130239 | G37: =VLOOKUP(B37,'Overall scores and ranking'!$A$3:$C$71,3,FALSE) -> 35 | H37: =VLOOKUP(Table3[[#This Row],[Org ID]],'2013 ATI summary data'!$A$1:$D$69,4,FALSE) -> 26 | I37: =Table3[[#This Row],[Rank in 2013]]-Table3[[#This Row],[Rank in 2014]] -> -9
A38: KR-4 | B38: Korea, KOICA | C38: =VLOOKUP('Comparison 2013 & 2014'!A38,'2013 ATI summary data'!$A$1:$C$69,3,FALSE) -> 27.939007 | D38: =VLOOKUP(B38,'Overall scores and ranking'!$A$4:$B$71,2,FALSE) -> 36.894751 | E38: =D38-C38 -> 8.955744 | G38: =VLOOKUP(B38,'Overall scores and ranking'!$A$3:$C$71,3,FALSE) -> 34 | H38: =VLOOKUP(Table3[[#This Row],[Org ID]],'2013 ATI summary data'!$A$1:$D$69,4,FALSE) -> 30 | I38: =Table3[[#This Row],[Rank in 2013]]-Table3[[#This Row],[Rank in 2014]] -> -4
A39: US-6 | B39: U.S., Treasury | C39: =VLOOKUP('Comparison 2013 & 2014'!A39,'2013 ATI summary data'!$A$1:$C$69,3,FALSE) -> 47.372517 | D39: =VLOOKUP(B39,'Overall scores and ranking'!$A$4:$B$71,2,FALSE) -> 34.828499 | E39: =D39-C39 -> -12.544017 | G39: =VLOOKUP(B39,'Overall scores and ranking'!$A$3:$C$71,3,FALSE) -> 36 | H39: =VLOOKUP(Table3[[#This Row],[Org ID]],'2013 ATI summary data'!$A$1:$D$69,4,FALSE) -> 19 | I39: =Table3[[#This Row],[Rank in 2013]]-Table3[[#This Row],[Rank in 2014]] -> -17
A40: 43000 | B40: IMF | C40: =VLOOKUP('Comparison 2013 & 2014'!A40,'2013 ATI summary data'!$A$1:$C$69,3,FALSE) -> 31.827525 | D40: =VLOOKUP(B40,'Overall scores and ranking'!$A$4:$B$71,2,FALSE) -> 31.595882 | E40: =D40-C40 -> -0.2316435 | G40: =VLOOKUP(B40,'Overall scores and ranking'!$A$3:$C$71,3,FALSE) -> 37 | H40: =VLOOKUP(Table3[[#This Row],[Org ID]],'2013 ATI summary data'!$A$1:$D$69,4,FALSE) -> 28 | I40: =Table3[[#This Row],[Rank in 2013]]-Table3[[#This Row],[Rank in 2014]] -> -9
A41: US-7 | B41: U.S., Defense | C41: =VLOOKUP('Comparison 2013 & 2014'!A41,'2013 ATI summary data'!$A$1:$C$69,3,FALSE) -> 33.675595 | D41: =VLOOKUP(B41,'Overall scores and ranking'!$A$4:$B$71,2,FALSE) -> 30.75631 | E41: =D41-C41 -> -2.9192854 | G41: =VLOOKUP(B41,'Overall scores and ranking'!$A$3:$C$71,3,FALSE) -> 38 | H41: =VLOOKUP(Table3[[#This Row],[Org ID]],'2013 ATI summary data'!$A$1:$D$69,4,FALSE) -> 27 | I41: =Table3[[#This Row],[Rank in 2013]]-Table3[[#This Row],[Rank in 2014]] -> -11
A42: 44004 | B42: World Bank, IFC | C42: =VLOOKUP('Comparison 2013 & 2014'!A42,'2013 ATI summary data'!$A$1:$C$69,3,FALSE) -> 30.127959 | D42: =VLOOKUP(B42,'Overall scores and ranking'!$A$4:$B$71,2,FALSE) -> 30.61791 | E42: =D42-C42 -> 0.489951 | G42: =VLOOKUP(B42,'Overall scores and ranking'!$A$3:$C$71,3,FALSE) -> 39 | H42: =VLOOKUP(Table3[[#This Row],[Org ID]],'2013 ATI summary data'!$A$1:$D$69,4,FALSE) -> 29 | I42: =Table3[[#This Row],[Rank in 2013]]-Table3[[#This Row],[Rank in 2014]] -> -10
A43: CZ-1 | B43: Czech Republic, CzDA | C43: =VLOOKUP('Comparison 2013 & 2014'!A43,'2013 ATI summary data'!$A$1:$C$69,3,FALSE) -> 24.409903 | D43: =VLOOKUP(B43,'Overall scores and ranking'!$A$4:$B$71,2,FALSE) -> 29.48981 | E43: =D43-C43 -> 5.079907 | G43: =VLOOKUP(B43,'Overall scores and ranking'!$A$3:$C$71,3,FALSE) -> 40 | H43: =VLOOKUP(Table3[[#This Row],[Org ID]],'2013 ATI summary data'!$A$1:$D$69,4,FALSE) -> 35 | I43: =Table3[[#This Row],[Rank in 2013]]-Table3[[#This Row],[Rank in 2014]] -> -5
A44: EE-1 | B44: Estonia, MFA | C44: =VLOOKUP('Comparison 2013 & 2014'!A44,'2013 ATI summary data'!$A$1:$C$69,3,FALSE) -> 23.557765 | D44: =VLOOKUP(B44,'Overall scores and ranking'!$A$4:$B$71,2,FALSE) -> 28.23122 | E44: =D44-C44 -> 4.6734545 | G44: =VLOOKUP(B44,'Overall scores and ranking'!$A$3:$C$71,3,FALSE) -> 41 | H44: =VLOOKUP(Table3[[#This Row],[Org ID]],'2013 ATI summary data'!$A$1:$D$69,4,FALSE) -> 36 | I44: =Table3[[#This Row],[Rank in 2013]]-Table3[[#This Row],[Rank in 2014]] -> -5
A45: NO-4 | B45: Norway, MFA | C45: =VLOOKUP('Comparison 2013 & 2014'!A45,'2013 ATI summary data'!$A$1:$C$69,3,FALSE) -> 26.939994 | D45: =VLOOKUP(B45,'Overall scores and ranking'!$A$4:$B$71,2,FALSE) -> 27.648544 | E45: =D45-C45 -> 0.70855 | G45: =VLOOKUP(B45,'Overall scores and ranking'!$A$3:$C$71,3,FALSE) -> 42 | H45: =VLOOKUP(Table3[[#This Row],[Org ID]],'2013 ATI summary data'!$A$1:$D$69,4,FALSE) -> 31 | I45: =Table3[[#This Row],[Rank in 2013]]-Table3[[#This Row],[Rank in 2014]] -> -11
A46: PT-2 | B46: Portugal, CICL | C46: =VLOOKUP('Comparison 2013 & 2014'!A46,'2013 ATI summary data'!$A$1:$C$69,3,FALSE) -> 17.434499 | D46: =VLOOKUP(B46,'Overall scores and ranking'!$A$4:$B$71,2,FALSE) -> 26.544537 | E46: =D46-C46 -> 9.1100385 | G46: =VLOOKUP(B46,'Overall scores and ranking'!$A$3:$C$71,3,FALSE) -> 43 | H46: =VLOOKUP(Table3[[#This Row],[Org ID]],'2013 ATI summary data'!$A$1:$D$69,4,FALSE) -> 46 | I46: =Table3[[#This Row],[Rank in 2013]]-Table3[[#This Row],[Rank in 2014]] -> 3
A47: FR-3 | B47: France, AFD | C47: =VLOOKUP('Comparison 2013 & 2014'!A47,'2013 ATI summary data'!$A$1:$C$69,3,FALSE) -> 16.314528 | D47: =VLOOKUP(B47,'Overall scores and ranking'!$A$4:$B$71,2,FALSE) -> 24.667978 | E47: =D47-C47 -> 8.353451 | G47: =VLOOKUP(B47,'Overall scores and ranking'!$A$3:$C$71,3,FALSE) -> 44 | H47: =VLOOKUP(Table3[[#This Row],[Org ID]],'2013 ATI summary data'!$A$1:$D$69,4,FALSE) -> 49 | I47: =Table3[[#This Row],[Rank in 2013]]-Table3[[#This Row],[Rank in 2014]] -> 5
A48: 42004 | B48: EIB | C48: =VLOOKUP('Comparison 2013 & 2014'!A48,'2013 ATI summary data'!$A$1:$C$69,3,FALSE) -> 26.642355 | D48: =VLOOKUP(B48,'Overall scores and ranking'!$A$4:$B$71,2,FALSE) -> 24.577409 | E48: =D48-C48 -> -2.064946 | G48: =VLOOKUP(B48,'Overall scores and ranking'!$A$3:$C$71,3,FALSE) -> 45 | H48: =VLOOKUP(Table3[[#This Row],[Org ID]],'2013 ATI summary data'!$A$1:$D$69,4,FALSE) -> 33 | I48: =Table3[[#This Row],[Rank in 2013]]-Table3[[#This Row],[Rank in 2014]] -> -12
A49: 46015 | B49: EBRD | C49: =VLOOKUP('Comparison 2013 & 2014'!A49,'2013 ATI summary data'!$A$1:$C$69,3,FALSE) -> 24.502367 | D49: =VLOOKUP(B49,'Overall scores and ranking'!$A$4:$B$71,2,FALSE) -> 24.502646 | E49: =D49-C49 -> 0.000279 | G49: =VLOOKUP(B49,'Overall scores and ranking'!$A$3:$C$71,3,FALSE) -> 46 | H49: =VLOOKUP(Table3[[#This Row],[Org ID]],'2013 ATI summary data'!$A$1:$D$69,4,FALSE) -> 34 | I49: =Table3[[#This Row],[Rank in 2013]]-Table3[[#This Row],[Rank in 2014]] -> -12
A50: AT-8 | B50: Austria, ADA | C50: =VLOOKUP('Comparison 2013 & 2014'!A50,'2013 ATI summary data'!$A$1:$C$69,3,FALSE) -> 20.389328 | D50: =VLOOKUP(B50,'Overall scores and ranking'!$A$4:$B$71,2,FALSE) -> 19.072685 | E50: =D50-C50 -> -1.3166435 | G50: =VLOOKUP(B50,'Overall scores and ranking'!$A$3:$C$71,3,FALSE) -> 47 | H50: =VLOOKUP(Table3[[#This Row],[Org ID]],'2013 ATI summary data'!$A$1:$D$69,4,FALSE) -> 41 | I50: =Table3[[#This Row],[Rank in 2013]]-Table3[[#This Row],[Rank in 2014]] -> -6
A51: LV-1 | B51: Latvia, MFA | C51: =VLOOKUP('Comparison 2013 & 2014'!A51,'2013 ATI summary data'!$A$1:$C$69,3,FALSE) -> 17.799503 | D51: =VLOOKUP(B51,'Overall scores and ranking'!$A$4:$B$71,2,FALSE) -> 19.032906 | E51: =D51-C51 -> 1.233403 | G51: =VLOOKUP(B51,'Overall scores and ranking'!$A$3:$C$71,3,FALSE) -> 48 | H51: =VLOOKUP(Table3[[#This Row],[Org ID]],'2013 ATI summary data'!$A$1:$D$69,4,FALSE) -> 45 | I51: =Table3[[#This Row],[Rank in 2013]]-Table3[[#This Row],[Rank in 2014]] -> -3
A52: BE-10 | B52: Belgium, DGCD | C52: =VLOOKUP('Comparison 2013 & 2014'!A52,'2013 ATI summary data'!$A$1:$C$69,3,FALSE) -> 23.401267 | D52: =VLOOKUP(B52,'Overall scores and ranking'!$A$4:$B$71,2,FALSE) -> 18.846489 | E52: =D52-C52 -> -4.554778 | G52: =VLOOKUP(B52,'Overall scores and ranking'!$A$3:$C$71,3,FALSE) -> 49 | H52: =VLOOKUP(Table3[[#This Row],[Org ID]],'2013 ATI summary data'!$A$1:$D$69,4,FALSE) -> 38 | I52: =Table3[[#This Row],[Rank in 2013]]-Table3[[#This Row],[Rank in 2014]] -> -11
A53: LU-1 | B53: Luxembourg, MFA | C53: =VLOOKUP('Comparison 2013 & 2014'!A53,'2013 ATI summary data'!$A$1:$C$69,3,FALSE) -> 19.19592 | D53: =VLOOKUP(B53,'Overall scores and ranking'!$A$4:$B$71,2,FALSE) -> 18.812664 | E53: =D53-C53 -> -0.383256 | G53: =VLOOKUP(B53,'Overall scores and ranking'!$A$3:$C$71,3,FALSE) -> 50 | H53: =VLOOKUP(Table3[[#This Row],[Org ID]],'2013 ATI summary data'!$A$1:$D$69,4,FALSE) -> 42 | I53: =Table3[[#This Row],[Rank in 2013]]-Table3[[#This Row],[Rank in 2014]] -> -8
A54: SK-1 | B54: Slovakia, SAIDC | C54: =VLOOKUP('Comparison 2013 & 2014'!A54,'2013 ATI summary data'!$A$1:$C$69,3,FALSE) -> 11.984491 | D54: =VLOOKUP(B54,'Overall scores and ranking'!$A$4:$B$71,2,FALSE) -> 18.250667 | E54: =D54-C54 -> 6.2661755 | G54: =VLOOKUP(B54,'Overall scores and ranking'!$A$3:$C$71,3,FALSE) -> 51 | H54: =VLOOKUP(Table3[[#This Row],[Org ID]],'2013 ATI summary data'!$A$1:$D$69,4,FALSE) -> 55 | I54: =Table3[[#This Row],[Rank in 2013]]-Table3[[#This Row],[Rank in 2014]] -> 4
A55: SI-1 | B55: Slovenia, MFA | C55: =VLOOKUP('Comparison 2013 & 2014'!A55,'2013 ATI summary data'!$A$1:$C$69,3,FALSE) -> 10.804861 | D55: =VLOOKUP(B55,'Overall scores and ranking'!$A$4:$B$71,2,FALSE) -> 17.784163 | E55: =D55-C55 -> 6.979302 | G55: =VLOOKUP(B55,'Overall scores and ranking'!$A$3:$C$71,3,FALSE) -> 52 | H55: =VLOOKUP(Table3[[#This Row],[Org ID]],'2013 ATI summary data'!$A$1:$D$69,4,FALSE) -> 58 | I55: =Table3[[#This Row],[Rank in 2013]]-Table3[[#This Row],[Rank in 2014]] -> 6
A56: JP-2 | B56: Japan, MOFA | C56: =VLOOKUP('Comparison 2013 & 2014'!A56,'2013 ATI summary data'!$A$1:$C$69,3,FALSE) -> 17.16745 | D56: =VLOOKUP(B56,'Overall scores and ranking'!$A$4:$B$71,2,FALSE) -> 17.012574 | E56: =D56-C56 -> -0.154876 | G56: =VLOOKUP(B56,'Overall scores and ranking'!$A$3:$C$71,3,FALSE) -> 53 | H56: =VLOOKUP(Table3[[#This Row],[Org ID]],'2013 ATI summary data'!$A$1:$D$69,4,FALSE) -> 48 | I56: =Table3[[#This Row],[Rank in 2013]]-Table3[[#This Row],[Rank in 2014]] -> -5
A57: IT-4 | B57: Italy, MAE | C57: =VLOOKUP('Comparison 2013 & 2014'!A57,'2013 ATI summary data'!$A$1:$C$69,3,FALSE) -> 9.976044 | D57: =VLOOKUP(B57,'Overall scores and ranking'!$A$4:$B$71,2,FALSE) -> 15.646044 | E57: =D57-C57 -> 5.67 | G57: =VLOOKUP(B57,'Overall scores and ranking'!$A$3:$C$71,3,FALSE) -> 54 | H57: =VLOOKUP(Table3[[#This Row],[Org ID]],'2013 ATI summary data'!$A$1:$D$69,4,FALSE) -> 60 | I57: =Table3[[#This Row],[Rank in 2013]]-Table3[[#This Row],[Rank in 2014]] -> 6
A58: PL-1 | B58: Poland, MFA | C58: =VLOOKUP('Comparison 2013 & 2014'!A58,'2013 ATI summary data'!$A$1:$C$69,3,FALSE) -> 11.349598 | D58: =VLOOKUP(B58,'Overall scores and ranking'!$A$4:$B$71,2,FALSE) -> 14.359406 | E58: =D58-C58 -> 3.0098075 | G58: =VLOOKUP(B58,'Overall scores and ranking'!$A$3:$C$71,3,FALSE) -> 55 | H58: =VLOOKUP(Table3[[#This Row],[Org ID]],'2013 ATI summary data'!$A$1:$D$69,4,FALSE) -> 57 | I58: =Table3[[#This Row],[Rank in 2013]]-Table3[[#This Row],[Rank in 2014]] -> 2
A59: HR-1 | B59: Croatia, MFA | D59: =VLOOKUP(B59,'Overall scores and ranking'!$A$4:$B$71,2,FALSE) -> 11.814868 | G59: =VLOOKUP(B59,'Overall scores and ranking'!$A$3:$C$71,3,FALSE) -> 56
A60: RO-1 | B60: Romania, MFA | C60: =VLOOKUP('Comparison 2013 & 2014'!A60,'2013 ATI summary data'!$A$1:$C$69,3,FALSE) -> 14.784363 | D60: =VLOOKUP(B60,'Overall scores and ranking'!$A$4:$B$71,2,FALSE) -> 10.551111 | E60: =D60-C60 -> -4.233252 | G60: =VLOOKUP(B60,'Overall scores and ranking'!$A$3:$C$71,3,FALSE) -> 57 | H60: =VLOOKUP(Table3[[#This Row],[Org ID]],'2013 ATI summary data'!$A$1:$D$69,4,FALSE) -> 51 | I60: =Table3[[#This Row],[Rank in 2013]]-Table3[[#This Row],[Rank in 2014]] -> -6
A61: BR-1 | B61: Brazil, ABC | C61: =VLOOKUP('Comparison 2013 & 2014'!A61,'2013 ATI summary data'!$A$1:$C$69,3,FALSE) -> 11.817718 | D61: =VLOOKUP(B61,'Overall scores and ranking'!$A$4:$B$71,2,FALSE) -> 9.64616 | E61: =D61-C61 -> -2.171558 | G61: =VLOOKUP(B61,'Overall scores and ranking'!$A$3:$C$71,3,FALSE) -> 59 | H61: =VLOOKUP(Table3[[#This Row],[Org ID]],'2013 ATI summary data'!$A$1:$D$69,4,FALSE) -> 56 | I61: =Table3[[#This Row],[Rank in 2013]]-Table3[[#This Row],[Rank in 2014]] -> -3
A62: FR-10 | B62: France, MINEFI | C62: =VLOOKUP('Comparison 2013 & 2014'!A62,'2013 ATI summary data'!$A$1:$C$69,3,FALSE) -> 12.169709 | D62: =VLOOKUP(B62,'Overall scores and ranking'!$A$4:$B$71,2,FALSE) -> 10.301158 | E62: =D62-C62 -> -1.86855 | G62: =VLOOKUP(B62,'Overall scores and ranking'!$A$3:$C$71,3,FALSE) -> 58 | H62: =VLOOKUP(Table3[[#This Row],[Org ID]],'2013 ATI summary data'!$A$1:$D$69,4,FALSE) -> 53 | I62: =Table3[[#This Row],[Rank in 2013]]-Table3[[#This Row],[Rank in 2014]] -> -5
A63: GB-6 | B63: UK, MOD | C63: =VLOOKUP('Comparison 2013 & 2014'!A63,'2013 ATI summary data'!$A$1:$C$69,3,FALSE) -> 12.029931 | D63: =VLOOKUP(B63,'Overall scores and ranking'!$A$4:$B$71,2,FALSE) -> 9.628287 | E63: =D63-C63 -> -2.4016435 | G63: =VLOOKUP(B63,'Overall scores and ranking'!$A$3:$C$71,3,FALSE) -> 60 | H63: =VLOOKUP(Table3[[#This Row],[Org ID]],'2013 ATI summary data'!$A$1:$D$69,4,FALSE) -> 54 | I63: =Table3[[#This Row],[Rank in 2013]]-Table3[[#This Row],[Rank in 2014]] -> -6
A64: DE-11 | B64: Germany, AA | C64: =VLOOKUP('Comparison 2013 & 2014'!A64,'2013 ATI summary data'!$A$1:$C$69,3,FALSE) -> 10.035455 | D64: =VLOOKUP(B64,'Overall scores and ranking'!$A$4:$B$71,2,FALSE) -> 9.1154985 | E64: =D64-C64 -> -0.9199565 | G64: =VLOOKUP(B64,'Overall scores and ranking'!$A$3:$C$71,3,FALSE) -> 61 | H64: =VLOOKUP(Table3[[#This Row],[Org ID]],'2013 ATI summary data'!$A$1:$D$69,4,FALSE) -> 59 | I64: =Table3[[#This Row],[Rank in 2013]]-Table3[[#This Row],[Rank in 2014]] -> -2
A65: HU-1 | B65: Hungary, MFA | C65: =VLOOKUP('Comparison 2013 & 2014'!A65,'2013 ATI summary data'!$A$1:$C$69,3,FALSE) -> 4.719778 | D65: =VLOOKUP(B65,'Overall scores and ranking'!$A$4:$B$71,2,FALSE) -> 8.304778 | E65: =D65-C65 -> 3.585 | G65: =VLOOKUP(B65,'Overall scores and ranking'!$A$3:$C$71,3,FALSE) -> 62 | H65: =VLOOKUP(Table3[[#This Row],[Org ID]],'2013 ATI summary data'!$A$1:$D$69,4,FALSE) -> 64 | I65: =Table3[[#This Row],[Rank in 2013]]-Table3[[#This Row],[Rank in 2014]] -> 2
A66: BG-1 | B66: Bulgaria, MFA | C66: =VLOOKUP('Comparison 2013 & 2014'!A66,'2013 ATI summary data'!$A$1:$C$69,3,FALSE) -> 5.665 | D66: =VLOOKUP(B66,'Overall scores and ranking'!$A$4:$B$71,2,FALSE) -> 8.165 | E66: =D66-C66 -> 2.5 | G66: =VLOOKUP(B66,'Overall scores and ranking'!$A$3:$C$71,3,FALSE) -> 63 | H66: =VLOOKUP(Table3[[#This Row],[Org ID]],'2013 ATI summary data'!$A$1:$D$69,4,FALSE) -> 63 | I66: =Table3[[#This Row],[Rank in 2013]]-Table3[[#This Row],[Rank in 2014]] -> 0
A67: MT-1 | B67: Malta, MFA | C67: =VLOOKUP('Comparison 2013 & 2014'!A67,'2013 ATI summary data'!$A$1:$C$69,3,FALSE) -> 3.779747 | D67: =VLOOKUP(B67,'Overall scores and ranking'!$A$4:$B$71,2,FALSE) -> 6.589716 | E67: =D67-C67 -> 2.809969 | G67: =VLOOKUP(B67,'Overall scores and ranking'!$A$3:$C$71,3,FALSE) -> 64 | H67: =VLOOKUP(Table3[[#This Row],[Org ID]],'2013 ATI summary data'!$A$1:$D$69,4,FALSE) -> 65 | I67: =Table3[[#This Row],[Rank in 2013]]-Table3[[#This Row],[Rank in 2014]] -> 1
A68: LT-1 | B68: Lithuania, MFA | C68: =VLOOKUP('Comparison 2013 & 2014'!A68,'2013 ATI summary data'!$A$1:$C$69,3,FALSE) -> 8.219553 | D68: =VLOOKUP(B68,'Overall scores and ranking'!$A$4:$B$71,2,FALSE) -> 6.513057 | E68: =D68-C68 -> -1.706496 | G68: =VLOOKUP(B68,'Overall scores and ranking'!$A$3:$C$71,3,FALSE) -> 65 | H68: =VLOOKUP(Table3[[#This Row],[Org ID]],'2013 ATI summary data'!$A$1:$D$69,4,FALSE) -> 61 | I68: =Table3[[#This Row],[Rank in 2013]]-Table3[[#This Row],[Rank in 2014]] -> -4
A69: CY-1 | B69: Cyprus, CyprusAid | C69: =VLOOKUP('Comparison 2013 & 2014'!A69,'2013 ATI summary data'!$A$1:$C$69,3,FALSE) -> 6.452938 | D69: =VLOOKUP(B69,'Overall scores and ranking'!$A$4:$B$71,2,FALSE) -> 5.909659 | E69: =D69-C69 -> -0.543279 | G69: =VLOOKUP(B69,'Overall scores and ranking'!$A$3:$C$71,3,FALSE) -> 66 | H69: =VLOOKUP(Table3[[#This Row],[Org ID]],'2013 ATI summary data'!$A$1:$D$69,4,FALSE) -> 62 | I69: =Table3[[#This Row],[Rank in 2013]]-Table3[[#This Row],[Rank in 2014]] -> -4
A70: GR-3 | B70: Greece, HellenicAid | C70: =VLOOKUP('Comparison 2013 & 2014'!A70,'2013 ATI summary data'!$A$1:$C$69,3,FALSE) -> 3.609889 | D70: =VLOOKUP(B70,'Overall scores and ranking'!$A$4:$B$71,2,FALSE) -> 4.719778 | E70: =D70-C70 -> 1.109889 | G70: =VLOOKUP(B70,'Overall scores and ranking'!$A$3:$C$71,3,FALSE) -> 67 | H70: =VLOOKUP(Table3[[#This Row],[Org ID]],'2013 ATI summary data'!$A$1:$D$69,4,FALSE) -> 66 | I70: =Table3[[#This Row],[Rank in 2013]]-Table3[[#This Row],[Rank in 2014]] -> -1
A71: CN-1 | B71: China, MOFCOM | C71: =VLOOKUP('Comparison 2013 & 2014'!A71,'2013 ATI summary data'!$A$1:$C$69,3,FALSE) -> 2.219778 | D71: =VLOOKUP(B71,'Overall scores and ranking'!$A$4:$B$71,2,FALSE) -> 2.219778 | E71: =D71-C71 -> 0 | G71: =VLOOKUP(B71,'Overall scores and ranking'!$A$3:$C$71,3,FALSE) -> 68 | H71: =VLOOKUP(Table3[[#This Row],[Org ID]],'2013 ATI summary data'!$A$1:$D$69,4,FALSE) -> 67 | I71: =Table3[[#This Row],[Rank in 2013]]-Table3[[#This Row],[Rank in 2014]] -> -1
A81: Average | C81: =AVERAGE(C4:C71) -> 32.6355 | D81: =AVERAGE(D4:D71) -> 38.92705 | E81: =D81-C81 -> 6.2915499

Sheet Wtd - IATI vs Others
A1: Overall score split between IATI and Other formats
A3: Sum of indicator_total_weighted_points | B3: Column Labels
A4: Row Labels | B4: iati | C4: Others | D4: Grand Total
A5: UNDP | B5: 81.857234 | C5: 8.779878 | D5: 90.637112
A6: UK, DFID | B6: 78.74634 | C6: 9.5904 | D6: 88.33674
A7: U.S., MCC | B7: 72.957344 | C7: 13.937278 | D7: 86.894622
A8: GAVI | B8: 78.037433 | C8: 8.708289 | D8: 86.745722
A9: AsDB | B9: 73.09276 | C9: 10.750078 | D9: 83.842838
A10: Sweden, MFA-Sida | B10: 73.45051 | C10: 9.8235 | D10: 83.27401
A11: World Bank, IDA | B11: 74.32376 | C11: 7.9452015 | D11: 82.268961
A12: AfDB | B12: 66.429549 | C12: 8.0864795 | D12: 74.516029
A13: IADB | B13: 67.196888 | C13: 6.7205105 | D13: 73.917398
A14: Global Fund | B14: 61.172526 | C14: 12.125579 | D14: 73.298105
A15: Canada, DFATD | B15: 58.496495 | C15: 13.174854 | D15: 71.671349
A16: EC, FPI | B16: 56.130755 | C16: 12.9453 | D16: 69.076055
... A37: Japan, JICA | B37: 24.108214 | C37: 13.105915 | D37: 37.214129
A38: Korea, KOICA | C38: 36.894751 | D38: 36.894751
A39: UK, FCO | B39: 18.482561 | C39: 17.314543 | D39: 35.797104
A40: U.S., Treasury | B40: 2.78 | C40: 32.048499 | D40: 34.828499
A41: IMF | C41: 31.595882 | D41: 31.595882
A42: U.S., Defense | B42: 17.554302 | C42: 13.202008 | D42: 30.75631
A43: World Bank, IFC | C43: 30.61791 | D43: 30.61791
A44: Czech Republic, CzDA | C44: 29.48981 | D44: 29.48981
A45: Estonia, MFA | C45: 28.23122 | D45: 28.23122
A46: Norway, MFA | C46: 27.648544 | D46: 27.648544
A47: Portugal, CICL | C47: 26.544537 | D47: 26.544537
A48: France, AFD | C48: 24.667978 | D48: 24.667978
A49: EIB | C49: 24.577409 | D49: 24.577409
A50: EBRD | C50: 24.502646 | D50: 24.502646
A51: Austria, ADA | C51: 19.072685 | D51: 19.072685
A52: Latvia, MFA | C52: 19.032906 | D52: 19.032906
A53: Belgium, DGCD | C53: 18.846489 | D53: 18.846489
A54: Luxembourg, MFA | C54: 18.812664 | D54: 18.812664
... A72: China, MOFCOM | C72: 2.219778 | D72: 2.219778
A73: Average | B73: =D73-C73 -> 23.593613 | C73: =AVERAGE(C5:C72) -> 15.333437 | D73: =AVERAGE(D5:D72) -> 38.92705

Sheet Overall scores by indicator
A1: Absolute scores by indicator
A3: Sum of total_points | B3: Column Labels
B4: commitment | E4: organisation | M4: activity
B5: (blank) | E5: planning | J5: financial | M5: basic | U5: classifications | AB5: related-documents | AH5: financial | AL5: performance
A6: Row Labels | B6: FOIA | C6: Implementation schedules | D6: Accessibility | E6: Organisation strategy | F6: Annual report | G6: Allocation policy | H6: Procurement policy | I6: Country strategy | J6: Total budget | K6: Disaggregated budgets | L6: Audit | M6: Implementer | N6: Unique ID | O6: Title | P6: Description | Q6: Planned dates | R6: Actual dates | S6: Current Status | T6: Contact details | U6: Collaboration Type | V6: Flow Type | W6: Aid Type | X6: Finance Type | Y6: Sector | Z6: Sub-national location | AA6: Tied Aid Status | AB6: MoU | AC6: Evaluations | AD6: Objectives | AE6: Budget Docs | AF6: Contracts | AG6: Tenders | AH6: Budget | AI6: Commitments | AJ6: Disbursements and expenditure | AK6: Budget Identifier | AL6: Results | AM6: Impact Appraisals | AN6: Conditions | AO6: Performance Category
A7: AfDB | B7: 66.66 | C7: 94 | D7: 33.33 | E7: 100 | F7: 100 | G7: 100 | H7: 100 | I7: 98 | J7: 100 | K7: 100 | L7: 100 | M7: 93.70625 | N7: 95 | O7: 94.803125 | P7: 83.046875 | Q7: 94.6625 | R7: 87.614495 | S7: 95 | T7: 95 | U7: 95 | V7: 95 | W7: 94.325 | X7: 94.325 | Y7: 95 | Z7: 74.46875 | AA7: 95 | AB7: 0 | AC7: 54.308511 | AD7: 54.55625 | AE7: 54.313472 | AF7: 50 | AG7: 51.690415 | AH7: 16.665 | AI7: 95 | AJ7: 86.05625 | AK7: 0 | AL7: 52.925 | AM7: 54.55625 | AN7: 52.278125 | AO7: =VLOOKUP(A7,'Overall scores and ranking'!$A$3:$D$71,4,FALSE) -> Good
A8: AsDB | B8: 66.66 | C8: 91 | D8: 100 | E8: 100 | F8: 100 | G8: 100 | H8: 100 | I8: 93.75 | J8: 100 | K8: 100 | L8: 100 | M8: 95 | N8: 95 | O8: 95 | P8: 94.951974 | Q8: 95 | R8: 95 | S8: 95 | T8: 95 | U8: 95 | V8: 95 | W8: 95 | X8: 95 | Y8: 72.5 | Z8: 86.499466 | AA8: 95 | AB8: 94.855923 | AC8: 69.191176 | AD8: 95 | AE8: 95 | AF8: 50 | AG8: 50 | AH8: 0 | AI8: 95 | AJ8: 89.236926 | AK8: 0 | AL8: 72.5 | AM8: 95 | AN8: 72.427962 | AO8: =VLOOKUP(A8,'Overall scores and ranking'!$A$3:$D$71,4,FALSE) -> Very good
A9: Australia, DFAT | B9: 66.66 | C9: 38 | D9: 0 | E9: 100 | F9: 100 | G9: 100 | H9: 100 | I9: 50 | J9: 66.666667 | K9: 11.11 | L9: 50 | M9: 0 | N9: 95 | O9: 94.838185 | P9: 94.946062 | Q9: 95 | R9: 89.050847 | S9: 95 | T9: 95 | U9: 0 | V9: 95 | W9: 95 | X9: 95 | Y9: 94.961473 | Z9: 0 | AA9: 33.33 | AB9: 50 | AC9: 50 | AD9: 0 | AE9: 0 | AF9: 50 | AG9: 50 | AH9: 0 | AI9: 0 | AJ9: 94.84589 | AK9: 0 | AL9: 0 | AM9: 0 | AN9: 0 | AO9: =VLOOKUP(A9,'Overall scores and ranking'!$A$3:$D$71,4,FALSE) -> Fair
A10: Austria, ADA | B10: 33.33 | C10: 0 | D10: 33.33 | E10: 50 | F10: 50 | G10: 50 | H10: 50 | I10: 50 | J10: 11.11 | K10: 50 | L10: 50 | M10: 33.33 | N10: 33.33 | O10: 33.33 | P10: 33.33 | Q10: 0 | R10: 0 | S10: 0 | T10: 33.33 | U10: 0 | V10: 0 | W10: 0 | X10: 0 | Y10: 0 | Z10: 0 | AA10: 0 | AB10: 0 | AC10: 50 | AD10: 0 | AE10: 0 | AF10: 0 | AG10: 50 | AH10: 0 | AI10: 33.33 | AJ10: 0 | AK10: 0 | AL10: 0 | AM10: 0 | AN10: 0 | AO10: =VLOOKUP(A10,'Overall scores and ranking'!$A$3:$D$71,4,FALSE) -> Very Poor
A11: Belgium, DGCD | B11: 33.33 | C11: 92 | D11: 0 | E11: 50 | F11: 50 | G11: 50 | H11: 50 | I11: 0 | J11: 0 | K11: 50 | L11: 50 | M11: 0 | N11: 0 | O11: 33.33 | P11: 33.33 | Q11: 0 | R11: 0 | S11: 0 | T11: 33.33 | U11: 0 | V11: 0 | W11: 0 | X11: 0 | Y11: 33.33 | Z11: 0 | AA11: 0 | AB11: 0 | AC11: 0 | AD11: 50 | AE11: 0 | AF11: 0 | AG11: 50 | AH11: 0 | AI11: 33.33 | AJ11: 0 | AK11: 0 | AL11: 0 | AM11: 0 | AN11: 0 | AO11: =VLOOKUP(A11,'Overall scores and ranking'!$A$3:$D$71,4,FALSE) -> Very Poor
A12: Brazil, ABC | B12: 100 | C12: 0 | D12: 33.33 | E12: 0 | F12: 0 | G12: 0 | H12: 50 | I12: 0 | J12: 0 | K12: 0 | L12: 0 | M12: 33.33 | N12: 33.33 | O12: 33.33 | P12: 0 | Q12: 33.33 | R12: 0 | S12: 33.33 | T12: 0 | U12: 33.33 | V12: 0 | W12: 0 | X12: 0 | Y12: 33.33 | Z12: 0 | AA12: 0 | AB12: 0 | AC12: 0 | AD12: 0 | AE12: 0 | AF12: 0 | AG12: 0 | AH12: 0 | AI12: 0 | AJ12: 0 | AK12: 0 | AL12: 0 | AM12: 0 | AN12: 0 | AO12: =VLOOKUP(A12,'Overall scores and ranking'!$A$3:$D$71,4,FALSE) -> Very Poor
A13: Bulgaria, MFA | B13: 100 | C13: 0 | D13: 0 | E13: 50 | F13: 0 | G13: 50 | H13: 50 | I13: 0 | J13: 0 | K13: 0 | L13: 0 | M13: 0 | N13: 0 | O13: 0 | P13: 0 | Q13: 0 | R13: 0 | S13: 0 | T13: 0 | U13: 0 | V13: 0 | W13: 0 | X13: 0 | Y13: 0 | Z13: 0 | AA13: 0 | AB13: 0 | AC13: 0 | AD13: 0 | AE13: 0 | AF13: 0 | AG13: 50 | AH13: 0 | AI13: 0 | AJ13: 0 | AK13: 0 | AL13: 0 | AM13: 0 | AN13: 0 | AO13: =VLOOKUP(A13,'Overall scores and ranking'!$A$3:$D$71,4,FALSE) -> Very Poor
A14: Canada, DFATD | B14: 66.66 | C14: 94 | D14: 100 | E14: 100 | F14: 100 | G14: 100 | H14: 100 | I14: 70.27027 | J14: 100 | K14: 100 | L14: 100 | M14: 95 | N14: 95 | O14: 95 | P14: 95 | Q14: 68.209578 | R14: 95 | S14: 95 | T14: 95 | U14: 95 | V14: 95 | W14: 95 | X14: 95 | Y14: 95 | Z14: 33.33 | AA14: 33.33 | AB14: 0 | AC14: 50 | AD14: 95 | AE14: 0 | AF14: 50 | AG14: 50 | AH14: 68.007951 | AI14: 95 | AJ14: 0 | AK14: 0 | AL14: 68.011863 | AM14: 0 | AN14: 72.5 | AO14: =VLOOKUP(A14,'Overall scores and ranking'!$A$3:$D$71,4,FALSE) -> Good
A15: China, MOFCOM | B15: 66.66 | C15: 0 | D15: 0 | E15: 0 | F15: 0 | G15: 0 | H15: 0 | I15: 0 | J15: 0 | K15: 0 | L15: 0 | M15: 0 | N15: 0 | O15: 0 | P15: 0 | Q15: 0 | R15: 0 | S15: 0 | T15: 0 | U15: 0 | V15: 0 | W15: 0 | X15: 0 | Y15: 0 | Z15: 0 | AA15: 0 | AB15: 0 | AC15: 0 | AD15: 0 | AE15: 0 | AF15: 0 | AG15: 0 | AH15: 0 | AI15: 0 | AJ15: 0 | AK15: 0 | AL15: 0 | AM15: 0 | AN15: 0 | AO15: =VLOOKUP(A15,'Overall scores and ranking'!$A$3:$D$71,4,FALSE) -> Very Poor
A16: Croatia, MFA | B16: 100 | C16: 0 | D16: 0 | E16: 50 | F16: 50 | G16: 50 | H16: 50 | I16: 0 | J16: 16.665 | K16: 0 | L16: 0 | M16: 0 | N16: 0 | O16: 0 | P16: 0 | Q16: 0 | R16: 0 | S16: 0 | T16: 0 | U16: 0 | V16: 33.33 | W16: 0 | X16: 0 | Y16: 0 | Z16: 0 | AA16: 0 | AB16: 0 | AC16: 0 | AD16: 0 | AE16: 0 | AF16: 50 | AG16: 50 | AH16: 0 | AI16: 0 | AJ16: 0 | AK16: 0 | AL16: 0 | AM16: 0 | AN16: 0 | AO16: =VLOOKUP(A16,'Overall scores and ranking'!$A$3:$D$71,4,FALSE) -> Very Poor
A17: Cyprus, CyprusAid | B17: 0 | C17: 0 | D17: 0 | E17: 50 | F17: 0 | G17: 50 | H17: 0 | I17: 0 | J17: 0 | K17: 0 | L17: 0 | M17: 0 | N17: 0 | O17: 33.33 | P17: 33.33 | Q17: 0 | R17: 0 | S17: 0 | T17: 0 | U17: 33.33 | V17: 33.33 | W17: 0 | X17: 0 | Y17: 0 | Z17: 0 | AA17: 0 | AB17: 0 | AC17: 0 | AD17: 0 | AE17: 0 | AF17: 0 | AG17: 0 | AH17: 0 | AI17: 33.33 | AJ17: 0 | AK17: 0 | AL17: 0 | AM17: 0 | AN17: 0 | AO17: =VLOOKUP(A17,'Overall scores and ranking'!$A$3:$D$71,4,FALSE) -> Very Poor
A18: Czech Republic, CzDA | B18: 66.66 | C18: 39.5 | D18: 0 | E18: 50 | F18: 50 | G18: 50 | H18: 50 | I18: 50 | J18: 50 | K18: 50 | L18: 50 | M18: 50 | N18: 33.33 | O18: 50 | P18: 50 | Q18: 0 | R18: 0 | S18: 33.33 | T18: 33.33 | U18: 50 | V18: 16.665 | W18: 33.33 | X18: 0 | Y18: 50 | Z18: 33.33 | AA18: 0 | AB18: 0 | AC18: 50 | AD18: 50 | AE18: 0 | AF18: 50 | AG18: 50 | AH18: 0 | AI18: 50 | AJ18: 0 | AK18: 0 | AL18: 0 | AM18: 0 | AN18: 0 | AO18: =VLOOKUP(A18,'Overall scores and ranking'!$A$3:$D$71,4,FALSE) -> Poor
... A74: France, MAEDI | B74: 66.66 | C74: 12.5 | D74: 0 | E74: 100 | F74: 100 | G74: 50 | H74: 50 | I74: 0 | J74: 16.665 | K74: 0 | L74: 0 | M74: 95 | N74: 95 | O74: 94.723738 | P74: 85.146658 | Q74: 56.691678 | R74: 0 | S74: 56.691678 | T74: 0 | U74: 94.93844 | V74: 94.93844 | W74: 94.93844 | X74: 91.060192 | Y74: 94.41678 | Z74: 56.121563 | AA74: 95 | AB74: 0 | AC74: 50 | AD74: 50.554036 | AE74: 0 | AF74: 50 | AG74: 50 | AH74: 0 | AI74: 76.716826 | AJ74: 94.015048 | AK74: 0 | AL74: 51.631327 | AM74: 0 | AN74: 0 | AO74: =VLOOKUP(A74,'Overall scores and ranking'!$A$3:$D$71,4,FALSE) -> Fair
A75: Dynamic Average | B75: =SUBTOTAL(1,B7:B74) -> 65.191912 | C75: =SUBTOTAL(1,C7:C74) -> 35.698529 | D75: =SUBTOTAL(1,D7:D74) -> 37.253088 | E75: =SUBTOTAL(1,E7:E74) -> 64.705882 | F75: =SUBTOTAL(1,F7:F74) -> 62.5 | G75: =SUBTOTAL(1,G7:G74) -> 60.294118 | H75: =SUBTOTAL(1,H7:H74) -> 61.764706 | I75: =SUBTOTAL(1,I7:I74) -> 39.353914 | ... AN75: =SUBTOTAL(1,AN7:AN74) -> 18.92941
A77: No of donors that score | B77: =COUNTIF(B7:B74,">0") -> 65 | C77: =COUNTIF(C7:C74,">0") -> 42 | D77: =COUNTIF(D7:D74,">0") -> 38 | E77: =COUNTIF(E7:E74,">0") -> 65 | F77: =COUNTIF(F7:F74,">0") -> 62 | G77: =COUNTIF(G7:G74,">0") -> 63 | H77: =COUNTIF(H7:H74,">0") -> 63 | I77: =COUNTIF(I7:I74,">0") -> 43 | ... AN77: =COUNTIF(AN7:AN74,">0") -> 18
A78: No of donors that don't score | B78: =COUNTIF(B7:B74,"=0") -> 3 | C78: =COUNTIF(C7:C74,"=0") -> 26 | D78: =COUNTIF(D7:D74,"=0") -> 30 | E78: =COUNTIF(E7:E74,"=0") -> 3 | F78: =COUNTIF(F7:F74,"=0") -> 6 | G78: =COUNTIF(G7:G74,"=0") -> 5 | H78: =COUNTIF(H7:H74,"=0") -> 5 | I78: =COUNTIF(I7:I74,"=0") -> 25 | ... AN78: =COUNTIF(AN7:AN74,"=0") -> 50
A80: Check box = 0 | B80: =68-SUM(B77:B78) -> 0 | C80: =68-SUM(C77:C78) -> 0 | D80: =68-SUM(D77:D78) -> 0 | E80: =68-SUM(E77:E78) -> 0 | F80: =68-SUM(F77:F78) -> 0 | G80: =68-SUM(G77:G78) -> 0 | H80: =68-SUM(H77:H78) -> 0 | I80: =68-SUM(I77:I78) -> 0 | ... AN80: =68-SUM(AN77:AN78) -> 0
A145: No. of donors that score | B145: =COUNTIF(B7:B144,">0") -> 68

Sheet Summary - indicator results
A1: No of donors publishing each indicator
A3: Indicator Name | B3: No of donors that score in 2014
A4: ='Overall scores by indicator'!E6 -> Organisation strategy | B4: ='Overall scores by indicator'!E77 -> 65
A5: ='Overall scores by indicator'!B6 -> FOIA | B5: ='Overall scores by indicator'!B77 -> 65
A6: ='Overall scores by indicator'!H6 -> Procurement policy | B6: ='Overall scores by indicator'!H77 -> 63
A7: ='Overall scores by indicator'!G6 -> Allocation policy | B7: ='Overall scores by indicator'!G77 -> 63
A8: ='Overall scores by indicator'!F6 -> Annual report | B8: ='Overall scores by indicator'!F77 -> 62
A9: ='Overall scores by indicator'!O6 -> Title | B9: ='Overall scores by indicator'!O77 -> 58
A10: ='Overall scores by indicator'!P6 -> Description | B10: ='Overall scores by indicator'!P77 -> 54
A11: ='Overall scores by indicator'!AI6 -> Commitments | B11: ='Overall scores by indicator'!AI77 -> 53
A12: ='Overall scores by indicator'!J6 -> Total budget | B12: ='Overall scores by indicator'!J77 -> 54
A13: ='Overall scores by indicator'!Y6 -> Sector | B13: ='Overall scores by indicator'!Y77 -> 53
A14: ='Overall scores by indicator'!T6 -> Contact details | B14: ='Overall scores by indicator'!T77 -> 53
A15: ='Overall scores by indicator'!AG6 -> Tenders | B15: ='Overall scores by indicator'!AG77 -> 53
A16: ='Overall scores by indicator'!N6 -> Unique ID | B16: ='Overall scores by indicator'!N77 -> 51
A17: ='Overall scores by indicator'!M6 -> Implementer | B17: ='Overall scores by indicator'!M77 -> 50
A18: ='Overall scores by indicator'!L6 -> Audit | B18: ='Overall scores by indicator'!L77 -> 49
A19: ='Overall scores by indicator'!U6 -> Collaboration Type | B19: ='Overall scores by indicator'!U77 -> 46
A20: ='Overall scores by indicator'!X6 -> Finance Type | B20: ='Overall scores by indicator'!X77 -> 46
A21: ='Overall scores by indicator'!W6 -> Aid Type | B21: ='Overall scores by indicator'!W77 -> 47
A22: ='Overall scores by indicator'!V6 -> Flow Type | B22: ='Overall scores by indicator'!V77 -> 44
A23: ='Overall scores by indicator'!I6 -> Country strategy | B23: ='Overall scores by indicator'!I77 -> 43
A24: ='Overall scores by indicator'!S6 -> Current Status | B24: ='Overall scores by indicator'!S77 -> 40
A25: ='Overall scores by indicator'!Q6 -> Planned dates | B25: ='Overall scores by indicator'!Q77 -> 42
A26: ='Overall scores by indicator'!AA6 -> Tied Aid Status | B26: ='Overall scores by indicator'!AA77 -> 40
A27: ='Overall scores by indicator'!C6 -> Implementation schedules | B27: ='Overall scores by indicator'!C77 -> 42
A28: ='Overall scores by indicator'!K6 -> Disaggregated budgets | B28: ='Overall scores by indicator'!K77 -> 40
A29: ='Overall scores by indicator'!AC6 -> Evaluations | B29: ='Overall scores by indicator'!AC77 -> 39
A30: ='Overall scores by indicator'!D6 -> Accessibility | B30: ='Overall scores by indicator'!D77 -> 38
A31: ='Overall scores by indicator'!AF6 -> Contracts | B31: ='Overall scores by indicator'!AF77 -> 37
A32: ='Overall scores by indicator'!AJ6 -> Disbursements and expenditure | B32: ='Overall scores by indicator'!AJ77 -> 33
A33: ='Overall scores by indicator'!AD6 -> Objectives | B33: ='Overall scores by indicator'!AD77 -> 33
A34: ='Overall scores by indicator'!R6 -> Actual dates | B34: ='Overall scores by indicator'!R77 -> 29
A35: ='Overall scores by indicator'!AH6 -> Budget | B35: ='Overall scores by indicator'!AH77 -> 26
A36: ='Overall scores by indicator'!Z6 -> Sub-national location | B36: ='Overall scores by indicator'!Z77 -> 26
A37: ='Overall scores by indicator'!AN6 -> Conditions | B37: ='Overall scores by indicator'!AN77 -> 18
A38: ='Overall scores by indicator'!AB6 -> MoU | B38: ='Overall scores by indicator'!AB77 -> 16
A39: ='Overall scores by indicator'!AL6 -> Results | B39: ='Overall scores by indicator'!AL77 -> 16
A40: ='Overall scores by indicator'!AM6 -> Impact Appraisals | B40: ='Overall scores by indicator'!AM77 -> 16
A41: ='Overall scores by indicator'!AE6 -> Budget Docs | B41: ='Overall scores by indicator'!AE77 -> 13
A42: ='Overall scores by indicator'!AK6 -> Budget Identifier | B42: ='Overall scores by indicator'!AK77 -> 7

Sheet Format by indicator
A1: Format of publication for 22 indicators scored on format
A2: survey_publication_status | B2: (Multiple Items)
A4: Count of total_points | B4: Column Labels | H4: Data check | I4: Check box = 0
A5: Row Labels | B5: iati | C5: machine-readable | D5: website | E5: pdf | F5: Grand Total
A6: Actual dates | B6: 28 | C6: 1 | F6: 29 | H6: =VLOOKUP(A6,Table5[#All],2,FALSE) -> 29 | I6: =F6-H6 -> 0
A7: Aid Type | B7: 29 | C7: 11 | D7: 5 | E7: 2 | F7: 47 | H7: =VLOOKUP(A7,Table5[#All],2,FALSE) -> 47 | I7: =F7-H7 -> 0
A8: Budget | B8: 15 | C8: 6 | D8: 1 | E8: 4 | F8: 26 | H8: =VLOOKUP(A8,Table5[#All],2,FALSE) -> 26 | I8: =F8-H8 -> 0
A9: Budget Identifier | B9: 7 | F9: 7 | H9: =VLOOKUP(A9,Table5[#All],2,FALSE) -> 7 | I9: =F9-H9 -> 0
A10: Collaboration Type | B10: 27 | C10: 9 | D10: 8 | E10: 2 | F10: 46 | H10: =VLOOKUP(A10,Table5[#All],2,FALSE) -> 46 | I10: =F10-H10 -> 0
A11: Commitments | B11: 29 | C11: 11 | D11: 10 | E11: 3 | F11: 53 | H11: =VLOOKUP(A11,Table5[#All],2,FALSE) -> 53 | I11: =F11-H11 -> 0
A12: Contact details | B12: 26 | C12: 1 | D12: 26 | F12: 53 | H12: =VLOOKUP(A12,Table5[#All],2,FALSE) -> 53 | I12: =F12-H12 -> 0
A13: Current Status | B13: 26 | C13: 7 | D13: 6 | E13: 1 | F13: 40 | H13: =VLOOKUP(A13,Table5[#All],2,FALSE) -> 40 | I13: =F13-H13 -> 0
A14: Description | B14: 34 | C14: 6 | D14: 13 | E14: 1 | F14: 54 | H14: =VLOOKUP(A14,Table5[#All],2,FALSE) -> 54 | I14: =F14-H14 -> 0
A15: Disaggregated budgets | B15: 17 | C15: 12 | D15: 4 | E15: 7 | F15: 40 | H15: =VLOOKUP(A15,Table5[#All],2,FALSE) -> 40 | I15: =F15-H15 -> 0
A16: Disbursements and expenditure | B16: 32 | C16: 1 | F16: 33 | H16: =VLOOKUP(A16,Table5[#All],2,FALSE) -> 33 | I16: =F16-H16 -> 0
A17: Finance Type | B17: 29 | C17: 9 | D17: 7 | E17: 1 | F17: 46 | H17: =VLOOKUP(A17,Table5[#All],2,FALSE) -> 46 | I17: =F17-H17 -> 0
A18: Flow Type | B18: 32 | C18: 4 | D18: 6 | E18: 2 | F18: 44 | H18: =VLOOKUP(A18,Table5[#All],2,FALSE) -> 44 | I18: =F18-H18 -> 0
A19: Implementer | B19: 29 | C19: 8 | D19: 12 | E19: 1 | F19: 50 | H19: =VLOOKUP(A19,Table5[#All],2,FALSE) -> 50 | I19: =F19-H19 -> 0
A20: Planned dates | B20: 31 | C20: 6 | D20: 4 | E20: 1 | F20: 42 | H20: =VLOOKUP(A20,Table5[#All],2,FALSE) -> 42 | I20: =F20-H20 -> 0
A21: Results | B21: 14 | D21: 1 | E21: 1 | F21: 16 | H21: =VLOOKUP(A21,Table5[#All],2,FALSE) -> 16 | I21: =F21-H21 -> 0
A22: Sector | B22: 35 | C22: 10 | D22: 8 | F22: 53 | H22: =VLOOKUP(A22,Table5[#All],2,FALSE) -> 53 | I22: =F22-H22 -> 0
A23: Sub-national location | B23: 14 | C23: 3 | D23: 7 | E23: 2 | F23: 26 | H23: =VLOOKUP(A23,Table5[#All],2,FALSE) -> 26 | I23: =F23-H23 -> 0
A24: Tied Aid Status | B24: 27 | C24: 5 | D24: 5 | E24: 3 | F24: 40 | H24: =VLOOKUP(A24,Table5[#All],2,FALSE) -> 40 | I24: =F24-H24 -> 0
A25: Title | B25: 35 | C25: 9 | D25: 12 | E25: 2 | F25: 58 | H25: =VLOOKUP(A25,Table5[#All],2,FALSE) -> 58 | I25: =F25-H25 -> 0
A26: Total budget | B26: 21 | C26: 3 | D26: 4 | E26: 26 | F26: 54 | H26: =VLOOKUP(A26,Table5[#All],2,FALSE) -> 54 | I26: =F26-H26 -> 0
A27: Unique ID | B27: 35 | C27: 5 | D27: 11 | F27: 51 | H27: =VLOOKUP(A27,Table5[#All],2,FALSE) -> 51 | I27: =F27-H27 -> 0
A28: Grand Total | B28: 572 | C28: 127 | D28: 150 | E28: 59 | F28: 908

Sheet Format by donor
A1: Format of publication for 22 indicators scored on format - by donor
A3: survey_publication_status | B3: (Multiple Items)
A5: Count of total_points | B5: Column Labels
A6: Row Labels | B6: iati | C6: machine-readable | D6: website | E6: pdf | I6: Donor Name | J6: IATI | K6: Machine-readable | L6: Website | M6: PDF | N6: Not published | O6: Overall Score (for chart) | Q6: Check box = 0
A7: AfDB | B7: 20 | E7: 1 | I7: UNDP | J7: =VLOOKUP(Table9[[#This Row],[Donor Name]],$A$6:$E$72,2,FALSE) -> 22 | K7: =VLOOKUP(Table9[[#This Row],[Donor Name]],$A$6:$E$72,3,FALSE) -> 0 | L7: =VLOOKUP(Table9[[#This Row],[Donor Name]],$A$6:$E$72,4,FALSE) -> 0 | M7: =VLOOKUP(Table9[[#This Row],[Donor Name]],$A$6:$E$72,5,FALSE) -> 0 | N7: =22-SUM(J7:M7) -> 0 | O7: =VLOOKUP(Table9[[#This Row],[Donor Name]],'Overall scores and ranking'!$A$3:$C$71, 2,FALSE) -> 90.637112 | Q7: =22-SUM(J7:N7) -> 0
A8: AsDB | B8: 20 | I8: UK, DFID | J8: =VLOOKUP(Table9[[#This Row],[Donor Name]],$A$6:$E$72,2,FALSE) -> 22 | K8: =VLOOKUP(Table9[[#This Row],[Donor Name]],$A$6:$E$72,3,FALSE) -> 0 | L8: =VLOOKUP(Table9[[#This Row],[Donor Name]],$A$6:$E$72,4,FALSE) -> 0 | M8: =VLOOKUP(Table9[[#This Row],[Donor Name]],$A$6:$E$72,5,FALSE) -> 0 | N8: =22-SUM(J8:M8) -> 0 | O8: =VLOOKUP(Table9[[#This Row],[Donor Name]],'Overall scores and ranking'!$A$3:$C$71, 2,FALSE) -> 88.33674 | Q8: =22-SUM(J8:N8) -> 0
A9: Australia, DFAT | B9: 13 | D9: 2 | I9: GAVI | J9: =VLOOKUP(Table9[[#This Row],[Donor Name]],$A$6:$E$72,2,FALSE) -> 22 | K9: =VLOOKUP(Table9[[#This Row],[Donor Name]],$A$6:$E$72,3,FALSE) -> 0 | L9: =VLOOKUP(Table9[[#This Row],[Donor Name]],$A$6:$E$72,4,FALSE) -> 0 | M9: =VLOOKUP(Table9[[#This Row],[Donor Name]],$A$6:$E$72,5,FALSE) -> 0 | N9: =22-SUM(J9:M9) -> 0 | O9: =VLOOKUP(Table9[[#This Row],[Donor Name]],'Overall scores and ranking'!$A$3:$C$71, 2,FALSE) -> 86.745722 | Q9: =22-SUM(J9:N9) -> 0
A10: Austria, ADA | C10: 1 | D10: 6 | E10: 1 | I10: AsDB | J10: =VLOOKUP(Table9[[#This Row],[Donor Name]],$A$6:$E$72,2,FALSE) -> 20 | K10: =VLOOKUP(Table9[[#This Row],[Donor Name]],$A$6:$E$72,3,FALSE) -> 0 | L10: =VLOOKUP(Table9[[#This Row],[Donor Name]],$A$6:$E$72,4,FALSE) -> 0 | M10: =VLOOKUP(Table9[[#This Row],[Donor Name]],$A$6:$E$72,5,FALSE) -> 0 | N10: =22-SUM(J10:M10) -> 2 | O10: =VLOOKUP(Table9[[#This Row],[Donor Name]],'Overall scores and ranking'!$A$3:$C$71, 2,FALSE) -> 83.842838 | Q10: =22-SUM(J10:N10) -> 0
A11: Belgium, DGCD | C11: 1 | D11: 5 | I11: Sweden, MFA-Sida | J11: =VLOOKUP(Table9[[#This Row],[Donor Name]],$A$6:$E$72,2,FALSE) -> 22 | K11: =VLOOKUP(Table9[[#This Row],[Donor Name]],$A$6:$E$72,3,FALSE) -> 0 | L11: =VLOOKUP(Table9[[#This Row],[Donor Name]],$A$6:$E$72,4,FALSE) -> 0 | M11: =VLOOKUP(Table9[[#This Row],[Donor Name]],$A$6:$E$72,5,FALSE) -> 0 | N11: =22-SUM(J11:M11) -> 0 | O11: =VLOOKUP(Table9[[#This Row],[Donor Name]],'Overall scores and ranking'!$A$3:$C$71, 2,FALSE) -> 83.27401 | Q11: =22-SUM(J11:N11) -> 0
A12: Brazil, ABC | D12: 7 | I12: U.S., MCC | J12: =VLOOKUP(Table9[[#This Row],[Donor Name]],$A$6:$E$72,2,FALSE) -> 18 | K12: =VLOOKUP(Table9[[#This Row],[Donor Name]],$A$6:$E$72,3,FALSE) -> 4 | L12: =VLOOKUP(Table9[[#This Row],[Donor Name]],$A$6:$E$72,4,FALSE) -> 0 | M12: =VLOOKUP(Table9[[#This Row],[Donor Name]],$A$6:$E$72,5,FALSE) -> 0 | N12: =22-SUM(J12:M12) -> 0 | O12: =VLOOKUP(Table9[[#This Row],[Donor Name]],'Overall scores and ranking'!$A$3:$C$71, 2,FALSE) -> 86.894622 | Q12: =22-SUM(J12:N12) -> 0
A13: Canada, DFATD | B13: 18 | D13: 2 | I13: World Bank, IDA | J13: =VLOOKUP(Table9[[#This Row],[Donor Name]],$A$6:$E$72,2,FALSE) -> 20 | K13: =VLOOKUP(Table9[[#This Row],[Donor Name]],$A$6:$E$72,3,FALSE) -> 0 | L13: =VLOOKUP(Table9[[#This Row],[Donor Name]],$A$6:$E$72,4,FALSE) -> 0 | M13: =VLOOKUP(Table9[[#This Row],[Donor Name]],$A$6:$E$72,5,FALSE) -> 1 | N13: =22-SUM(J13:M13) -> 1 | O13: =VLOOKUP(Table9[[#This Row],[Donor Name]],'Overall scores and ranking'!$A$3:$C$71, 2,FALSE) -> 82.268961 | Q13: =22-SUM(J13:N13) -> 0
A14: Croatia, MFA | D14: 1 | E14: 1 | I14: AfDB | J14: =VLOOKUP(Table9[[#This Row],[Donor Name]],$A$6:$E$72,2,FALSE) -> 20 | K14: =VLOOKUP(Table9[[#This Row],[Donor Name]],$A$6:$E$72,3,FALSE) -> 0 | L14: =VLOOKUP(Table9[[#This Row],[Donor Name]],$A$6:$E$72,4,FALSE) -> 0 | M14: =VLOOKUP(Table9[[#This Row],[Donor Name]],$A$6:$E$72,5,FALSE) -> 1 | N14: =22-SUM(J14:M14) -> 1 | O14: =VLOOKUP(Table9[[#This Row],[Donor Name]],'Overall scores and ranking'!$A$3:$C$71, 2,FALSE) -> 74.516029 | Q14: =22-SUM(J14:N14) -> 0
A15: Cyprus, CyprusAid | D15: 5 | I15: IADB | J15: =VLOOKUP(Table9[[#This Row],[Donor Name]],$A$6:$E$72,2,FALSE) -> 17 | K15: =VLOOKUP(Table9[[#This Row],[Donor Name]],$A$6:$E$72,3,FALSE) -> 1 | L15: =VLOOKUP(Table9[[#This Row],[Donor Name]],$A$6:$E$72,4,FALSE) -> 0 | M15: =VLOOKUP(Table9[[#This Row],[Donor Name]],$A$6:$E$72,5,FALSE) -> 1 | N15: =22-SUM(J15:M15) -> 3 | O15: =VLOOKUP(Table9[[#This Row],[Donor Name]],'Overall scores and ranking'!$A$3:$C$71, 2,FALSE) -> 73.917398 | Q15: =22-SUM(J15:N15) -> 0
A16: Czech Republic, CzDA | C16: 8 | D16: 5 | E16: 1 | I16: Global Fund | J16: =VLOOKUP(Table9[[#This Row],[Donor Name]],$A$6:$E$72,2,FALSE) -> 17 | K16: =VLOOKUP(Table9[[#This Row],[Donor Name]],$A$6:$E$72,3,FALSE) -> 2 | L16: =VLOOKUP(Table9[[#This Row],[Donor Name]],$A$6:$E$72,4,FALSE) -> 0 | M16: =VLOOKUP(Table9[[#This Row],[Donor Name]],$A$6:$E$72,5,FALSE) -> 1 | N16: =22-SUM(J16:M16) -> 2 | O16: =VLOOKUP(Table9[[#This Row],[Donor Name]],'Overall scores and ranking'!$A$3:$C$71, 2,FALSE) -> 73.298105 | Q16: =22-SUM(J16:N16) -> 0
A17: Denmark, MFA | B17: 17 | C17: 1 | E17: 1 | I17: Canada, DFATD | J17: =VLOOKUP(Table9[[#This Row],[Donor Name]],$A$6:$E$72,2,FALSE) -> 18 | K17: =VLOOKUP(Table9[[#This Row],[Donor Name]],$A$6:$E$72,3,FALSE) -> 0 | L17: =VLOOKUP(Table9[[#This Row],[Donor Name]],$A$6:$E$72,4,FALSE) -> 2 | M17: =VLOOKUP(Table9[[#This Row],[Donor Name]],$A$6:$E$72,5,FALSE) -> 0 | N17: =22-SUM(J17:M17) -> 2 | O17: =VLOOKUP(Table9[[#This Row],[Donor Name]],'Overall scores and ranking'!$A$3:$C$71, 2,FALSE) -> 71.671349 | Q17: =22-SUM(J17:N17) -> 0
A18: EBRD | C18: 5 | D18: 8 | E18: 1 | I18: EC, FPI | J18: =VLOOKUP(Table9[[#This Row],[Donor Name]],$A$6:$E$72,2,FALSE) -> 20 | K18: =VLOOKUP(Table9[[#This Row],[Donor Name]],$A$6:$E$72,3,FALSE) -> 0 | L18: =VLOOKUP(Table9[[#This Row],[Donor Name]],$A$6:$E$72,4,FALSE) -> 0 | M18: =VLOOKUP(Table9[[#This Row],[Donor Name]],$A$6:$E$72,5,FALSE) -> 0 | N18: =22-SUM(J18:M18) -> 2 | O18: =VLOOKUP(Table9[[#This Row],[Donor Name]],'Overall scores and ranking'!$A$3:$C$71, 2,FALSE) -> 69.076055 | Q18: =22-SUM(J18:N18) -> 0
A19: EC, DEVCO | B19: 20 | I19: EC, DEVCO | J19: =VLOOKUP(Table9[[#This Row],[Donor Name]],$A$6:$E$72,2,FALSE) -> 20 | K19: =VLOOKUP(Table9[[#This Row],[Donor Name]],$A$6:$E$72,3,FALSE) -> 0 | L19: =VLOOKUP(Table9[[#This Row],[Donor Name]],$A$6:$E$72,4,FALSE) -> 0 | M19: =VLOOKUP(Table9[[#This Row],[Donor Name]],$A$6:$E$72,5,FALSE) -> 0 | N19: =22-SUM(J19:M19) -> 2 | O19: =VLOOKUP(Table9[[#This Row],[Donor Name]],'Overall scores and ranking'!$A$3:$C$71, 2,FALSE) -> 68.230852 | Q19: =22-SUM(J19:N19) -> 0
A20: EC, ECHO | B20: 16 | D20: 1 | I20: UNICEF | J20: =VLOOKUP(Table9[[#This Row],[Donor Name]],$A$6:$E$72,2,FALSE) -> 19 | K20: =VLOOKUP(Table9[[#This Row],[Donor Name]],$A$6:$E$72,3,FALSE) -> 1 | L20: =VLOOKUP(Table9[[#This Row],[Donor Name]],$A$6:$E$72,4,FALSE) -> 0 | M20: =VLOOKUP(Table9[[#This Row],[Donor Name]],$A$6:$E$72,5,FALSE) -> 0 | N20: =22-SUM(J20:M20) -> 2 | O20: =VLOOKUP(Table9[[#This Row],[Donor Name]],'Overall scores and ranking'!$A$3:$C$71, 2,FALSE) -> 64.648943 | Q20: =22-SUM(J20:N20) -> 0
A21: EC, ELARG | B21: 17 | I21: EC, ELARG | J21: =VLOOKUP(Table9[[#This Row],[Donor Name]],$A$6:$E$72,2,FALSE) -> 17 | K21: =VLOOKUP(Table9[[#This Row],[Donor Name]],$A$6:$E$72,3,FALSE) -> 0 | L21: =VLOOKUP(Table9[[#This Row],[Donor Name]],$A$6:$E$72,4,FALSE) -> 0 | M21: =VLOOKUP(Table9[[#This Row],[Donor Name]],$A$6:$E$72,5,FALSE) -> 0 | N21: =22-SUM(J21:M21) -> 5 | O21: =VLOOKUP(Table9[[#This Row],[Donor Name]],'Overall scores and ranking'!$A$3:$C$71, 2,FALSE) -> 61.767921 | Q21: =22-SUM(J21:N21) -> 0
A22: EC, FPI | B22: 20 | I22: EC, ECHO | J22: =VLOOKUP(Table9[[#This Row],[Donor Name]],$A$6:$E$72,2,FALSE) -> 16 | K22: =VLOOKUP(Table9[[#This Row],[Donor Name]],$A$6:$E$72,3,FALSE) -> 0 | L22: =VLOOKUP(Table9[[#This Row],[Donor Name]],$A$6:$E$72,4,FALSE) -> 1 | M22: =VLOOKUP(Table9[[#This Row],[Donor Name]],$A$6:$E$72,5,FALSE) -> 0 | N22: =22-SUM(J22:M22) -> 5 | O22: =VLOOKUP(Table9[[#This Row],[Donor Name]],'Overall scores and ranking'!$A$3:$C$71, 2,FALSE) -> 59.913797 | Q22: =22-SUM(J22:N22) -> 0
A23: EIB | C23: 4 | D23: 6 | E23: 2 | I23: Germany, BMZ-GIZ | J23: =VLOOKUP(Table9[[#This Row],[Donor Name]],$A$6:$E$72,2,FALSE) -> 14 | K23: =VLOOKUP(Table9[[#This Row],[Donor Name]],$A$6:$E$72,3,FALSE) -> 3 | L23: =VLOOKUP(Table9[[#This Row],[Donor Name]],$A$6:$E$72,4,FALSE) -> 0 | M23: =VLOOKUP(Table9[[#This Row],[Donor Name]],$A$6:$E$72,5,FALSE) -> 1 | N23: =22-SUM(J23:M23) -> 4 | O23: =VLOOKUP(Table9[[#This Row],[Donor Name]],'Overall scores and ranking'!$A$3:$C$71, 2,FALSE) -> 53.922389 | Q23: =22-SUM(J23:N23) -> 0
A24: Estonia, MFA | C24: 11 | D24: 3 | E24: 1 | I24: Netherlands, MFA | J24: =VLOOKUP(Table9[[#This Row],[Donor Name]],$A$6:$E$72,2,FALSE) -> 19 | K24: =VLOOKUP(Table9[[#This Row],[Donor Name]],$A$6:$E$72,3,FALSE) -> 0 | L24: =VLOOKUP(Table9[[#This Row],[Donor Name]],$A$6:$E$72,4,FALSE) -> 1 | M24: =VLOOKUP(Table9[[#This Row],[Donor Name]],$A$6:$E$72,5,FALSE) -> 0 | N24: =22-SUM(J24:M24) -> 2 | O24: =VLOOKUP(Table9[[#This Row],[Donor Name]],'Overall scores and ranking'!$A$3:$C$71, 2,FALSE) -> 53.764272 | Q24: =22-SUM(J24:N24) -> 0
A25: Finland, MFA | B25: 14 | C25: 1 | D25: 2 | I25: Switzerland, SDC | J25: =VLOOKUP(Table9[[#This Row],[Donor Name]],$A$6:$E$72,2,FALSE) -> 17 | K25: =VLOOKUP(Table9[[#This Row],[Donor Name]],$A$6:$E$72,3,FALSE) -> 0 | L25: =VLOOKUP(Table9[[#This Row],[Donor Name]],$A$6:$E$72,4,FALSE) -> 1 | M25: =VLOOKUP(Table9[[#This Row],[Donor Name]],$A$6:$E$72,5,FALSE) -> 0 | N25: =22-SUM(J25:M25) -> 4 | O25: =VLOOKUP(Table9[[#This Row],[Donor Name]],'Overall scores and ranking'!$A$3:$C$71, 2,FALSE) -> 53.780289 | Q25: =22-SUM(J25:N25) -> 0
A26: France, AFD | D26: 9 | E26: 3 | I26: Spain, MAEC | J26: =VLOOKUP(Table9[[#This Row],[Donor Name]],$A$6:$E$72,2,FALSE) -> 17 | K26: =VLOOKUP(Table9[[#This Row],[Donor Name]],$A$6:$E$72,3,FALSE) -> 0 | L26: =VLOOKUP(Table9[[#This Row],[Donor Name]],$A$6:$E$72,4,FALSE) -> 0 | M26: =VLOOKUP(Table9[[#This Row],[Donor Name]],$A$6:$E$72,5,FALSE) -> 0 | N26: =22-SUM(J26:M26) -> 5 | O26: =VLOOKUP(Table9[[#This Row],[Donor Name]],'Overall scores and ranking'!$A$3:$C$71, 2,FALSE) -> 50.598213 | Q26: =22-SUM(J26:N26) -> 0
A27: France, MAEDI | B27: 16 | E27: 1 | I27: Germany, BMZ-KFW | J27: =VLOOKUP(Table9[[#This Row],[Donor Name]],$A$6:$E$72,2,FALSE) -> 14 | K27: =VLOOKUP(Table9[[#This Row],[Donor Name]],$A$6:$E$72,3,FALSE) -> 2 | L27: =VLOOKUP(Table9[[#This Row],[Donor Name]],$A$6:$E$72,4,FALSE) -> 0 | M27: =VLOOKUP(Table9[[#This Row],[Donor Name]],$A$6:$E$72,5,FALSE) -> 2 | N27: =22-SUM(J27:M27) -> 4 | O27: =VLOOKUP(Table9[[#This Row],[Donor Name]],'Overall scores and ranking'!$A$3:$C$71, 2,FALSE) -> 50.82419 | Q27: =22-SUM(J27:N27) -> 0
A28: France, MINEFI | E28: 1 | I28: Denmark, MFA | J28: =VLOOKUP(Table9[[#This Row],[Donor Name]],$A$6:$E$72,2,FALSE) -> 17 | K28: =VLOOKUP(Table9[[#This Row],[Donor Name]],$A$6:$E$72,3,FALSE) -> 1 | L28: =VLOOKUP(Table9[[#This Row],[Donor Name]],$A$6:$E$72,4,FALSE) -> 0 | M28: =VLOOKUP(Table9[[#This Row],[Donor Name]],$A$6:$E$72,5,FALSE) -> 1 | N28: =22-SUM(J28:M28) -> 3 | O28: =VLOOKUP(Table9[[#This Row],[Donor Name]],'Overall scores and ranking'!$A$3:$C$71, 2,FALSE) -> 49.639004 | Q28: =22-SUM(J28:N28) -> 0
A29: Gates Foundation | B29: 17 | C29: 1 | I29: Japan, JICA | J29: =VLOOKUP(Table9[[#This Row],[Donor Name]],$A$6:$E$72,2,FALSE) -> 7 | K29: =VLOOKUP(Table9[[#This Row],[Donor Name]],$A$6:$E$72,3,FALSE) -> 0 | L29: =VLOOKUP(Table9[[#This Row],[Donor Name]],$A$6:$E$72,4,FALSE) -> 7 | M29: =VLOOKUP(Table9[[#This Row],[Donor Name]],$A$6:$E$72,5,FALSE) -> 0 | N29: =22-SUM(J29:M29) -> 8 | O29: =VLOOKUP(Table9[[#This Row],[Donor Name]],'Overall scores and ranking'!$A$3:$C$71, 2,FALSE) -> 37.214129 | Q29: =22-SUM(J29:N29) -> 0
A30: GAVI | B30: 22 | I30: Gates Foundation | J30: =VLOOKUP(Table9[[#This Row],[Donor Name]],$A$6:$E$72,2,FALSE) -> 17 | K30: =VLOOKUP(Table9[[#This Row],[Donor Name]],$A$6:$E$72,3,FALSE) -> 1 | L30: =VLOOKUP(Table9[[#This Row],[Donor Name]],$A$6:$E$72,4,FALSE) -> 0 | M30: =VLOOKUP(Table9[[#This Row],[Donor Name]],$A$6:$E$72,5,FALSE) -> 0 | N30: =22-SUM(J30:M30) -> 4 | O30: =VLOOKUP(Table9[[#This Row],[Donor Name]],'Overall scores and ranking'!$A$3:$C$71, 2,FALSE) -> 46.551687 | Q30: =22-SUM(J30:N30) -> 0
A31: Germany, AA | D31: 1 | E31: 1 | I31: Finland, MFA | J31: =VLOOKUP(Table9[[#This Row],[Donor Name]],$A$6:$E$72,2,FALSE) -> 14 | K31: =VLOOKUP(Table9[[#This Row],[Donor Name]],$A$6:$E$72,3,FALSE) -> 1 | L31: =VLOOKUP(Table9[[#This Row],[Donor Name]],$A$6:$E$72,4,FALSE) -> 2 | M31: =VLOOKUP(Table9[[#This Row],[Donor Name]],$A$6:$E$72,5,FALSE) -> 0 | N31: =22-SUM(J31:M31) -> 5 | O31: =VLOOKUP(Table9[[#This Row],[Donor Name]],'Overall scores and ranking'!$A$3:$C$71, 2,FALSE) -> 46.27284 | Q31: =22-SUM(J31:N31) -> 0
A32: Germany, BMZ-GIZ | B32: 14 | C32: 3 | E32: 1 | I32: Australia, DFAT | J32: =VLOOKUP(Table9[[#This Row],[Donor Name]],$A$6:$E$72,2,FALSE) -> 13 | K32: =VLOOKUP(Table9[[#This Row],[Donor Name]],$A$6:$E$72,3,FALSE) -> 0 | L32: =VLOOKUP(Table9[[#This Row],[Donor Name]],$A$6:$E$72,4,FALSE) -> 2 | M32: =VLOOKUP(Table9[[#This Row],[Donor Name]],$A$6:$E$72,5,FALSE) -> 0 | N32: =22-SUM(J32:M32) -> 7 | O32: =VLOOKUP(Table9[[#This Row],[Donor Name]],'Overall scores and ranking'!$A$3:$C$71, 2,FALSE) -> 45.91219 | Q32: =22-SUM(J32:N32) -> 0
A33: Germany, BMZ-KFW | B33: 14 | C33: 2 | E33: 2 | I33: New Zealand, MFAT | J33: =VLOOKUP(Table9[[#This Row],[Donor Name]],$A$6:$E$72,2,FALSE) -> 13 | K33: =VLOOKUP(Table9[[#This Row],[Donor Name]],$A$6:$E$72,3,FALSE) -> 1 | L33: =VLOOKUP(Table9[[#This Row],[Donor Name]],$A$6:$E$72,4,FALSE) -> 3 | M33: =VLOOKUP(Table9[[#This Row],[Donor Name]],$A$6:$E$72,5,FALSE) -> 1 | N33: =22-SUM(J33:M33) -> 4 | O33: =VLOOKUP(Table9[[#This Row],[Donor Name]],'Overall scores and ranking'!$A$3:$C$71, 2,FALSE) -> 45.121547 | Q33: =22-SUM(J33:N33) -> 0
A34: Global Fund | B34: 17 | C34: 2 | E34: 1 | I34: France, MAEDI | J34: =VLOOKUP(Table9[[#This Row],[Donor Name]],$A$6:$E$72,2,FALSE) -> 16 | K34: =VLOOKUP(Table9[[#This Row],[Donor Name]],$A$6:$E$72,3,FALSE) -> 0 | L34: =VLOOKUP(Table9[[#This Row],[Donor Name]],$A$6:$E$72,4,FALSE) -> 0 | M34: =VLOOKUP(Table9[[#This Row],[Donor Name]],$A$6:$E$72,5,FALSE) -> 1 | N34: =22-SUM(J34:M34) -> 5 | O34: =VLOOKUP(Table9[[#This Row],[Donor Name]],'Overall scores and ranking'!$A$3:$C$71, 2,FALSE) -> 42.402737 | Q34: =22-SUM(J34:N34) -> 0
A35: IADB | B35: 17 | C35: 1 | E35: 1 | I35: Ireland, IrishAid | J35: =VLOOKUP(Table9[[#This Row],[Donor Name]],$A$6:$E$72,2,FALSE) -> 16 | K35: =VLOOKUP(Table9[[#This Row],[Donor Name]],$A$6:$E$72,3,FALSE) -> 0 | L35: =VLOOKUP(Table9[[#This Row],[Donor Name]],$A$6:$E$72,4,FALSE) -> 1 | M35: =VLOOKUP(Table9[[#This Row],[Donor Name]],$A$6:$E$72,5,FALSE) -> 0 | N35: =22-SUM(J35:M35) -> 5 | O35: =VLOOKUP(Table9[[#This Row],[Donor Name]],'Overall scores and ranking'!$A$3:$C$71, 2,FALSE) -> 42.46807 | Q35: =22-SUM(J35:N35) -> 0
A36: IMF | C36: 7 | D36: 2 | E36: 7 | I36: UN OCHA | J36: =VLOOKUP(Table9[[#This Row],[Donor Name]],$A$6:$E$72,2,FALSE) -> 10 | K36: =VLOOKUP(Table9[[#This Row],[Donor Name]],$A$6:$E$72,3,FALSE) -> 1 | L36: =VLOOKUP(Table9[[#This Row],[Donor Name]],$A$6:$E$72,4,FALSE) -> 3 | M36: =VLOOKUP(Table9[[#This Row],[Donor Name]],$A$6:$E$72,5,FALSE) -> 1 | N36: =22-SUM(J36:M36) -> 7 | O36: =VLOOKUP(Table9[[#This Row],[Donor Name]],'Overall scores and ranking'!$A$3:$C$71, 2,FALSE) -> 41.297012 | Q36: =22-SUM(J36:N36) -> 0
A37: Ireland, IrishAid | B37: 16 | D37: 1 | I37: U.S., PEPFAR | J37: =VLOOKUP(Table9[[#This Row],[Donor Name]],$A$6:$E$72,2,FALSE) -> 15 | K37: =VLOOKUP(Table9[[#This Row],[Donor Name]],$A$6:$E$72,3,FALSE) -> 0 | L37: =VLOOKUP(Table9[[#This Row],[Donor Name]],$A$6:$E$72,4,FALSE) -> 0 | M37: =VLOOKUP(Table9[[#This Row],[Donor Name]],$A$6:$E$72,5,FALSE) -> 2 | N37: =22-SUM(J37:M37) -> 5 | O37: =VLOOKUP(Table9[[#This Row],[Donor Name]],'Overall scores and ranking'!$A$3:$C$71, 2,FALSE) -> 40.666519 | Q37: =22-SUM(J37:N37) -> 0
A38: Italy, MAE | D38: 8 | I38: U.S., USAID | J38: =VLOOKUP(Table9[[#This Row],[Donor Name]],$A$6:$E$72,2,FALSE) -> 11 | K38: =VLOOKUP(Table9[[#This Row],[Donor Name]],$A$6:$E$72,3,FALSE) -> 3 | L38: =VLOOKUP(Table9[[#This Row],[Donor Name]],$A$6:$E$72,4,FALSE) -> 1 | M38: =VLOOKUP(Table9[[#This Row],[Donor Name]],$A$6:$E$72,5,FALSE) -> 1 | N38: =22-SUM(J38:M38) -> 6 | O38: =VLOOKUP(Table9[[#This Row],[Donor Name]],'Overall scores and ranking'!$A$3:$C$71, 2,FALSE) -> 40.312334 | Q38: =22-SUM(J38:N38) -> 0
A39: Japan, JICA | B39: 7 | D39: 7 | I39: U.S., State | J39: =VLOOKUP(Table9[[#This Row],[Donor Name]],$A$6:$E$72,2,FALSE) -> 11 | K39: =VLOOKUP(Table9[[#This Row],[Donor Name]],$A$6:$E$72,3,FALSE) -> 2 | L39: =VLOOKUP(Table9[[#This Row],[Donor Name]],$A$6:$E$72,4,FALSE) -> 0 | M39: =VLOOKUP(Table9[[#This Row],[Donor Name]],$A$6:$E$72,5,FALSE) -> 1 | N39: =22-SUM(J39:M39) -> 8 | O39: =VLOOKUP(Table9[[#This Row],[Donor Name]],'Overall scores and ranking'!$A$3:$C$71, 2,FALSE) -> 38.802452 | Q39: =22-SUM(J39:N39) -> 0
A40: Japan, MOFA | D40: 6 | E40: 1 | I40: Korea, KOICA | J40: =VLOOKUP(Table9[[#This Row],[Donor Name]],$A$6:$E$72,2,FALSE) -> 0 | K40: =VLOOKUP(Table9[[#This Row],[Donor Name]],$A$6:$E$72,3,FALSE) -> 11 | L40: =VLOOKUP(Table9[[#This Row],[Donor Name]],$A$6:$E$72,4,FALSE) -> 5 | M40: =VLOOKUP(Table9[[#This Row],[Donor Name]],$A$6:$E$72,5,FALSE) -> 0 | N40: =22-SUM(J40:M40) -> 6 | O40: =VLOOKUP(Table9[[#This Row],[Donor Name]],'Overall scores and ranking'!$A$3:$C$71, 2,FALSE) -> 36.894751 | Q40: =22-SUM(J40:N40) -> 0
A41: Korea, KOICA | C41: 11 | D41: 5 | I41: UK, FCO | J41: =VLOOKUP(Table9[[#This Row],[Donor Name]],$A$6:$E$72,2,FALSE) -> 11 | K41: =VLOOKUP(Table9[[#This Row],[Donor Name]],$A$6:$E$72,3,FALSE) -> 3 | L41: =VLOOKUP(Table9[[#This Row],[Donor Name]],$A$6:$E$72,4,FALSE) -> 0 | M41: =VLOOKUP(Table9[[#This Row],[Donor Name]],$A$6:$E$72,5,FALSE) -> 1 | N41: =22-SUM(J41:M41) -> 7 | O41: =VLOOKUP(Table9[[#This Row],[Donor Name]],'Overall scores and ranking'!$A$3:$C$71, 2,FALSE) -> 35.797104 | Q41: =22-SUM(J41:N41) -> 0
A42: Latvia, MFA | C42: 8 | D42: 2 | E42: 3 | I42: U.S., Treasury | J42: =VLOOKUP(Table9[[#This Row],[Donor Name]],$A$6:$E$72,2,FALSE) -> 1 | K42: =VLOOKUP(Table9[[#This Row],[Donor Name]],$A$6:$E$72,3,FALSE) -> 15 | L42: =VLOOKUP(Table9[[#This Row],[Donor Name]],$A$6:$E$72,4,FALSE) -> 0 | M42: =VLOOKUP(Table9[[#This Row],[Donor Name]],$A$6:$E$72,5,FALSE) -> 1 | N42: =22-SUM(J42:M42) -> 5 | O42: =VLOOKUP(Table9[[#This Row],[Donor Name]],'Overall scores and ranking'!$A$3:$C$71, 2,FALSE) -> 34.828499 | Q42: =22-SUM(J42:N42) -> 0
A43: Lithuania, MFA | D43: 1 | I43: IMF | J43: =VLOOKUP(Table9[[#This Row],[Donor Name]],$A$6:$E$72,2,FALSE) -> 0 | K43: =VLOOKUP(Table9[[#This Row],[Donor Name]],$A$6:$E$72,3,FALSE) -> 7 | L43: =VLOOKUP(Table9[[#This Row],[Donor Name]],$A$6:$E$72,4,FALSE) -> 2 | M43: =VLOOKUP(Table9[[#This Row],[Donor Name]],$A$6:$E$72,5,FALSE) -> 7 | N43: =22-SUM(J43:M43) -> 6 | O43: =VLOOKUP(Table9[[#This Row],[Donor Name]],'Overall scores and ranking'!$A$3:$C$71, 2,FALSE) -> 31.595882 | Q43: =22-SUM(J43:N43) -> 0
A44: Luxembourg, MFA | C44: 1 | D44: 9 | I44: U.S., Defense | J44: =VLOOKUP(Table9[[#This Row],[Donor Name]],$A$6:$E$72,2,FALSE) -> 9 | K44: =VLOOKUP(Table9[[#This Row],[Donor Name]],$A$6:$E$72,3,FALSE) -> 0 | L44: =VLOOKUP(Table9[[#This Row],[Donor Name]],$A$6:$E$72,4,FALSE) -> 0 | M44: =VLOOKUP(Table9[[#This Row],[Donor Name]],$A$6:$E$72,5,FALSE) -> 1 | N44: =22-SUM(J44:M44) -> 12 | O44: =VLOOKUP(Table9[[#This Row],[Donor Name]],'Overall scores and ranking'!$A$3:$C$71, 2,FALSE) -> 30.75631 | Q44: =22-SUM(J44:N44) -> 0
A45: Malta, MFA | E45: 2 | I45: World Bank, IFC | J45: =VLOOKUP(Table9[[#This Row],[Donor Name]],$A$6:$E$72,2,FALSE) -> 0 | K45: =VLOOKUP(Table9[[#This Row],[Donor Name]],$A$6:$E$72,3,FALSE) -> 9 | L45: =VLOOKUP(Table9[[#This Row],[Donor Name]],$A$6:$E$72,4,FALSE) -> 2 | M45: =VLOOKUP(Table9[[#This Row],[Donor Name]],$A$6:$E$72,5,FALSE) -> 2 | N45: =22-SUM(J45:M45) -> 9 | O45: =VLOOKUP(Table9[[#This Row],[Donor Name]],'Overall scores and ranking'!$A$3:$C$71, 2,FALSE) -> 30.61791 | Q45: =22-SUM(J45:N45) -> 0
A46: Netherlands, MFA | B46: 19 | D46: 1 | I46: Czech Republic, CzDA | J46: =VLOOKUP(Table9[[#This Row],[Donor Name]],$A$6:$E$72,2,FALSE) -> 0 | K46: =VLOOKUP(Table9[[#This Row],[Donor Name]],$A$6:$E$72,3,FALSE) -> 8 | L46: =VLOOKUP(Table9[[#This Row],[Donor Name]],$A$6:$E$72,4,FALSE) -> 5 | M46: =VLOOKUP(Table9[[#This Row],[Donor Name]],$A$6:$E$72,5,FALSE) -> 1 | N46: =22-SUM(J46:M46) -> 8 | O46: =VLOOKUP(Table9[[#This Row],[Donor Name]],'Overall scores and ranking'!$A$3:$C$71, 2,FALSE) -> 29.48981 | Q46: =22-SUM(J46:N46) -> 0
A47: New Zealand, MFAT | B47: 13 | C47: 1 | D47: 3 | E47: 1 | I47: Estonia, MFA | J47: =VLOOKUP(Table9[[#This Row],[Donor Name]],$A$6:$E$72,2,FALSE) -> 0 | K47: =VLOOKUP(Table9[[#This Row],[Donor Name]],$A$6:$E$72,3,FALSE) -> 11 | L47: =VLOOKUP(Table9[[#This Row],[Donor Name]],$A$6:$E$72,4,FALSE) -> 3 | M47: =VLOOKUP(Table9[[#This Row],[Donor Name]],$A$6:$E$72,5,FALSE) -> 1 | N47: =22-SUM(J47:M47) -> 7 | O47: =VLOOKUP(Table9[[#This Row],[Donor Name]],'Overall scores and ranking'!$A$3:$C$71, 2,FALSE) -> 28.23122 | Q47: =22-SUM(J47:N47) -> 0
A48: Norway, MFA | C48: 8 | D48: 2 | I48: Norway, MFA | J48: =VLOOKUP(Table9[[#This Row],[Donor Name]],$A$6:$E$72,2,FALSE) -> 0 | K48: =VLOOKUP(Table9[[#This Row],[Donor Name]],$A$6:$E$72,3,FALSE) -> 8 | L48: =VLOOKUP(Table9[[#This Row],[Donor Name]],$A$6:$E$72,4,FALSE) -> 2 | M48: =VLOOKUP(Table9[[#This Row],[Donor Name]],$A$6:$E$72,5,FALSE) -> 0 | N48: =22-SUM(J48:M48) -> 12 | O48: =VLOOKUP(Table9[[#This Row],[Donor Name]],'Overall scores and ranking'!$A$3:$C$71, 2,FALSE) -> 27.648544 | Q48: =22-SUM(J48:N48) -> 0
A49: Poland, MFA | D49: 5 | E49: 2 | I49: Portugal, CICL | J49: =VLOOKUP(Table9[[#This Row],[Donor Name]],$A$6:$E$72,2,FALSE) -> 0 | K49: =VLOOKUP(Table9[[#This Row],[Donor Name]],$A$6:$E$72,3,FALSE) -> 12 | L49: =VLOOKUP(Table9[[#This Row],[Donor Name]],$A$6:$E$72,4,FALSE) -> 4 | M49: =VLOOKUP(Table9[[#This Row],[Donor Name]],$A$6:$E$72,5,FALSE) -> 1 | N49: =22-SUM(J49:M49) -> 5 | O49: =VLOOKUP(Table9[[#This Row],[Donor Name]],'Overall scores and ranking'!$A$3:$C$71, 2,FALSE) -> 26.544537 | Q49: =22-SUM(J49:N49) -> 0
A50: Portugal, CICL | C50: 12 | D50: 4 | E50: 1 | I50: France, AFD | J50: =VLOOKUP(Table9[[#This Row],[Donor Name]],$A$6:$E$72,2,FALSE) -> 0 | K50: =VLOOKUP(Table9[[#This Row],[Donor Name]],$A$6:$E$72,3,FALSE) -> 0 | L50: =VLOOKUP(Table9[[#This Row],[Donor Name]],$A$6:$E$72,4,FALSE) -> 9 | M50: =VLOOKUP(Table9[[#This Row],[Donor Name]],$A$6:$E$72,5,FALSE) -> 3 | N50: =22-SUM(J50:M50) -> 10 | O50: =VLOOKUP(Table9[[#This Row],[Donor Name]],'Overall scores and ranking'!$A$3:$C$71, 2,FALSE) -> 24.667978 | Q50: =22-SUM(J50:N50) -> 0
A51: Romania, MFA | D51: 2 | E51: 7 | I51: EIB | J51: =VLOOKUP(Table9[[#This Row],[Donor Name]],$A$6:$E$72,2,FALSE) -> 0 | K51: =VLOOKUP(Table9[[#This Row],[Donor Name]],$A$6:$E$72,3,FALSE) -> 4 | L51: =VLOOKUP(Table9[[#This Row],[Donor Name]],$A$6:$E$72,4,FALSE) -> 6 | M51: =VLOOKUP(Table9[[#This Row],[Donor Name]],$A$6:$E$72,5,FALSE) -> 2 | N51: =22-SUM(J51:M51) -> 10 | O51: =VLOOKUP(Table9[[#This Row],[Donor Name]],'Overall scores and ranking'!$A$3:$C$71, 2,FALSE) -> 24.577409 | Q51: =22-SUM(J51:N51) -> 0
A52: Slovakia, SAIDC | D52: 10 | E52: 1 | I52: EBRD | J52: =VLOOKUP(Table9[[#This Row],[Donor Name]],$A$6:$E$72,2,FALSE) -> 0 | K52: =VLOOKUP(Table9[[#This Row],[Donor Name]],$A$6:$E$72,3,FALSE) -> 5 | L52: =VLOOKUP(Table9[[#This Row],[Donor Name]],$A$6:$E$72,4,FALSE) -> 8 | M52: =VLOOKUP(Table9[[#This Row],[Donor Name]],$A$6:$E$72,5,FALSE) -> 1 | N52: =22-SUM(J52:M52) -> 8 | O52: =VLOOKUP(Table9[[#This Row],[Donor Name]],'Overall scores and ranking'!$A$3:$C$71, 2,FALSE) -> 24.502646 | Q52: =22-SUM(J52:N52) -> 0
A53: Slovenia, MFA | D53: 12 | E53: 2 | I53: Austria, ADA | J53: =VLOOKUP(Table9[[#This Row],[Donor Name]],$A$6:$E$72,2,FALSE) -> 0 | K53: =VLOOKUP(Table9[[#This Row],[Donor Name]],$A$6:$E$72,3,FALSE) -> 1 | L53: =VLOOKUP(Table9[[#This Row],[Donor Name]],$A$6:$E$72,4,FALSE) -> 6 | M53: =VLOOKUP(Table9[[#This Row],[Donor Name]],$A$6:$E$72,5,FALSE) -> 1 | N53: =22-SUM(J53:M53) -> 14 | O53: =VLOOKUP(Table9[[#This Row],[Donor Name]],'Overall scores and ranking'!$A$3:$C$71, 2,FALSE) -> 19.072685 | Q53: =22-SUM(J53:N53) -> 0
A54: Spain, MAEC | B54: 17 | I54: Latvia, MFA | J54: =VLOOKUP(Table9[[#This Row],[Donor Name]],$A$6:$E$72,2,FALSE) -> 0 | K54: =VLOOKUP(Table9[[#This Row],[Donor Name]],$A$6:$E$72,3,FALSE) -> 8 | L54: =VLOOKUP(Table9[[#This Row],[Donor Name]],$A$6:$E$72,4,FALSE) -> 2 | M54: =VLOOKUP(Table9[[#This Row],[Donor Name]],$A$6:$E$72,5,FALSE) -> 3 | N54: =22-SUM(J54:M54) -> 9 | O54: =VLOOKUP(Table9[[#This Row],[Donor Name]],'Overall scores and ranking'!$A$3:$C$71, 2,FALSE) -> 19.032906 | Q54: =22-SUM(J54:N54) -> 0
A55: Sweden, MFA-Sida | B55: 22 | I55: Belgium, DGCD | J55: =VLOOKUP(Table9[[#This Row],[Donor Name]],$A$6:$E$72,2,FALSE) -> 0 | K55: =VLOOKUP(Table9[[#This Row],[Donor Name]],$A$6:$E$72,3,FALSE) -> 1 | L55: =VLOOKUP(Table9[[#This Row],[Donor Name]],$A$6:$E$72,4,FALSE) -> 5 | M55: =VLOOKUP(Table9[[#This Row],[Donor Name]],$A$6:$E$72,5,FALSE) -> 0 | N55: =22-SUM(J55:M55) -> 16 | O55: =VLOOKUP(Table9[[#This Row],[Donor Name]],'Overall scores and ranking'!$A$3:$C$71, 2,FALSE) -> 18.846489 | Q55: =22-SUM(J55:N55) -> 0
A56: Switzerland, SDC | B56: 17 | D56: 1 | I56: Luxembourg, MFA | J56: =VLOOKUP(Table9[[#This Row],[Donor Name]],$A$6:$E$72,2,FALSE) -> 0 | K56: =VLOOKUP(Table9[[#This Row],[Donor Name]],$A$6:$E$72,3,FALSE) -> 1 | L56: =VLOOKUP(Table9[[#This Row],[Donor Name]],$A$6:$E$72,4,FALSE) -> 9 | M56: =VLOOKUP(Table9[[#This Row],[Donor Name]],$A$6:$E$72,5,FALSE) -> 0 | N56: =22-SUM(J56:M56) -> 12 | O56: =VLOOKUP(Table9[[#This Row],[Donor Name]],'Overall scores and ranking'!$A$3:$C$71, 2,FALSE) -> 18.812664 | Q56: =22-SUM(J56:N56) -> 0
A57: U.S., Defense | B57: 9 | E57: 1 | I57: Slovakia, SAIDC | J57: =VLOOKUP(Table9[[#This Row],[Donor Name]],$A$6:$E$72,2,FALSE) -> 0 | K57: =VLOOKUP(Table9[[#This Row],[Donor Name]],$A$6:$E$72,3,FALSE) -> 0 | L57: =VLOOKUP(Table9[[#This Row],[Donor Name]],$A$6:$E$72,4,FALSE) -> 10 | M57: =VLOOKUP(Table9[[#This Row],[Donor Name]],$A$6:$E$72,5,FALSE) -> 1 | N57: =22-SUM(J57:M57) -> 11 | O57: =VLOOKUP(Table9[[#This Row],[Donor Name]],'Overall scores and ranking'!$A$3:$C$71, 2,FALSE) -> 18.250667 | Q57: =22-SUM(J57:N57) -> 0
A58: U.S., MCC | B58: 18 | C58: 4 | I58: Slovenia, MFA | J58: =VLOOKUP(Table9[[#This Row],[Donor Name]],$A$6:$E$72,2,FALSE) -> 0 | K58: =VLOOKUP(Table9[[#This Row],[Donor Name]],$A$6:$E$72,3,FALSE) -> 0 | L58: =VLOOKUP(Table9[[#This Row],[Donor Name]],$A$6:$E$72,4,FALSE) -> 12 | M58: =VLOOKUP(Table9[[#This Row],[Donor Name]],$A$6:$E$72,5,FALSE) -> 2 | N58: =22-SUM(J58:M58) -> 8 | O58: =VLOOKUP(Table9[[#This Row],[Donor Name]],'Overall scores and ranking'!$A$3:$C$71, 2,FALSE) -> 17.784163 | Q58: =22-SUM(J58:N58) -> 0
A59: U.S., PEPFAR | B59: 15 | E59: 2 | I59: Japan, MOFA | J59: =VLOOKUP(Table9[[#This Row],[Donor Name]],$A$6:$E$72,2,FALSE) -> 0 | K59: =VLOOKUP(Table9[[#This Row],[Donor Name]],$A$6:$E$72,3,FALSE) -> 0 | L59: =VLOOKUP(Table9[[#This Row],[Donor Name]],$A$6:$E$72,4,FALSE) -> 6 | M59: =VLOOKUP(Table9[[#This Row],[Donor Name]],$A$6:$E$72,5,FALSE) -> 1 | N59: =22-SUM(J59:M59) -> 15 | O59: =VLOOKUP(Table9[[#This Row],[Donor Name]],'Overall scores and ranking'!$A$3:$C$71, 2,FALSE) -> 17.012574 | Q59: =22-SUM(J59:N59) -> 0
A60: U.S., State | B60: 11 | C60: 2 | E60: 1 | I60: Italy, MAE | J60: =VLOOKUP(Table9[[#This Row],[Donor Name]],$A$6:$E$72,2,FALSE) -> 0 | K60: =VLOOKUP(Table9[[#This Row],[Donor Name]],$A$6:$E$72,3,FALSE) -> 0 | L60: =VLOOKUP(Table9[[#This Row],[Donor Name]],$A$6:$E$72,4,FALSE) -> 8 | M60: =VLOOKUP(Table9[[#This Row],[Donor Name]],$A$6:$E$72,5,FALSE) -> 0 | N60: =22-SUM(J60:M60) -> 14 | O60: =VLOOKUP(Table9[[#This Row],[Donor Name]],'Overall scores and ranking'!$A$3:$C$71, 2,FALSE) -> 15.646044 | Q60: =22-SUM(J60:N60) -> 0
A61: U.S., Treasury | B61: 1 | C61: 15 | E61: 1 | I61: Poland, MFA | J61: =VLOOKUP(Table9[[#This Row],[Donor Name]],$A$6:$E$72,2,FALSE) -> 0 | K61: =VLOOKUP(Table9[[#This Row],[Donor Name]],$A$6:$E$72,3,FALSE) -> 0 | L61: =VLOOKUP(Table9[[#This Row],[Donor Name]],$A$6:$E$72,4,FALSE) -> 5 | M61: =VLOOKUP(Table9[[#This Row],[Donor Name]],$A$6:$E$72,5,FALSE) -> 2 | N61: =22-SUM(J61:M61) -> 15 | O61: =VLOOKUP(Table9[[#This Row],[Donor Name]],'Overall scores and ranking'!$A$3:$C$71, 2,FALSE) -> 14.359406 | Q61: =22-SUM(J61:N61) -> 0
A62: U.S., USAID | B62: 11 | C62: 3 | D62: 1 | E62: 1 | I62: Croatia, MFA | J62: =VLOOKUP(Table9[[#This Row],[Donor Name]],$A$6:$E$72,2,FALSE) -> 0 | K62: =VLOOKUP(Table9[[#This Row],[Donor Name]],$A$6:$E$72,3,FALSE) -> 0 | L62: =VLOOKUP(Table9[[#This Row],[Donor Name]],$A$6:$E$72,4,FALSE) -> 1 | M62: =VLOOKUP(Table9[[#This Row],[Donor Name]],$A$6:$E$72,5,FALSE) -> 1 | N62: =22-SUM(J62:M62) -> 20 | O62: =VLOOKUP(Table9[[#This Row],[Donor Name]],'Overall scores and ranking'!$A$3:$C$71, 2,FALSE) -> 11.814868 | Q62: =22-SUM(J62:N62) -> 0
A63: UK, DFID | B63: 22 | I63: Romania, MFA | J63: =VLOOKUP(Table9[[#This Row],[Donor Name]],$A$6:$E$72,2,FALSE) -> 0 | K63: =VLOOKUP(Table9[[#This Row],[Donor Name]],$A$6:$E$72,3,FALSE) -> 0 | L63: =VLOOKUP(Table9[[#This Row],[Donor Name]],$A$6:$E$72,4,FALSE) -> 2 | M63: =VLOOKUP(Table9[[#This Row],[Donor Name]],$A$6:$E$72,5,FALSE) -> 7 | N63: =22-SUM(J63:M63) -> 13 | O63: =VLOOKUP(Table9[[#This Row],[Donor Name]],'Overall scores and ranking'!$A$3:$C$71, 2,FALSE) -> 10.551111 | Q63: =22-SUM(J63:N63) -> 0
A64: UK, FCO | B64: 11 | C64: 3 | E64: 1 | I64: Brazil, ABC | J64: =VLOOKUP(Table9[[#This Row],[Donor Name]],$A$6:$E$72,2,FALSE) -> 0 | K64: =VLOOKUP(Table9[[#This Row],[Donor Name]],$A$6:$E$72,3,FALSE) -> 0 | L64: =VLOOKUP(Table9[[#This Row],[Donor Name]],$A$6:$E$72,4,FALSE) -> 7 | M64: =VLOOKUP(Table9[[#This Row],[Donor Name]],$A$6:$E$72,5,FALSE) -> 0 | N64: =22-SUM(J64:M64) -> 15 | O64: =VLOOKUP(Table9[[#This Row],[Donor Name]],'Overall scores and ranking'!$A$3:$C$71, 2,FALSE) -> 9.64616 | Q64: =22-SUM(J64:N64) -> 0
A65: UK, MOD | E65: 1 | I65: France, MINEFI | J65: =VLOOKUP(Table9[[#This Row],[Donor Name]],$A$6:$E$72,2,FALSE) -> 0 | K65: =VLOOKUP(Table9[[#This Row],[Donor Name]],$A$6:$E$72,3,FALSE) -> 0 | L65: =VLOOKUP(Table9[[#This Row],[Donor Name]],$A$6:$E$72,4,FALSE) -> 0 | M65: =VLOOKUP(Table9[[#This Row],[Donor Name]],$A$6:$E$72,5,FALSE) -> 1 | N65: =22-SUM(J65:M65) -> 21 | O65: =VLOOKUP(Table9[[#This Row],[Donor Name]],'Overall scores and ranking'!$A$3:$C$71, 2,FALSE) -> 10.301158 | Q65: =22-SUM(J65:N65) -> 0
A66: UN OCHA | B66: 10 | C66: 1 | D66: 3 | E66: 1 | I66: UK, MOD | J66: =VLOOKUP(Table9[[#This Row],[Donor Name]],$A$6:$E$72,2,FALSE) -> 0 | K66: =VLOOKUP(Table9[[#This Row],[Donor Name]],$A$6:$E$72,3,FALSE) -> 0 | L66: =VLOOKUP(Table9[[#This Row],[Donor Name]],$A$6:$E$72,4,FALSE) -> 0 | M66: =VLOOKUP(Table9[[#This Row],[Donor Name]],$A$6:$E$72,5,FALSE) -> 1 | N66: =22-SUM(J66:M66) -> 21 | O66: =VLOOKUP(Table9[[#This Row],[Donor Name]],'Overall scores and ranking'!$A$3:$C$71, 2,FALSE) -> 9.628287 | Q66: =22-SUM(J66:N66) -> 0
A67: UNDP | B67: 22 | I67: Germany, AA | J67: =VLOOKUP(Table9[[#This Row],[Donor Name]],$A$6:$E$72,2,FALSE) -> 0 | K67: =VLOOKUP(Table9[[#This Row],[Donor Name]],$A$6:$E$72,3,FALSE) -> 0 | L67: =VLOOKUP(Table9[[#This Row],[Donor Name]],$A$6:$E$72,4,FALSE) -> 1 | M67: =VLOOKUP(Table9[[#This Row],[Donor Name]],$A$6:$E$72,5,FALSE) -> 1 | N67: =22-SUM(J67:M67) -> 20 | O67: =VLOOKUP(Table9[[#This Row],[Donor Name]],'Overall scores and ranking'!$A$3:$C$71, 2,FALSE) -> 9.1154985 | Q67: =22-SUM(J67:N67) -> 0
A68: UNICEF | B68: 19 | C68: 1 | I68: Hungary, MFA | J68: 0 | K68: 0 | L68: 0 | M68: 0 | N68: 22 | O68: =VLOOKUP(Table9[[#This Row],[Donor Name]],'Overall scores and ranking'!$A$3:$C$71, 2,FALSE) -> 8.304778 | Q68: =22-SUM(J68:N68) -> 0
A69: World Bank, IDA | B69: 20 | E69: 1 | I69: Bulgaria, MFA | J69: 0 | K69: 0 | L69: 0 | M69: 0 | N69: =22-SUM(J69:M69) -> 22 | O69: =VLOOKUP(Table9[[#This Row],[Donor Name]],'Overall scores and ranking'!$A$3:$C$71, 2,FALSE) -> 8.165 | Q69: =22-SUM(J69:N69) -> 0
A70: World Bank, IFC | C70: 9 | D70: 2 | E70: 2 | I70: Malta, MFA | J70: =VLOOKUP(Table9[[#This Row],[Donor Name]],$A$6:$E$72,2,FALSE) -> 0 | K70: =VLOOKUP(Table9[[#This Row],[Donor Name]],$A$6:$E$72,3,FALSE) -> 0 | L70: =VLOOKUP(Table9[[#This Row],[Donor Name]],$A$6:$E$72,4,FALSE) -> 0 | M70: =VLOOKUP(Table9[[#This Row],[Donor Name]],$A$6:$E$72,5,FALSE) -> 2 | N70: =22-SUM(J70:M70) -> 20 | O70: =VLOOKUP(Table9[[#This Row],[Donor Name]],'Overall scores and ranking'!$A$3:$C$71, 2,FALSE) -> 6.589716 | Q70: =22-SUM(J70:N70) -> 0
A71: Grand Total | B71: 572 | C71: 127 | D71: 150 | E71: 59 | I71: Lithuania, MFA | J71: =VLOOKUP(Table9[[#This Row],[Donor Name]],$A$6:$E$72,2,FALSE) -> 0 | K71: =VLOOKUP(Table9[[#This Row],[Donor Name]],$A$6:$E$72,3,FALSE) -> 0 | L71: =VLOOKUP(Table9[[#This Row],[Donor Name]],$A$6:$E$72,4,FALSE) -> 1 | M71: =VLOOKUP(Table9[[#This Row],[Donor Name]],$A$6:$E$72,5,FALSE) -> 0 | N71: =22-SUM(J71:M71) -> 21 | O71: =VLOOKUP(Table9[[#This Row],[Donor Name]],'Overall scores and ranking'!$A$3:$C$71, 2,FALSE) -> 6.513057 | Q71: =22-SUM(J71:N71) -> 0
I72: Cyprus, CyprusAid | J72: =VLOOKUP(Table9[[#This Row],[Donor Name]],$A$6:$E$72,2,FALSE) -> 0 | K72: =VLOOKUP(Table9[[#This Row],[Donor Name]],$A$6:$E$72,3,FALSE) -> 0 | L72: =VLOOKUP(Table9[[#This Row],[Donor Name]],$A$6:$E$72,4,FALSE) -> 5 | M72: =VLOOKUP(Table9[[#This Row],[Donor Name]],$A$6:$E$72,5,FALSE) -> 0 | N72: =22-SUM(J72:M72) -> 17 | O72: =VLOOKUP(Table9[[#This Row],[Donor Name]],'Overall scores and ranking'!$A$3:$C$71, 2,FALSE) -> 5.909659 | Q72: =22-SUM(J72:N72) -> 0
I73: Greece, HellenicAid | J73: 0 | K73: 0 | L73: 0 | M73: 0 | N73: =22-SUM(J73:M73) -> 22 | O73: =VLOOKUP(Table9[[#This Row],[Donor Name]],'Overall scores and ranking'!$A$3:$C$71, 2,FALSE) -> 4.719778 | Q73: =22-SUM(J73:N73) -> 0
I74: China, MOFCOM | J74: 0 | K74: 0 | L74: 0 | M74: 0 | N74: =22-SUM(J74:M74) -> 22 | O74: =VLOOKUP(Table9[[#This Row],[Donor Name]],'Overall scores and ranking'!$A$3:$C$71, 2,FALSE) -> 2.219778 | Q74: =22-SUM(J74:N74) -> 0
I75: SUM | J75: =SUM(J7:J74) -> 572 | K75: =SUM(K7:K74) -> 127 | L75: =SUM(L7:L74) -> 150 | M75: =SUM(M7:M74) -> 59 | N75: =SUM(N7:N74) -> 588
J76: =J75/SUM($J$75:$N$75)% -> 38.235294 | K76: =K75/SUM($J$75:$N$75)% -> 8.4893048 | L76: =L75/SUM($J$75:$N$75)% -> 10.026738 | M76: =M75/SUM($J$75:$N$75)% -> 3.9438503 | N76: =N75/SUM($J$75:$N$75)% -> 39.304813

Sheet Documents by donor
A1: Location for publishing documents
A3: indicator_total_weighted_points | B3: (Multiple Items)
A5: Count of total_points | B5: Column Labels
A6: Row Labels | B6: iati | C6: other sources | D6: Grand Total | J6: Donor Name | K6: IATI | L6: Other Sources | M6: Not Published | N6: TRUE/FALSE (if more docs in other sources compared to IATI) | O6: Check box
A7: Korea, KOICA | C7: 13 | D7: 13 | J7: GAVI | K7: =VLOOKUP(J7,$A$6:$D$72,2,FALSE) -> 9 | L7: =VLOOKUP(J7,$A$6:$D$72,3,FALSE) -> 3 | M7: =14-SUM(K7:L7) -> 2 | N7: =IF(Table11[[#This Row],[Other Sources]]>Table11[[#This Row],[IATI]], TRUE) -> FALSE | O7: =Table11[[#This Row],[IATI]]+Table11[[#This Row],[Other Sources]]+Table11[[#This Row],[Not Published]]-14 -> 0
A8: IMF | C8: 12 | D8: 12 | J8: UNDP | K8: =VLOOKUP(J8,$A$6:$D$72,2,FALSE) -> 6 | L8: =VLOOKUP(J8,$A$6:$D$72,3,FALSE) -> 0 | M8: =14-SUM(K8:L8) -> 8 | N8: =IF(Table11[[#This Row],[Other Sources]]>Table11[[#This Row],[IATI]], TRUE) -> FALSE | O8: =Table11[[#This Row],[IATI]]+Table11[[#This Row],[Other Sources]]+Table11[[#This Row],[Not Published]]-14 -> 0
A9: GAVI | B9: 9 | C9: 3 | D9: 12 | J9: UK, DFID | K9: =VLOOKUP(J9,$A$6:$D$72,2,FALSE) -> 6 | L9: =VLOOKUP(J9,$A$6:$D$72,3,FALSE) -> 0 | M9: =14-SUM(K9:L9) -> 8 | N9: =IF(Table11[[#This Row],[Other Sources]]>Table11[[#This Row],[IATI]], TRUE) -> FALSE | O9: =Table11[[#This Row],[IATI]]+Table11[[#This Row],[Other Sources]]+Table11[[#This Row],[Not Published]]-14 -> 0
A10: U.S., MCC | B10: 10 | C10: 2 | D10: 12 | J10: U.S., MCC | K10: =VLOOKUP(J10,$A$6:$D$72,2,FALSE) -> 10 | L10: =VLOOKUP(J10,$A$6:$D$72,3,FALSE) -> 2 | M10: =14-SUM(K10:L10) -> 2 | N10: =IF(Table11[[#This Row],[Other Sources]]>Table11[[#This Row],[IATI]], TRUE) -> FALSE | O10: =Table11[[#This Row],[IATI]]+Table11[[#This Row],[Other Sources]]+Table11[[#This Row],[Not Published]]-14 -> 0
A11: New Zealand, MFAT | C11: 11 | D11: 11 | J11: AsDB | K11: =VLOOKUP(J11,$A$6:$D$72,2,FALSE) -> 9 | L11: =VLOOKUP(J11,$A$6:$D$72,3,FALSE) -> 2 | M11: =14-SUM(K11:L11) -> 3 | N11: =IF(Table11[[#This Row],[Other Sources]]>Table11[[#This Row],[IATI]], TRUE) -> FALSE | O11: =Table11[[#This Row],[IATI]]+Table11[[#This Row],[Other Sources]]+Table11[[#This Row],[Not Published]]-14 -> 0
A12: Canada, DFATD | B12: 8 | C12: 3 | D12: 11 | J12: Sweden, MFA-Sida | K12: =VLOOKUP(J12,$A$6:$D$72,2,FALSE) -> 6 | L12: =VLOOKUP(J12,$A$6:$D$72,3,FALSE) -> 0 | M12: =14-SUM(K12:L12) -> 8 | N12: =IF(Table11[[#This Row],[Other Sources]]>Table11[[#This Row],[IATI]], TRUE) -> FALSE | O12: =Table11[[#This Row],[IATI]]+Table11[[#This Row],[Other Sources]]+Table11[[#This Row],[Not Published]]-14 -> 0
A13: UNICEF | B13: 2 | C13: 9 | D13: 11 | J13: World Bank, IDA | K13: =VLOOKUP(J13,$A$6:$D$72,2,FALSE) -> 8 | L13: =VLOOKUP(J13,$A$6:$D$72,3,FALSE) -> 0 | M13: =14-SUM(K13:L13) -> 6 | N13: =IF(Table11[[#This Row],[Other Sources]]>Table11[[#This Row],[IATI]], TRUE) -> FALSE | O13: =Table11[[#This Row],[IATI]]+Table11[[#This Row],[Other Sources]]+Table11[[#This Row],[Not Published]]-14 -> 0
A14: AsDB | B14: 9 | C14: 2 | D14: 11 | J14: Global Fund | K14: =VLOOKUP(J14,$A$6:$D$72,2,FALSE) -> 4 | L14: =VLOOKUP(J14,$A$6:$D$72,3,FALSE) -> 3 | M14: =14-SUM(K14:L14) -> 7 | N14: =IF(Table11[[#This Row],[Other Sources]]>Table11[[#This Row],[IATI]], TRUE) -> FALSE | O14: =Table11[[#This Row],[IATI]]+Table11[[#This Row],[Other Sources]]+Table11[[#This Row],[Not Published]]-14 -> 0
A15: UN OCHA | C15: 11 | D15: 11 | J15: AfDB | K15: =VLOOKUP(J15,$A$6:$D$72,2,FALSE) -> 6 | L15: =VLOOKUP(J15,$A$6:$D$72,3,FALSE) -> 1 | M15: =14-SUM(K15:L15) -> 7 | N15: =IF(Table11[[#This Row],[Other Sources]]>Table11[[#This Row],[IATI]], TRUE) -> FALSE | O15: =Table11[[#This Row],[IATI]]+Table11[[#This Row],[Other Sources]]+Table11[[#This Row],[Not Published]]-14 -> 0
A16: Denmark, MFA | B16: 1 | C16: 9 | D16: 10 | J16: IADB | K16: =VLOOKUP(J16,$A$6:$D$72,2,FALSE) -> 6 | L16: =VLOOKUP(J16,$A$6:$D$72,3,FALSE) -> 0 | M16: =14-SUM(K16:L16) -> 8 | N16: =IF(Table11[[#This Row],[Other Sources]]>Table11[[#This Row],[IATI]], TRUE) -> FALSE | O16: =Table11[[#This Row],[IATI]]+Table11[[#This Row],[Other Sources]]+Table11[[#This Row],[Not Published]]-14 -> 0
A17: Czech Republic, CzDA | C17: 10 | D17: 10 | J17: Canada, DFATD | K17: =VLOOKUP(J17,$A$6:$D$72,2,FALSE) -> 8 | L17: =VLOOKUP(J17,$A$6:$D$72,3,FALSE) -> 3 | M17: =14-SUM(K17:L17) -> 3 | N17: =IF(Table11[[#This Row],[Other Sources]]>Table11[[#This Row],[IATI]], TRUE) -> FALSE | O17: =Table11[[#This Row],[IATI]]+Table11[[#This Row],[Other Sources]]+Table11[[#This Row],[Not Published]]-14 -> 0
A18: Germany, BMZ-GIZ | B18: 6 | C18: 4 | D18: 10 | J18: EC, FPI | K18: =VLOOKUP(J18,$A$6:$D$72,2,FALSE) -> 6 | L18: =VLOOKUP(J18,$A$6:$D$72,3,FALSE) -> 3 | M18: =14-SUM(K18:L18) -> 5 | N18: =IF(Table11[[#This Row],[Other Sources]]>Table11[[#This Row],[IATI]], TRUE) -> FALSE | O18: =Table11[[#This Row],[IATI]]+Table11[[#This Row],[Other Sources]]+Table11[[#This Row],[Not Published]]-14 -> 0
A19: Australia, DFAT | B19: 4 | C19: 6 | D19: 10 | J19: EC, DEVCO | K19: =VLOOKUP(J19,$A$6:$D$72,2,FALSE) -> 6 | L19: =VLOOKUP(J19,$A$6:$D$72,3,FALSE) -> 3 | M19: =14-SUM(K19:L19) -> 5 | N19: =IF(Table11[[#This Row],[Other Sources]]>Table11[[#This Row],[IATI]], TRUE) -> FALSE | O19: =Table11[[#This Row],[IATI]]+Table11[[#This Row],[Other Sources]]+Table11[[#This Row],[Not Published]]-14 -> 0
A20: EC, ECHO | B20: 5 | C20: 5 | D20: 10 | J20: UNICEF | K20: =VLOOKUP(J20,$A$6:$D$72,2,FALSE) -> 2 | L20: =VLOOKUP(J20,$A$6:$D$72,3,FALSE) -> 9 | M20: =14-SUM(K20:L20) -> 3 | N20: =IF(Table11[[#This Row],[Other Sources]]>Table11[[#This Row],[IATI]], TRUE) -> TRUE | O20: =Table11[[#This Row],[IATI]]+Table11[[#This Row],[Other Sources]]+Table11[[#This Row],[Not Published]]-14 -> 0
A21: World Bank, IFC | C21: 10 | D21: 10 | J21: EC, ECHO | K21: =VLOOKUP(J21,$A$6:$D$72,2,FALSE) -> 5 | L21: =VLOOKUP(J21,$A$6:$D$72,3,FALSE) -> 5 | M21: =14-SUM(K21:L21) -> 4 | N21: =IF(Table11[[#This Row],[Other Sources]]>Table11[[#This Row],[IATI]], TRUE) -> FALSE | O21: =Table11[[#This Row],[IATI]]+Table11[[#This Row],[Other Sources]]+Table11[[#This Row],[Not Published]]-14 -> 0
A22: France, AFD | C22: 10 | D22: 10 | J22: EC, ELARG | K22: =VLOOKUP(J22,$A$6:$D$72,2,FALSE) -> 5 | L22: =VLOOKUP(J22,$A$6:$D$72,3,FALSE) -> 4 | M22: =14-SUM(K22:L22) -> 5 | N22: =IF(Table11[[#This Row],[Other Sources]]>Table11[[#This Row],[IATI]], TRUE) -> FALSE | O22: =Table11[[#This Row],[IATI]]+Table11[[#This Row],[Other Sources]]+Table11[[#This Row],[Not Published]]-14 -> 0
A23: Japan, JICA | B23: 5 | C23: 5 | D23: 10 | J23: Netherlands, MFA | K23: =VLOOKUP(J23,$A$6:$D$72,2,FALSE) -> 0 | L23: =VLOOKUP(J23,$A$6:$D$72,3,FALSE) -> 7 | M23: =14-SUM(K23:L23) -> 7 | N23: =IF(Table11[[#This Row],[Other Sources]]>Table11[[#This Row],[IATI]], TRUE) -> TRUE | O23: =Table11[[#This Row],[IATI]]+Table11[[#This Row],[Other Sources]]+Table11[[#This Row],[Not Published]]-14 -> 0
A24: U.S., Treasury | C24: 9 | D24: 9 | J24: Switzerland, SDC | K24: =VLOOKUP(J24,$A$6:$D$72,2,FALSE) -> 3 | L24: =VLOOKUP(J24,$A$6:$D$72,3,FALSE) -> 6 | M24: =14-SUM(K24:L24) -> 5 | N24: =IF(Table11[[#This Row],[Other Sources]]>Table11[[#This Row],[IATI]], TRUE) -> TRUE | O24: =Table11[[#This Row],[IATI]]+Table11[[#This Row],[Other Sources]]+Table11[[#This Row],[Not Published]]-14 -> 0
A25: Switzerland, SDC | B25: 3 | C25: 6 | D25: 9 | J25: Germany, BMZ-GIZ | K25: =VLOOKUP(J25,$A$6:$D$72,2,FALSE) -> 6 | L25: =VLOOKUP(J25,$A$6:$D$72,3,FALSE) -> 4 | M25: =14-SUM(K25:L25) -> 4 | N25: =IF(Table11[[#This Row],[Other Sources]]>Table11[[#This Row],[IATI]], TRUE) -> FALSE | O25: =Table11[[#This Row],[IATI]]+Table11[[#This Row],[Other Sources]]+Table11[[#This Row],[Not Published]]-14 -> 0
A26: EC, FPI | B26: 6 | C26: 3 | D26: 9 | J26: Spain, MAEC | K26: =VLOOKUP(J26,$A$6:$D$72,2,FALSE) -> 5 | L26: =VLOOKUP(J26,$A$6:$D$72,3,FALSE) -> 1 | M26: =14-SUM(K26:L26) -> 8 | N26: =IF(Table11[[#This Row],[Other Sources]]>Table11[[#This Row],[IATI]], TRUE) -> FALSE | O26: =Table11[[#This Row],[IATI]]+Table11[[#This Row],[Other Sources]]+Table11[[#This Row],[Not Published]]-14 -> 0
A27: Finland, MFA | C27: 9 | D27: 9 | J27: Denmark, MFA | K27: =VLOOKUP(J27,$A$6:$D$72,2,FALSE) -> 1 | L27: =VLOOKUP(J27,$A$6:$D$72,3,FALSE) -> 9 | M27: =14-SUM(K27:L27) -> 4 | N27: =IF(Table11[[#This Row],[Other Sources]]>Table11[[#This Row],[IATI]], TRUE) -> TRUE | O27: =Table11[[#This Row],[IATI]]+Table11[[#This Row],[Other Sources]]+Table11[[#This Row],[Not Published]]-14 -> 0
A28: EC, DEVCO | B28: 6 | C28: 3 | D28: 9 | J28: Germany, BMZ-KFW | K28: =VLOOKUP(J28,$A$6:$D$72,2,FALSE) -> 6 | L28: =VLOOKUP(J28,$A$6:$D$72,3,FALSE) -> 3 | M28: =14-SUM(K28:L28) -> 5 | N28: =IF(Table11[[#This Row],[Other Sources]]>Table11[[#This Row],[IATI]], TRUE) -> FALSE | O28: =Table11[[#This Row],[IATI]]+Table11[[#This Row],[Other Sources]]+Table11[[#This Row],[Not Published]]-14 -> 0
A29: Germany, BMZ-KFW | B29: 6 | C29: 3 | D29: 9 | J29: Gates Foundation | K29: =VLOOKUP(J29,$A$6:$D$72,2,FALSE) -> 5 | L29: =VLOOKUP(J29,$A$6:$D$72,3,FALSE) -> 2 | M29: =14-SUM(K29:L29) -> 7 | N29: =IF(Table11[[#This Row],[Other Sources]]>Table11[[#This Row],[IATI]], TRUE) -> FALSE | O29: =Table11[[#This Row],[IATI]]+Table11[[#This Row],[Other Sources]]+Table11[[#This Row],[Not Published]]-14 -> 0
A30: EC, ELARG | B30: 5 | C30: 4 | D30: 9 | J30: Finland, MFA | K30: =VLOOKUP(J30,$A$6:$D$72,2,FALSE) -> 0 | L30: =VLOOKUP(J30,$A$6:$D$72,3,FALSE) -> 9 | M30: =14-SUM(K30:L30) -> 5 | N30: =IF(Table11[[#This Row],[Other Sources]]>Table11[[#This Row],[IATI]], TRUE) -> TRUE | O30: =Table11[[#This Row],[IATI]]+Table11[[#This Row],[Other Sources]]+Table11[[#This Row],[Not Published]]-14 -> 0
A31: Luxembourg, MFA | C31: 9 | D31: 9 | J31: Australia, DFAT | K31: =VLOOKUP(J31,$A$6:$D$72,2,FALSE) -> 4 | L31: =VLOOKUP(J31,$A$6:$D$72,3,FALSE) -> 6 | M31: =14-SUM(K31:L31) -> 4 | N31: =IF(Table11[[#This Row],[Other Sources]]>Table11[[#This Row],[IATI]], TRUE) -> TRUE | O31: =Table11[[#This Row],[IATI]]+Table11[[#This Row],[Other Sources]]+Table11[[#This Row],[Not Published]]-14 -> 0
A32: Norway, MFA | C32: 9 | D32: 9 | J32: France, MAEDI | K32: =VLOOKUP(J32,$A$6:$D$72,2,FALSE) -> 2 | L32: =VLOOKUP(J32,$A$6:$D$72,3,FALSE) -> 5 | M32: =14-SUM(K32:L32) -> 7 | N32: =IF(Table11[[#This Row],[Other Sources]]>Table11[[#This Row],[IATI]], TRUE) -> TRUE | O32: =Table11[[#This Row],[IATI]]+Table11[[#This Row],[Other Sources]]+Table11[[#This Row],[Not Published]]-14 -> 0
A33: EBRD | C33: 9 | D33: 9 | J33: New Zealand, MFAT | K33: =VLOOKUP(J33,$A$6:$D$72,2,FALSE) -> 0 | L33: =VLOOKUP(J33,$A$6:$D$72,3,FALSE) -> 11 | M33: =14-SUM(K33:L33) -> 3 | N33: =IF(Table11[[#This Row],[Other Sources]]>Table11[[#This Row],[IATI]], TRUE) -> TRUE | O33: =Table11[[#This Row],[IATI]]+Table11[[#This Row],[Other Sources]]+Table11[[#This Row],[Not Published]]-14 -> 0
A34: U.S., State | C34: 8 | D34: 8 | J34: Ireland, IrishAid | K34: =VLOOKUP(J34,$A$6:$D$72,2,FALSE) -> 1 | L34: =VLOOKUP(J34,$A$6:$D$72,3,FALSE) -> 7 | M34: =14-SUM(K34:L34) -> 6 | N34: =IF(Table11[[#This Row],[Other Sources]]>Table11[[#This Row],[IATI]], TRUE) -> TRUE | O34: =Table11[[#This Row],[IATI]]+Table11[[#This Row],[Other Sources]]+Table11[[#This Row],[Not Published]]-14 -> 0
A35: Estonia, MFA | C35: 8 | D35: 8 | J35: U.S., PEPFAR | K35: =VLOOKUP(J35,$A$6:$D$72,2,FALSE) -> 0 | L35: =VLOOKUP(J35,$A$6:$D$72,3,FALSE) -> 7 | M35: =14-SUM(K35:L35) -> 7 | N35: =IF(Table11[[#This Row],[Other Sources]]>Table11[[#This Row],[IATI]], TRUE) -> TRUE | O35: =Table11[[#This Row],[IATI]]+Table11[[#This Row],[Other Sources]]+Table11[[#This Row],[Not Published]]-14 -> 0
A36: U.S., USAID | C36: 8 | D36: 8 | J36: U.S., USAID | K36: =VLOOKUP(J36,$A$6:$D$72,2,FALSE) -> 0 | L36: =VLOOKUP(J36,$A$6:$D$72,3,FALSE) -> 8 | M36: =14-SUM(K36:L36) -> 6 | N36: =IF(Table11[[#This Row],[Other Sources]]>Table11[[#This Row],[IATI]], TRUE) -> TRUE | O36: =Table11[[#This Row],[IATI]]+Table11[[#This Row],[Other Sources]]+Table11[[#This Row],[Not Published]]-14 -> 0
A37: Ireland, IrishAid | B37: 1 | C37: 7 | D37: 8 | J37: Japan, JICA | K37: =VLOOKUP(J37,$A$6:$D$72,2,FALSE) -> 5 | L37: =VLOOKUP(J37,$A$6:$D$72,3,FALSE) -> 5 | M37: =14-SUM(K37:L37) -> 4 | N37: =IF(Table11[[#This Row],[Other Sources]]>Table11[[#This Row],[IATI]], TRUE) -> FALSE | O37: =Table11[[#This Row],[IATI]]+Table11[[#This Row],[Other Sources]]+Table11[[#This Row],[Not Published]]-14 -> 0
A38: World Bank, IDA | B38: 8 | D38: 8 | J38: Korea, KOICA | K38: =VLOOKUP(J38,$A$6:$D$72,2,FALSE) -> 0 | L38: =VLOOKUP(J38,$A$6:$D$72,3,FALSE) -> 13 | M38: =14-SUM(K38:L38) -> 1 | N38: =IF(Table11[[#This Row],[Other Sources]]>Table11[[#This Row],[IATI]], TRUE) -> TRUE | O38: =Table11[[#This Row],[IATI]]+Table11[[#This Row],[Other Sources]]+Table11[[#This Row],[Not Published]]-14 -> 0
A39: Austria, ADA | C39: 8 | D39: 8 | J39: UK, FCO | K39: =VLOOKUP(J39,$A$6:$D$72,2,FALSE) -> 0 | L39: =VLOOKUP(J39,$A$6:$D$72,3,FALSE) -> 6 | M39: =14-SUM(K39:L39) -> 8 | N39: =IF(Table11[[#This Row],[Other Sources]]>Table11[[#This Row],[IATI]], TRUE) -> TRUE | O39: =Table11[[#This Row],[IATI]]+Table11[[#This Row],[Other Sources]]+Table11[[#This Row],[Not Published]]-14 -> 0
A40: EIB | C40: 8 | D40: 8 | J40: U.S., Defense | K40: =VLOOKUP(J40,$A$6:$D$72,2,FALSE) -> 0 | L40: =VLOOKUP(J40,$A$6:$D$72,3,FALSE) -> 7 | M40: =14-SUM(K40:L40) -> 7 | N40: =IF(Table11[[#This Row],[Other Sources]]>Table11[[#This Row],[IATI]], TRUE) -> TRUE | O40: =Table11[[#This Row],[IATI]]+Table11[[#This Row],[Other Sources]]+Table11[[#This Row],[Not Published]]-14 -> 0
A41: Italy, MAE | C41: 7 | D41: 7 | J41: U.S., Treasury | K41: =VLOOKUP(J41,$A$6:$D$72,2,FALSE) -> 0 | L41: =VLOOKUP(J41,$A$6:$D$72,3,FALSE) -> 9 | M41: =14-SUM(K41:L41) -> 5 | N41: =IF(Table11[[#This Row],[Other Sources]]>Table11[[#This Row],[IATI]], TRUE) -> TRUE | O41: =Table11[[#This Row],[IATI]]+Table11[[#This Row],[Other Sources]]+Table11[[#This Row],[Not Published]]-14 -> 0
A42: Netherlands, MFA | C42: 7 | D42: 7 | J42: IMF | K42: =VLOOKUP(J42,$A$6:$D$72,2,FALSE) -> 0 | L42: =VLOOKUP(J42,$A$6:$D$72,3,FALSE) -> 12 | M42: =14-SUM(K42:L42) -> 2 | N42: =IF(Table11[[#This Row],[Other Sources]]>Table11[[#This Row],[IATI]], TRUE) -> TRUE | O42: =Table11[[#This Row],[IATI]]+Table11[[#This Row],[Other Sources]]+Table11[[#This Row],[Not Published]]-14 -> 0
A43: Japan, MOFA | C43: 7 | D43: 7 | J43: World Bank, IFC | K43: =VLOOKUP(J43,$A$6:$D$72,2,FALSE) -> 0 | L43: =VLOOKUP(J43,$A$6:$D$72,3,FALSE) -> 10 | M43: =14-SUM(K43:L43) -> 4 | N43: =IF(Table11[[#This Row],[Other Sources]]>Table11[[#This Row],[IATI]], TRUE) -> TRUE | O43: =Table11[[#This Row],[IATI]]+Table11[[#This Row],[Other Sources]]+Table11[[#This Row],[Not Published]]-14 -> 0
A44: Global Fund | B44: 4 | C44: 3 | D44: 7 | J44: UN OCHA | K44: =VLOOKUP(J44,$A$6:$D$72,2,FALSE) -> 0 | L44: =VLOOKUP(J44,$A$6:$D$72,3,FALSE) -> 11 | M44: =14-SUM(K44:L44) -> 3 | N44: =IF(Table11[[#This Row],[Other Sources]]>Table11[[#This Row],[IATI]], TRUE) -> TRUE | O44: =Table11[[#This Row],[IATI]]+Table11[[#This Row],[Other Sources]]+Table11[[#This Row],[Not Published]]-14 -> 0
A45: U.S., PEPFAR | C45: 7 | D45: 7 | J45: Czech Republic, CzDA | K45: =VLOOKUP(J45,$A$6:$D$72,2,FALSE) -> 0 | L45: =VLOOKUP(J45,$A$6:$D$72,3,FALSE) -> 10 | M45: =14-SUM(K45:L45) -> 4 | N45: =IF(Table11[[#This Row],[Other Sources]]>Table11[[#This Row],[IATI]], TRUE) -> TRUE | O45: =Table11[[#This Row],[IATI]]+Table11[[#This Row],[Other Sources]]+Table11[[#This Row],[Not Published]]-14 -> 0
A46: France, MAEDI | B46: 2 | C46: 5 | D46: 7 | J46: Norway, MFA | K46: =VLOOKUP(J46,$A$6:$D$72,2,FALSE) -> 0 | L46: =VLOOKUP(J46,$A$6:$D$72,3,FALSE) -> 9 | M46: =14-SUM(K46:L46) -> 5 | N46: =IF(Table11[[#This Row],[Other Sources]]>Table11[[#This Row],[IATI]], TRUE) -> TRUE | O46: =Table11[[#This Row],[IATI]]+Table11[[#This Row],[Other Sources]]+Table11[[#This Row],[Not Published]]-14 -> 0
A47: AfDB | B47: 6 | C47: 1 | D47: 7 | J47: Portugal, CICL | K47: =VLOOKUP(J47,$A$6:$D$72,2,FALSE) -> 0 | L47: =VLOOKUP(J47,$A$6:$D$72,3,FALSE) -> 7 | M47: =14-SUM(K47:L47) -> 7 | N47: =IF(Table11[[#This Row],[Other Sources]]>Table11[[#This Row],[IATI]], TRUE) -> TRUE | O47: =Table11[[#This Row],[IATI]]+Table11[[#This Row],[Other Sources]]+Table11[[#This Row],[Not Published]]-14 -> 0
A48: Portugal, CICL | C48: 7 | D48: 7 | J48: Estonia, MFA | K48: =VLOOKUP(J48,$A$6:$D$72,2,FALSE) -> 0 | L48: =VLOOKUP(J48,$A$6:$D$72,3,FALSE) -> 8 | M48: =14-SUM(K48:L48) -> 6 | N48: =IF(Table11[[#This Row],[Other Sources]]>Table11[[#This Row],[IATI]], TRUE) -> TRUE | O48: =Table11[[#This Row],[IATI]]+Table11[[#This Row],[Other Sources]]+Table11[[#This Row],[Not Published]]-14 -> 0
A49: Belgium, DGCD | C49: 7 | D49: 7 | J49: France, AFD | K49: =VLOOKUP(J49,$A$6:$D$72,2,FALSE) -> 0 | L49: =VLOOKUP(J49,$A$6:$D$72,3,FALSE) -> 10 | M49: =14-SUM(K49:L49) -> 4 | N49: =IF(Table11[[#This Row],[Other Sources]]>Table11[[#This Row],[IATI]], TRUE) -> TRUE | O49: =Table11[[#This Row],[IATI]]+Table11[[#This Row],[Other Sources]]+Table11[[#This Row],[Not Published]]-14 -> 0
A50: Gates Foundation | B50: 5 | C50: 2 | D50: 7 | J50: EBRD | K50: =VLOOKUP(J50,$A$6:$D$72,2,FALSE) -> 0 | L50: =VLOOKUP(J50,$A$6:$D$72,3,FALSE) -> 9 | M50: =14-SUM(K50:L50) -> 5 | N50: =IF(Table11[[#This Row],[Other Sources]]>Table11[[#This Row],[IATI]], TRUE) -> TRUE | O50: =Table11[[#This Row],[IATI]]+Table11[[#This Row],[Other Sources]]+Table11[[#This Row],[Not Published]]-14 -> 0
A51: U.S., Defense | C51: 7 | D51: 7 | J51: EIB | K51: =VLOOKUP(J51,$A$6:$D$72,2,FALSE) -> 0 | L51: =VLOOKUP(J51,$A$6:$D$72,3,FALSE) -> 8 | M51: =14-SUM(K51:L51) -> 6 | N51: =IF(Table11[[#This Row],[Other Sources]]>Table11[[#This Row],[IATI]], TRUE) -> TRUE | O51: =Table11[[#This Row],[IATI]]+Table11[[#This Row],[Other Sources]]+Table11[[#This Row],[Not Published]]-14 -> 0
A52: Poland, MFA | C52: 7 | D52: 7 | J52: Latvia, MFA | K52: =VLOOKUP(J52,$A$6:$D$72,2,FALSE) -> 0 | L52: =VLOOKUP(J52,$A$6:$D$72,3,FALSE) -> 5 | M52: =14-SUM(K52:L52) -> 9 | N52: =IF(Table11[[#This Row],[Other Sources]]>Table11[[#This Row],[IATI]], TRUE) -> TRUE | O52: =Table11[[#This Row],[IATI]]+Table11[[#This Row],[Other Sources]]+Table11[[#This Row],[Not Published]]-14 -> 0
A53: Slovakia, SAIDC | C53: 7 | D53: 7 | J53: Belgium, DGCD | K53: =VLOOKUP(J53,$A$6:$D$72,2,FALSE) -> 0 | L53: =VLOOKUP(J53,$A$6:$D$72,3,FALSE) -> 7 | M53: =14-SUM(K53:L53) -> 7 | N53: =IF(Table11[[#This Row],[Other Sources]]>Table11[[#This Row],[IATI]], TRUE) -> TRUE | O53: =Table11[[#This Row],[IATI]]+Table11[[#This Row],[Other Sources]]+Table11[[#This Row],[Not Published]]-14 -> 0
A54: UNDP | B54: 6 | D54: 6 | J54: Luxembourg, MFA | K54: =VLOOKUP(J54,$A$6:$D$72,2,FALSE) -> 0 | L54: =VLOOKUP(J54,$A$6:$D$72,3,FALSE) -> 9 | M54: =14-SUM(K54:L54) -> 5 | N54: =IF(Table11[[#This Row],[Other Sources]]>Table11[[#This Row],[IATI]], TRUE) -> TRUE | O54: =Table11[[#This Row],[IATI]]+Table11[[#This Row],[Other Sources]]+Table11[[#This Row],[Not Published]]-14 -> 0
A55: UK, DFID | B55: 6 | D55: 6 | J55: Austria, ADA | K55: =VLOOKUP(J55,$A$6:$D$72,2,FALSE) -> 0 | L55: =VLOOKUP(J55,$A$6:$D$72,3,FALSE) -> 8 | M55: =14-SUM(K55:L55) -> 6 | N55: =IF(Table11[[#This Row],[Other Sources]]>Table11[[#This Row],[IATI]], TRUE) -> TRUE | O55: =Table11[[#This Row],[IATI]]+Table11[[#This Row],[Other Sources]]+Table11[[#This Row],[Not Published]]-14 -> 0
A56: Croatia, MFA | C56: 6 | D56: 6 | J56: Slovakia, SAIDC | K56: =VLOOKUP(J56,$A$6:$D$72,2,FALSE) -> 0 | L56: =VLOOKUP(J56,$A$6:$D$72,3,FALSE) -> 7 | M56: =14-SUM(K56:L56) -> 7 | N56: =IF(Table11[[#This Row],[Other Sources]]>Table11[[#This Row],[IATI]], TRUE) -> TRUE | O56: =Table11[[#This Row],[IATI]]+Table11[[#This Row],[Other Sources]]+Table11[[#This Row],[Not Published]]-14 -> 0
A57: Spain, MAEC | B57: 5 | C57: 1 | D57: 6 | J57: Slovenia, MFA | K57: =VLOOKUP(J57,$A$6:$D$72,2,FALSE) -> 0 | L57: =VLOOKUP(J57,$A$6:$D$72,3,FALSE) -> 5 | M57: =14-SUM(K57:L57) -> 9 | N57: =IF(Table11[[#This Row],[Other Sources]]>Table11[[#This Row],[IATI]], TRUE) -> TRUE | O57: =Table11[[#This Row],[IATI]]+Table11[[#This Row],[Other Sources]]+Table11[[#This Row],[Not Published]]-14 -> 0
A58: UK, FCO | C58: 6 | D58: 6 | J58: Japan, MOFA | K58: =VLOOKUP(J58,$A$6:$D$72,2,FALSE) -> 0 | L58: =VLOOKUP(J58,$A$6:$D$72,3,FALSE) -> 7 | M58: =14-SUM(K58:L58) -> 7 | N58: =IF(Table11[[#This Row],[Other Sources]]>Table11[[#This Row],[IATI]], TRUE) -> TRUE | O58: =Table11[[#This Row],[IATI]]+Table11[[#This Row],[Other Sources]]+Table11[[#This Row],[Not Published]]-14 -> 0
A59: Sweden, MFA-Sida | B59: 6 | D59: 6 | J59: U.S., State | K59: =VLOOKUP(J59,$A$6:$D$72,2,FALSE) -> 0 | L59: =VLOOKUP(J59,$A$6:$D$72,3,FALSE) -> 8 | M59: =14-SUM(K59:L59) -> 6 | N59: =IF(Table11[[#This Row],[Other Sources]]>Table11[[#This Row],[IATI]], TRUE) -> TRUE | O59: =Table11[[#This Row],[IATI]]+Table11[[#This Row],[Other Sources]]+Table11[[#This Row],[Not Published]]-14 -> 0
A60: IADB | B60: 6 | D60: 6 | J60: Italy, MAE | K60: =VLOOKUP(J60,$A$6:$D$72,2,FALSE) -> 0 | L60: =VLOOKUP(J60,$A$6:$D$72,3,FALSE) -> 7 | M60: =14-SUM(K60:L60) -> 7 | N60: =IF(Table11[[#This Row],[Other Sources]]>Table11[[#This Row],[IATI]], TRUE) -> TRUE | O60: =Table11[[#This Row],[IATI]]+Table11[[#This Row],[Other Sources]]+Table11[[#This Row],[Not Published]]-14 -> 0
A61: France, MINEFI | C61: 6 | D61: 6 | J61: Poland, MFA | K61: =VLOOKUP(J61,$A$6:$D$72,2,FALSE) -> 0 | L61: =VLOOKUP(J61,$A$6:$D$72,3,FALSE) -> 7 | M61: =14-SUM(K61:L61) -> 7 | N61: =IF(Table11[[#This Row],[Other Sources]]>Table11[[#This Row],[IATI]], TRUE) -> TRUE | O61: =Table11[[#This Row],[IATI]]+Table11[[#This Row],[Other Sources]]+Table11[[#This Row],[Not Published]]-14 -> 0
A62: Slovenia, MFA | C62: 5 | D62: 5 | J62: Croatia, MFA | K62: =VLOOKUP(J62,$A$6:$D$72,2,FALSE) -> 0 | L62: =VLOOKUP(J62,$A$6:$D$72,3,FALSE) -> 6 | M62: =14-SUM(K62:L62) -> 8 | N62: =IF(Table11[[#This Row],[Other Sources]]>Table11[[#This Row],[IATI]], TRUE) -> TRUE | O62: =Table11[[#This Row],[IATI]]+Table11[[#This Row],[Other Sources]]+Table11[[#This Row],[Not Published]]-14 -> 0
A63: Latvia, MFA | C63: 5 | D63: 5 | J63: France, MINEFI | K63: =VLOOKUP(J63,$A$6:$D$72,2,FALSE) -> 0 | L63: =VLOOKUP(J63,$A$6:$D$72,3,FALSE) -> 6 | M63: =14-SUM(K63:L63) -> 8 | N63: =IF(Table11[[#This Row],[Other Sources]]>Table11[[#This Row],[IATI]], TRUE) -> TRUE | O63: =Table11[[#This Row],[IATI]]+Table11[[#This Row],[Other Sources]]+Table11[[#This Row],[Not Published]]-14 -> 0
A64: Hungary, MFA | C64: 5 | D64: 5 | J64: Romania, MFA | K64: =VLOOKUP(J64,$A$6:$D$72,2,FALSE) -> 0 | L64: =VLOOKUP(J64,$A$6:$D$72,3,FALSE) -> 4 | M64: =14-SUM(K64:L64) -> 10 | N64: =IF(Table11[[#This Row],[Other Sources]]>Table11[[#This Row],[IATI]], TRUE) -> TRUE | O64: =Table11[[#This Row],[IATI]]+Table11[[#This Row],[Other Sources]]+Table11[[#This Row],[Not Published]]-14 -> 0
A65: UK, MOD | C65: 4 | D65: 4 | J65: UK, MOD | K65: =VLOOKUP(J65,$A$6:$D$72,2,FALSE) -> 0 | L65: =VLOOKUP(J65,$A$6:$D$72,3,FALSE) -> 4 | M65: =14-SUM(K65:L65) -> 10 | N65: =IF(Table11[[#This Row],[Other Sources]]>Table11[[#This Row],[IATI]], TRUE) -> TRUE | O65: =Table11[[#This Row],[IATI]]+Table11[[#This Row],[Other Sources]]+Table11[[#This Row],[Not Published]]-14 -> 0
A66: Romania, MFA | C66: 4 | D66: 4 | J66: Germany, AA | K66: =VLOOKUP(J66,$A$6:$D$72,2,FALSE) -> 0 | L66: =VLOOKUP(J66,$A$6:$D$72,3,FALSE) -> 4 | M66: =14-SUM(K66:L66) -> 10 | N66: =IF(Table11[[#This Row],[Other Sources]]>Table11[[#This Row],[IATI]], TRUE) -> TRUE | O66: =Table11[[#This Row],[IATI]]+Table11[[#This Row],[Other Sources]]+Table11[[#This Row],[Not Published]]-14 -> 0
A67: Germany, AA | C67: 4 | D67: 4 | J67: Hungary, MFA | K67: =VLOOKUP(J67,$A$6:$D$72,2,FALSE) -> 0 | L67: =VLOOKUP(J67,$A$6:$D$72,3,FALSE) -> 5 | M67: =14-SUM(K67:L67) -> 9 | N67: =IF(Table11[[#This Row],[Other Sources]]>Table11[[#This Row],[IATI]], TRUE) -> TRUE | O67: =Table11[[#This Row],[IATI]]+Table11[[#This Row],[Other Sources]]+Table11[[#This Row],[Not Published]]-14 -> 0
A68: Bulgaria, MFA | C68: 4 | D68: 4 | J68: Brazil, ABC | K68: 0 | L68: 0 | M68: =14-SUM(K68:L68) -> 14 | N68: =IF(Table11[[#This Row],[Other Sources]]>Table11[[#This Row],[IATI]], TRUE) -> FALSE | O68: =Table11[[#This Row],[IATI]]+Table11[[#This Row],[Other Sources]]+Table11[[#This Row],[Not Published]]-14 -> 0
A69: Malta, MFA | C69: 3 | D69: 3 | J69: Bulgaria, MFA | K69: =VLOOKUP(J69,$A$6:$D$72,2,FALSE) -> 0 | L69: =VLOOKUP(J69,$A$6:$D$72,3,FALSE) -> 4 | M69: =14-SUM(K69:L69) -> 10 | N69: =IF(Table11[[#This Row],[Other Sources]]>Table11[[#This Row],[IATI]], TRUE) -> TRUE | O69: =Table11[[#This Row],[IATI]]+Table11[[#This Row],[Other Sources]]+Table11[[#This Row],[Not Published]]-14 -> 0
A70: Lithuania, MFA | C70: 3 | D70: 3 | J70: Lithuania, MFA | K70: =VLOOKUP(J70,$A$6:$D$72,2,FALSE) -> 0 | L70: =VLOOKUP(J70,$A$6:$D$72,3,FALSE) -> 3 | M70: =14-SUM(K70:L70) -> 11 | N70: =IF(Table11[[#This Row],[Other Sources]]>Table11[[#This Row],[IATI]], TRUE) -> TRUE | O70: =Table11[[#This Row],[IATI]]+Table11[[#This Row],[Other Sources]]+Table11[[#This Row],[Not Published]]-14 -> 0
A71: Greece, HellenicAid | C71: 2 | D71: 2 | J71: Cyprus, CyprusAid | K71: =VLOOKUP(J71,$A$6:$D$72,2,FALSE) -> 0 | L71: =VLOOKUP(J71,$A$6:$D$72,3,FALSE) -> 2 | M71: =14-SUM(K71:L71) -> 12 | N71: =IF(Table11[[#This Row],[Other Sources]]>Table11[[#This Row],[IATI]], TRUE) -> TRUE | O71: =Table11[[#This Row],[IATI]]+Table11[[#This Row],[Other Sources]]+Table11[[#This Row],[Not Published]]-14 -> 0
A72: Cyprus, CyprusAid | C72: 2 | D72: 2 | J72: Malta, MFA | K72: =VLOOKUP(J72,$A$6:$D$72,2,FALSE) -> 0 | L72: =VLOOKUP(J72,$A$6:$D$72,3,FALSE) -> 3 | M72: =14-SUM(K72:L72) -> 11 | N72: =IF(Table11[[#This Row],[Other Sources]]>Table11[[#This Row],[IATI]], TRUE) -> TRUE | O72: =Table11[[#This Row],[IATI]]+Table11[[#This Row],[Other Sources]]+Table11[[#This Row],[Not Published]]-14 -> 0
A73: Brazil, ABC | C73: 1 | D73: 1 | J73: Greece, HellenicAid | K73: =VLOOKUP(J73,$A$6:$D$72,2,FALSE) -> 0 | L73: =VLOOKUP(J73,$A$6:$D$72,3,FALSE) -> 2 | M73: =14-SUM(K73:L73) -> 12 | N73: =IF(Table11[[#This Row],[Other Sources]]>Table11[[#This Row],[IATI]], TRUE) -> TRUE | O73: =Table11[[#This Row],[IATI]]+Table11[[#This Row],[Other Sources]]+Table11[[#This Row],[Not Published]]-14 -> 0
A74: Grand Total | B74: 140 | C74: 371 | D74: 511 | J74: China, MOFCOM | K74: 0 | L74: 0 | M74: =14-SUM(K74:L74) -> 14 | N74: =IF(Table11[[#This Row],[Other Sources]]>Table11[[#This Row],[IATI]], TRUE) -> FALSE | O74: =Table11[[#This Row],[IATI]]+Table11[[#This Row],[Other Sources]]+Table11[[#This Row],[Not Published]]-14 -> 0

Sheet Weighted scores -3 categories
A1: Scores on indicator groups
A3: Sum of indicator_total_weighted_points | B3: Column Labels | J3: % score in each category
A4: Row Labels | B4: commitment | C4: organisation | D4: activity | E4: Grand Total | G4: Check box = 0 | J4: Commitment | K4: Organisation | L4: Activity | M4: Column1
A5: UNDP | B5: 8.779878 | C5: 25.001883 | D5: 56.855351 | E5: 90.637112 | G5: =E5-VLOOKUP(A5,'Overall scores and ranking'!$A$3:$C$71,2,FALSE) -> 0 | I5: UNDP | J5: =B5/10% -> 87.79878 | K5: =C5/25% -> 100.00753 | L5: =D5/65% -> 87.46977 | M5: =VLOOKUP(I5,'Overall scores and ranking'!$A$3:$D$71,4, FALSE) -> Very good
A6: UK, DFID | B6: 9.5904 | C6: 22.23 | D6: 56.51634 | E6: 88.33674 | G6: =E6-VLOOKUP(A6,'Overall scores and ranking'!$A$3:$C$71,2,FALSE) -> 0 | I6: UK, DFID | J6: =B6/10% -> 95.904 | K6: =C6/25% -> 88.92 | L6: =D6/65% -> 86.948216 | M6: =VLOOKUP(I6,'Overall scores and ranking'!$A$3:$D$71,4, FALSE) -> Very good
A7: U.S., MCC | B7: 8.047278 | C7: 23.506364 | D7: 55.340981 | E7: 86.894622 | G7: =E7-VLOOKUP(A7,'Overall scores and ranking'!$A$3:$C$71,2,FALSE) -> 0 | I7: U.S., MCC | J7: =B7/10% -> 80.47278 | K7: =C7/25% -> 94.025455 | L7: =D7/65% -> 85.13997 | M7: =VLOOKUP(I7,'Overall scores and ranking'!$A$3:$D$71,4, FALSE) -> Very good
A8: GAVI | B8: 4.373289 | C8: 25.01 | D8: 57.362433 | E8: 86.745722 | G8: =E8-VLOOKUP(A8,'Overall scores and ranking'!$A$3:$C$71,2,FALSE) -> 0 | I8: GAVI | J8: =B8/10% -> 43.73289 | K8: =C8/25% -> 100.04 | L8: =D8/65% -> 88.249897 | M8: =VLOOKUP(I8,'Overall scores and ranking'!$A$3:$D$71,4, FALSE) -> Very good
A9: AsDB | B9: 8.580078 | C9: 24.85375 | D9: 50.40901 | E9: 83.842838 | G9: =E9-VLOOKUP(A9,'Overall scores and ranking'!$A$3:$C$71,2,FALSE) -> 0 | I9: AsDB | J9: =B9/10% -> 85.80078 | K9: =C9/25% -> 99.415 | L9: =D9/65% -> 77.552323 | M9: =VLOOKUP(I9,'Overall scores and ranking'!$A$3:$D$71,4, FALSE) -> Very good
A10: Sweden, MFA-Sida | B10: 9.8235 | C10: 24.819893 | D10: 48.630617 | E10: 83.27401 | G10: =E10-VLOOKUP(A10,'Overall scores and ranking'!$A$3:$C$71,2,FALSE) -> 0 | I10: Sweden, MFA-Sida | J10: =B10/10% -> 98.235 | K10: =C10/25% -> 99.279571 | L10: =D10/65% -> 74.816334 | M10: =VLOOKUP(I10,'Overall scores and ranking'!$A$3:$D$71,4, FALSE) -> Very good
A11: World Bank, IDA | B11: 7.403589 | C11: 21.801468 | D11: 53.063905 | E11: 82.268961 | G11: =E11-VLOOKUP(A11,'Overall scores and ranking'!$A$3:$C$71,2,FALSE) -> 0 | I11: World Bank, IDA | J11: =B11/10% -> 74.03589 | K11: =C11/25% -> 87.205871 | L11: =D11/65% -> 81.636776 | M11: =VLOOKUP(I11,'Overall scores and ranking'!$A$3:$D$71,4, FALSE) -> Very good
A12: AfDB | B12: 6.459867 | C12: 24.96 | D12: 43.096162 | E12: 74.516029 | G12: =E12-VLOOKUP(A12,'Overall scores and ranking'!$A$3:$C$71,2,FALSE) -> 0 | I12: AfDB | J12: =B12/10% -> 64.59867 | K12: =C12/25% -> 99.84 | L12: =D12/65% -> 66.301787 | M12: =VLOOKUP(I12,'Overall scores and ranking'!$A$3:$D$71,4, FALSE) -> Good
A13: IADB | B13: 5.793867 | C13: 17.596644 | D13: 50.526888 | E13: 73.917398 | G13: =E13-VLOOKUP(A13,'Overall scores and ranking'!$A$3:$C$71,2,FALSE) -> 0 | I13: IADB | J13: =B13/10% -> 57.93867 | K13: =C13/25% -> 70.386574 | L13: =D13/65% -> 77.733673 | M13: =VLOOKUP(I13,'Overall scores and ranking'!$A$3:$D$71,4, FALSE) -> Good
A14: Global Fund | B14: 5.693967 | C14: 14.31 | D14: 53.294138 | E14: 73.298105 | G14: =E14-VLOOKUP(A14,'Overall scores and ranking'!$A$3:$C$71,2,FALSE) -> 0 | I14: Global Fund | J14: =B14/10% -> 56.93967 | K14: =C14/25% -> 57.24 | L14: =D14/65% -> 81.990982 | M14: =VLOOKUP(I14,'Overall scores and ranking'!$A$3:$D$71,4, FALSE) -> Good
A15: Canada, DFATD | B15: 8.679978 | C15: 24.266757 | D15: 38.724614 | E15: 71.671349 | G15: =E15-VLOOKUP(A15,'Overall scores and ranking'!$A$3:$C$71,2,FALSE) -> 0 | I15: Canada, DFATD | J15: =B15/10% -> 86.79978 | K15: =C15/25% -> 97.067027 | L15: =D15/65% -> 59.57633 | M15: =VLOOKUP(I15,'Overall scores and ranking'!$A$3:$D$71,4, FALSE) -> Good
A16: EC, FPI | B16: 9.6903 | C16: 23.286667 | D16: 36.099088 | E16: 69.076055 | G16: =E16-VLOOKUP(A16,'Overall scores and ranking'!$A$3:$C$71,2,FALSE) -> 0 | I16: EC, FPI | J16: =B16/10% -> 96.903 | K16: =C16/25% -> 93.146667 | L16: =D16/65% -> 55.537059 | M16: =VLOOKUP(I16,'Overall scores and ranking'!$A$3:$D$71,4, FALSE) -> Good
... A72: China, MOFCOM | B72: 2.219778 | C72: 0 | D72: 0 | E72: 2.219778 | G72: =E72-VLOOKUP(A72,'Overall scores and ranking'!$A$3:$C$71,2,FALSE) -> 0 | I72: China, MOFCOM | J72: =B72/10% -> 22.19778 | K72: =C72/25% -> 0 | L72: =D72/65% -> 0 | M72: =VLOOKUP(I72,'Overall scores and ranking'!$A$3:$D$71,4, FALSE) -> Very Poor
A73: Average | B73: =AVERAGE(B5:B72) -> 4.6001795 | C73: =AVERAGE(C5:C72) -> 11.91939 | D73: =AVERAGE(D5:D72) -> 22.407481 | E73: =AVERAGE(E5:E72) -> 38.92705 | I73: Average | J73: =B73/10% -> 46.001795 | K73: =C73/25% -> 47.677558 | L73: =D73/65% -> 34.473047 | M73: =VLOOKUP(I73,'Overall scores and ranking'!$A$3:$D$71,4, FALSE) -> #N/A
A74: Total Possible | B74: 10 | C74: 25 | D74: 65 | E74: 100 | I74: Total Possible | J74: =B74/10% -> 100 | K74: =C74/25% -> 100 | L74: =D74/65% -> 100 | M74: =VLOOKUP(I74,'Overall scores and ranking'!$A$3:$D$71,4, FALSE) -> #N/A

